Workbook

Sheet GDPdata
A1: Country Name | B1: Indicator Name | C1: 1960 | D1: 1961 | E1: 1962 | F1: 1963 | G1: 1964 | H1: 1965 | I1: 1966 | J1: 1967 | K1: 1968 | L1: 1969 | M1: 1970 | N1: 1971 | O1: 1972 | P1: 1973 | Q1: 1974 | R1: 1975 | S1: 1976 | T1: 1977 | U1: 1978 | V1: 1979 | W1: 1980 | X1: 1981 | Y1: 1982 | Z1: 1983 | AA1: 1984 | AB1: 1985 | AC1: 1986 | AD1: 1987 | AE1: 1988 | AF1: 1989 | AG1: 1990 | AH1: 1991 | AI1: 1992 | AJ1: 1993 | AK1: 1994 | AL1: 1995 | AM1: 1996 | AN1: 1997 | AO1: 1998 | AP1: 1999 | AQ1: 2000 | AR1: 2001 | AS1: 2002 | AT1: 2003 | AU1: 2004 | AV1: 2005 | AW1: 2006 | AX1: 2007 | AY1: 2008 | AZ1: 2009 | BA1: 2010 | BB1: 2011 | BC1: 2012 | BD1: 2013 | BE1: 2014 | BF1: 2015 | BG1: 2016 | BI1: Country Name | BJ1: Aruba | BK1: Afghanistan | BL1: Angola | BM1: Albania | BN1: Andorra | BO1: Arab World | BP1: United Arab Emirates | BQ1: Argentina | BR1: Armenia | BS1: American Samoa | BT1: Antigua and Barbuda | BU1: Australia | BV1: Austria | BW1: Azerbaijan | BX1: Burundi | BY1: Belgium | BZ1: Benin | CA1: Burkina Faso | CB1: Bangladesh | CC1: Bulgaria | CD1: Bahrain | CE1: Bahamas, The | CF1: Bosnia and Herzegovina | CG1: Belarus | CH1: Belize | CI1: Bermuda | CJ1: Bolivia | CK1: Brazil | CL1: Barbados | CM1: Brunei Darussalam | CN1: Bhutan | CO1: Botswana | CP1: Central African Republic | CQ1: Canada | CR1: Central Europe and the Baltics | CS1: Switzerland | CT1: Channel Islands | CU1: Chile | CV1: China | CW1: Cote d'Ivoire | CX1: Cameroon | CY1: Congo, Dem. Rep. | CZ1: Congo, Rep. | DA1: Colombia | DB1: Comoros | DC1: Cabo Verde | DD1: Costa Rica | DE1: Caribbean small states | DF1: Cuba | DG1: Curacao | DH1: Cayman Islands | DI1: Cyprus | DJ1: Czech Republic | DK1: Germany | DL1: Djibouti | DM1: Dominica | DN1: Denmark | DO1: Dominican Republic | DP1: Algeria | DQ1: East Asia & Pacific (excluding high income) | DR1: Early-demographic dividend | DS1: East Asia & Pacific | DT1: Europe & Central Asia (excluding high income) | DU1: Europe & Central Asia | DV1: Ecuador | DW1: Egypt, Arab Rep. | DX1: Euro area | DY1: Eritrea | DZ1: Spain | EA1: Estonia | EB1: Ethiopia | EC1: European Union | ED1: Fragile and conflict affected situations | EE1: Finland | EF1: Fiji | EG1: France | EH1: Faroe Islands | EI1: Micronesia, Fed. Sts. | EJ1: Gabon | EK1: United Kingdom | EL1: Georgia | EM1: Ghana | EN1: Gibraltar | EO1: Guinea | EP1: Gambia, The | EQ1: Guinea-Bissau | ER1: Equatorial Guinea | ES1: Greece | ET1: Grenada | EU1: Greenland | EV1: Guatemala | EW1: Guam | EX1: Guyana | EY1: High income | EZ1: Hong Kong SAR, China | FA1: Honduras | FB1: Heavily indebted poor countries (HIPC) | FC1: Croatia | FD1: Haiti | FE1: Hungary | FF1: IBRD only | FG1: IDA & IBRD total | FH1: IDA total | FI1: IDA blend | FJ1: Indonesia | FK1: IDA only | FL1: Isle of Man | FM1: India | FN1: Not classified | FO1: Ireland | FP1: Iran, Islamic Rep. | FQ1: Iraq | FR1: Iceland | FS1: Israel | FT1: Italy | FU1: Jamaica | FV1: Jordan | FW1: Japan | FX1: Kazakhstan | FY1: Kenya | FZ1: Kyrgyz Republic | GA1: Cambodia | GB1: Kiribati | GC1: St. Kitts and Nevis | GD1: Korea, Rep. | GE1: Kuwait | GF1: Latin America & Caribbean (excluding high income) | GG1: Lao PDR | GH1: Lebanon | GI1: Liberia | GJ1: Libya | GK1: St. Lucia | GL1: Latin America & Caribbean | GM1: Least developed countries: UN classification | GN1: Low income | GO1: Liechtenstein | GP1: Sri Lanka | GQ1: Lower middle income | GR1: Low & middle income | GS1: Lesotho | GT1: Late-demographic dividend | GU1: Lithuania | GV1: Luxembourg | GW1: Latvia | GX1: Macao SAR, China | GY1: St. Martin (French part) | GZ1: Morocco | HA1: Monaco | HB1: Moldova | HC1: Madagascar | HD1: Maldives | HE1: Middle East & North Africa | HF1: Mexico | HG1: Marshall Islands | HH1: Middle income | HI1: Macedonia, FYR | HJ1: Mali | HK1: Malta | HL1: Myanmar | HM1: Middle East & North Africa (excluding high income) | HN1: Montenegro | HO1: Mongolia | HP1: Northern Mariana Islands | HQ1: Mozambique | HR1: Mauritania | HS1: Mauritius | HT1: Malawi | HU1: Malaysia | HV1: North America | HW1: Namibia | HX1: New Caledonia | HY1: Niger | HZ1: Nigeria | IA1: Nicaragua | IB1: Netherlands | IC1: Norway | ID1: Nepal | IE1: Nauru | IF1: New Zealand | IG1: OECD members | IH1: Oman | II1: Other small states | IJ1: Pakistan | IK1: Panama | IL1: Peru | IM1: Philippines | IN1: Palau | IO1: Papua New Guinea | IP1: Poland | IQ1: Pre-demographic dividend | IR1: Puerto Rico | IS1: Korea, Dem. People’s Rep. | IT1: Portugal | IU1: Paraguay | IV1: West Bank and Gaza | IW1: Pacific island small states | IX1: Post-demographic dividend | IY1: French Polynesia | IZ1: Qatar | JA1: Romania | JB1: Russian Federation | JC1: Rwanda | JD1: South Asia | JE1: Saudi Arabia | JF1: Sudan | JG1: Senegal | JH1: Singapore | JI1: Solomon Islands | JJ1: Sierra Leone | JK1: El Salvador | JL1: San Marino | JM1: Somalia | JN1: Serbia | JO1: Sub-Saharan Africa (excluding high income) | JP1: South Sudan | JQ1: Sub-Saharan Africa | JR1: Small states | JS1: Sao Tome and Principe | JT1: Suriname | JU1: Slovak Republic | JV1: Slovenia | JW1: Sweden | JX1: Swaziland | JY1: Sint Maarten (Dutch part) | JZ1: Seychelles | KA1: Syrian Arab Republic | KB1: Turks and Caicos Islands | KC1: Chad | KD1: East Asia & Pacific (IDA & IBRD countries) | KE1: Europe & Central Asia (IDA & IBRD countries) | KF1: Togo | KG1: Thailand | KH1: Tajikistan | KI1: Turkmenistan | KJ1: Latin America & the Caribbean (IDA & IBRD countries) | KK1: Timor-Leste | KL1: Middle East & North Africa (IDA & IBRD countries) | KM1: Tonga | KN1: South Asia (IDA & IBRD) | KO1: Sub-Saharan Africa (IDA & IBRD countries) | KP1: Trinidad and Tobago | KQ1: Tunisia | KR1: Turkey | KS1: Tuvalu | KT1: Tanzania | KU1: Uganda | KV1: Ukraine | KW1: Upper middle income | KX1: Uruguay | KY1: United States | KZ1: Uzbekistan | LA1: St. Vincent and the Grenadines | LB1: Venezuela, RB | LC1: British Virgin Islands | LD1: Virgin Islands (U.S.) | LE1: Vietnam | LF1: Vanuatu | LG1: World | LH1: Samoa | LI1: Kosovo | LJ1: Yemen, Rep. | LK1: South Africa | LL1: Zambia | LM1: Zimbabwe
A2: Aruba | B2: GDP (current US$) | AK2: 1.3301676e+09 | AL2: 1.3206704e+09 | AM2: 1.3798883e+09 | AN2: 1.5318436e+09 | AO2: 1.6653631e+09 | AP2: 1.7227989e+09 | AQ2: 1.8734525e+09 | AR2: 1.9202626e+09 | AS2: 1.941095e+09 | AT2: 2.0213017e+09 | AU2: 2.2282793e+09 | AV2: 2.3310056e+09 | AW2: 2.4214749e+09 | AX2: 2.6237263e+09 | AY2: 2.7919609e+09 | AZ2: 2.498933e+09 | BA2: 2.4677039e+09 | BB2: 2.5844637e+09 | BI2: Indicator Name | BJ2: GDP (current US$) | BK2: GDP (current US$) | BL2: GDP (current US$) | BM2: GDP (current US$) | BN2: GDP (current US$) | BO2: GDP (current US$) | BP2: GDP (current US$) | BQ2: GDP (current US$) | BR2: GDP (current US$) | BS2: GDP (current US$) | BT2: GDP (current US$) | BU2: GDP (current US$) | BV2: GDP (current US$) | BW2: GDP (current US$) | BX2: GDP (current US$) | BY2: GDP (current US$) | BZ2: GDP (current US$) | CA2: GDP (current US$) | CB2: GDP (current US$) | CC2: GDP (current US$) | CD2: GDP (current US$) | CE2: GDP (current US$) | CF2: GDP (current US$) | CG2: GDP (current US$) | CH2: GDP (current US$) | CI2: GDP (current US$) | CJ2: GDP (current US$) | CK2: GDP (current US$) | CL2: GDP (current US$) | CM2: GDP (current US$) | CN2: GDP (current US$) | CO2: GDP (current US$) | CP2: GDP (current US$) | CQ2: GDP (current US$) | CR2: GDP (current US$) | CS2: GDP (current US$) | CT2: GDP (current US$) | CU2: GDP (current US$) | CV2: GDP (current US$) | CW2: GDP (current US$) | CX2: GDP (current US$) | CY2: GDP (current US$) | CZ2: GDP (current US$) | DA2: GDP (current US$) | DB2: GDP (current US$) | DC2: GDP (current US$) | DD2: GDP (current US$) | DE2: GDP (current US$) | DF2: GDP (current US$) | DG2: GDP (current US$) | DH2: GDP (current US$) | DI2: GDP (current US$) | DJ2: GDP (current US$) | DK2: GDP (current US$) | DL2: GDP (current US$) | DM2: GDP (current US$) | DN2: GDP (current US$) | DO2: GDP (current US$) | DP2: GDP (current US$) | DQ2: GDP (current US$) | DR2: GDP (current US$) | DS2: GDP (current US$) | DT2: GDP (current US$) | DU2: GDP (current US$) | DV2: GDP (current US$) | DW2: GDP (current US$) | DX2: GDP (current US$) | DY2: GDP (current US$) | DZ2: GDP (current US$) | EA2: GDP (current US$) | EB2: GDP (current US$) | EC2: GDP (current US$) | ED2: GDP (current US$) | EE2: GDP (current US$) | EF2: GDP (current US$) | EG2: GDP (current US$) | EH2: GDP (current US$) | EI2: GDP (current US$) | EJ2: GDP (current US$) | EK2: GDP (current US$) | EL2: GDP (current US$) | EM2: GDP (current US$) | EN2: GDP (current US$) | EO2: GDP (current US$) | EP2: GDP (current US$) | EQ2: GDP (current US$) | ER2: GDP (current US$) | ES2: GDP (current US$) | ET2: GDP (current US$) | EU2: GDP (current US$) | EV2: GDP (current US$) | EW2: GDP (current US$) | EX2: GDP (current US$) | EY2: GDP (current US$) | EZ2: GDP (current US$) | FA2: GDP (current US$) | FB2: GDP (current US$) | FC2: GDP (current US$) | FD2: GDP (current US$) | FE2: GDP (current US$) | FF2: GDP (current US$) | FG2: GDP (current US$) | FH2: GDP (current US$) | FI2: GDP (current US$) | FJ2: GDP (current US$) | FK2: GDP (current US$) | FL2: GDP (current US$) | FM2: GDP (current US$) | FN2: GDP (current US$) | FO2: GDP (current US$) | FP2: GDP (current US$) | FQ2: GDP (current US$) | FR2: GDP (current US$) | FS2: GDP (current US$) | FT2: GDP (current US$) | FU2: GDP (current US$) | FV2: GDP (current US$) | FW2: GDP (current US$) | FX2: GDP (current US$) | FY2: GDP (current US$) | FZ2: GDP (current US$) | GA2: GDP (current US$) | GB2: GDP (current US$) | GC2: GDP (current US$) | GD2: GDP (current US$) | GE2: GDP (current US$) | GF2: GDP (current US$) | GG2: GDP (current US$) | GH2: GDP (current US$) | GI2: GDP (current US$) | GJ2: GDP (current US$) | GK2: GDP (current US$) | GL2: GDP (current US$) | GM2: GDP (current US$) | GN2: GDP (current US$) | GO2: GDP (current US$) | GP2: GDP (current US$) | GQ2: GDP (current US$) | GR2: GDP (current US$) | GS2: GDP (current US$) | GT2: GDP (current US$) | GU2: GDP (current US$) | GV2: GDP (current US$) | GW2: GDP (current US$) | GX2: GDP (current US$) | GY2: GDP (current US$) | GZ2: GDP (current US$) | HA2: GDP (current US$) | HB2: GDP (current US$) | HC2: GDP (current US$) | HD2: GDP (current US$) | HE2: GDP (current US$) | HF2: GDP (current US$) | HG2: GDP (current US$) | HH2: GDP (current US$) | HI2: GDP (current US$) | HJ2: GDP (current US$) | HK2: GDP (current US$) | HL2: GDP (current US$) | HM2: GDP (current US$) | HN2: GDP (current US$) | HO2: GDP (current US$) | HP2: GDP (current US$) | HQ2: GDP (current US$) | HR2: GDP (current US$) | HS2: GDP (current US$) | HT2: GDP (current US$) | HU2: GDP (current US$) | HV2: GDP (current US$) | HW2: GDP (current US$) | HX2: GDP (current US$) | HY2: GDP (current US$) | HZ2: GDP (current US$) | IA2: GDP (current US$) | IB2: GDP (current US$) | IC2: GDP (current US$) | ID2: GDP (current US$) | IE2: GDP (current US$) | IF2: GDP (current US$) | IG2: GDP (current US$) | IH2: GDP (current US$) | II2: GDP (current US$) | IJ2: GDP (current US$) | IK2: GDP (current US$) | IL2: GDP (current US$) | IM2: GDP (current US$) | IN2: GDP (current US$) | IO2: GDP (current US$) | IP2: GDP (current US$) | IQ2: GDP (current US$) | IR2: GDP (current US$) | IS2: GDP (current US$) | IT2: GDP (current US$) | IU2: GDP (current US$) | IV2: GDP (current US$) | IW2: GDP (current US$) | IX2: GDP (current US$) | IY2: GDP (current US$) | IZ2: GDP (current US$) | JA2: GDP (current US$) | JB2: GDP (current US$) | JC2: GDP (current US$) | JD2: GDP (current US$) | JE2: GDP (current US$) | JF2: GDP (current US$) | JG2: GDP (current US$) | JH2: GDP (current US$) | JI2: GDP (current US$) | JJ2: GDP (current US$) | JK2: GDP (current US$) | JL2: GDP (current US$) | JM2: GDP (current US$) | JN2: GDP (current US$) | JO2: GDP (current US$) | JP2: GDP (current US$) | JQ2: GDP (current US$) | JR2: GDP (current US$) | JS2: GDP (current US$) | JT2: GDP (current US$) | JU2: GDP (current US$) | JV2: GDP (current US$) | JW2: GDP (current US$) | JX2: GDP (current US$) | JY2: GDP (current US$) | JZ2: GDP (current US$) | KA2: GDP (current US$) | KB2: GDP (current US$) | KC2: GDP (current US$) | KD2: GDP (current US$) | KE2: GDP (current US$) | KF2: GDP (current US$) | KG2: GDP (current US$) | KH2: GDP (current US$) | KI2: GDP (current US$) | KJ2: GDP (current US$) | KK2: GDP (current US$) | KL2: GDP (current US$) | KM2: GDP (current US$) | KN2: GDP (current US$) | KO2: GDP (current US$) | KP2: GDP (current US$) | KQ2: GDP (current US$) | KR2: GDP (current US$) | KS2: GDP (current US$) | KT2: GDP (current US$) | KU2: GDP (current US$) | KV2: GDP (current US$) | KW2: GDP (current US$) | KX2: GDP (current US$) | KY2: GDP (current US$) | KZ2: GDP (current US$) | LA2: GDP (current US$) | LB2: GDP (current US$) | LC2: GDP (current US$) | LD2: GDP (current US$) | LE2: GDP (current US$) | LF2: GDP (current US$) | LG2: GDP (current US$) | LH2: GDP (current US$) | LI2: GDP (current US$) | LJ2: GDP (current US$) | LK2: GDP (current US$) | LL2: GDP (current US$) | LM2: GDP (current US$)
A3: Afghanistan | B3: GDP (current US$) | C3: 5.3777781e+08 | D3: 5.488889e+08 | E3: 5.4666668e+08 | F3: 7.5111119e+08 | G3: 8.0000004e+08 | H3: 1.0066666e+09 | I3: 1.4e+09 | J3: 1.6733334e+09 | K3: 1.3733334e+09 | L3: 1.4088889e+09 | M3: 1.7488866e+09 | N3: 1.831109e+09 | O3: 1.5955555e+09 | P3: 1.7333333e+09 | Q3: 2.1555555e+09 | R3: 2.3666666e+09 | S3: 2.5555556e+09 | T3: 2.9533334e+09 | U3: 3.3000001e+09 | V3: 3.6979404e+09 | W3: 3.6417233e+09 | X3: 3.4787879e+09 | AR3: 2.4616659e+09 | AS3: 4.1288207e+09 | AT3: 4.5836442e+09 | AU3: 5.2854657e+09 | AV3: 6.2750736e+09 | AW3: 7.0575984e+09 | AX3: 9.8438425e+09 | AY3: 1.019053e+10 | AZ3: 1.2486944e+10 | BA3: 1.5936801e+10 | BB3: 1.7930239e+10 | BC3: 2.0536543e+10 | BD3: 2.0046334e+10 | BE3: 2.005019e+10 | BF3: 1.9702986e+10 | BG3: 1.9469022e+10 | BI3: 1960 | BK3: 5.3777781e+08 | BU3: 1.8593348e+10 | BV3: 6.5926938e+09 | BX3: 195999990 | BY3: 1.1658723e+10 | BZ3: 2.2619558e+08 | CA3: 3.3044282e+08 | CB3: 4.2748939e+09 | CE3: 1.6980392e+08 | CH3: 28071889 | CI3: 84466654 | CJ3: 5.6311005e+08 | CK3: 1.516557e+10 | CO3: 30412309 | CP3: 1.121556e+08 | CQ3: 4.1093454e+10 | CS3: 9.5227467e+09 | CU3: 4.11e+09 | CV3: 5.9716468e+10 | CW3: 5.4620356e+08 | CX3: 6.1874099e+08 | CY3: 3.3594041e+09 | CZ3: 1.3173186e+08 | DA3: 4.0409482e+09 | DD3: 5.0751383e+08 | DE3: 1.9226408e+09 | DN3: 6.2489469e+09 | DO3: 6.723997e+08 | DP3: 2.7236486e+09 | DQ3: 8.0250608e+10 | DR3: 1.5222202e+11 | DS3: 1.5340606e+11 | DU3: 4.3276369e+11 | DV3: 1.0103251e+09 | DX3: 2.4538952e+11 | DZ3: 1.2072126e+10 | EC3: 3.5893967e+11 | EE3: 5.2241022e+09 | EF3: 1.1232842e+08 | EG3: 6.2651475e+10 | EJ3: 1.4146898e+08 | EK3: 7.2328047e+10 | EM3: 1.2172301e+09 | ES3: 4.4465282e+09 | EV3: 1.0435999e+09 | EX3: 1.7021525e+08 | EY3: 1.0602439e+12 | EZ3: 1.3207967e+09 | FA3: 3.3565e+08 | FB3: 1.7566642e+10 | FF3: 2.9479254e+11 | FG3: 3.3241055e+11 | FH3: 3.8748692e+10 | FI3: 1.2528092e+10 | FK3: 2.690073e+10 | FM3: 3.6535925e+10 | FO3: 1.9393298e+09 | FP3: 4.1991344e+09 | FQ3: 1.6841215e+09 | FR3: 2.484341e+08 | FS3: 2598500000 | FT3: 4.0385288e+10 | FU3: 6.9905068e+08 | FW3: 4.4307343e+10 | FY3: 7.9126546e+08 | GA3: 6.3714287e+08 | GC3: 12366564 | GD3: 3.9578739e+09 | GF3: 7.3395468e+10 | GI3: 190495600 | GL3: 8.1335708e+10 | GP3: 1.4098739e+09 | GR3: 3.2288092e+11 | GS3: 34579308 | GT3: 1.7097985e+11 | GV3: 7.0392571e+08 | GZ3: 2.0371507e+09 | HC3: 6.7308172e+08 | HF3: 13056168000 | HH3: 3.1037964e+11 | HR3: 92609223 | HT3: 1.6296013e+08 | HU3: 1.916242e+09 | HV3: 5.8447792e+11 | HY3: 4.4952687e+08 | HZ3: 4.1960923e+09 | IA3: 2.2385467e+08 | IB3: 1.2276734e+10 | IC3: 5.1632716e+09 | ID3: 5.0833441e+08 | IF3: 5.4858548e+09 | IG3: 1.0711485e+12 | IJ3: 3.7070559e+09 | IK3: 537147100 | IL3: 2.5719081e+09 | IM3: 6.6845688e+09 | IO3: 2.3049603e+08 | IQ3: 1.0444793e+10 | IR3: 1691900000 | IT3: 3.1932004e+09 | IX3: 1.0446565e+12 | JC3: 119000024 | JD3: 4.6535882e+10 | JF3: 1.3073333e+09 | JG3: 7.9282471e+08 | JH3: 7.044623e+08 | JJ3: 3.2200947e+08 | JO3: 3.0375251e+10 | JQ3: 3.0385873e+10 | JT3: 93850000 | JW3: 1.484287e+10 | JX3: 35076158 | JZ3: 12012025 | KA3: 8.5770443e+08 | KC3: 3.1358273e+08 | KD3: 8.0087763e+10 | KF3: 1.2112807e+08 | KG3: 2.7607475e+09 | KJ3: 7.6482118e+10 | KN3: 4.6535882e+10 | KO3: 3.0385873e+10 | KP3: 5.3567013e+08 | KR3: 1.3995068e+10 | KU3: 4.2300839e+08 | KW3: 2.1719865e+11 | KX3: 1.2422892e+09 | KY3: 543300000000 | LA3: 13066558 | LB3: 8.7369394e+09 | LD3: 24200000 | LG3: 1.3665947e+12 | LK3: 7.5752485e+09 | LL3: 713000000 | LM3: 1052990400
A4: Angola | B4: GDP (current US$) | AB4: 6.684492e+09 | AC4: 6.684492e+09 | AD4: 6.684492e+09 | AE4: 6.684492e+09 | AF4: 1.0026738e+10 | AG4: 1.0026738e+10 | AH4: 1.2118611e+10 | AI4: 5.6842917e+09 | AJ4: 5.278183e+09 | AK4: 4.0593522e+09 | AL4: 5.0395525e+09 | AM4: 7.5264466e+09 | AN4: 7.6483774e+09 | AO4: 6.4450418e+09 | AP4: 6.1529229e+09 | AQ4: 9.1295948e+09 | AR4: 8.9360637e+09 | AS4: 1.2497347e+10 | AT4: 1.4188949e+10 | AU4: 1.9640849e+10 | AV4: 2.8233713e+10 | AW4: 4.1789479e+10 | AX4: 6.0448921e+10 | AY4: 8.4178033e+10 | AZ4: 7.5492385e+10 | BA4: 8.2470913e+10 | BB4: 1.0411592e+11 | BC4: 1.1539837e+11 | BD4: 1.2491206e+11 | BE4: 1.2677687e+11 | BF4: 1.0296225e+11 | BG4: 8.9633156e+10 | BI4: 1961 | BK4: 5.488889e+08 | BU4: 1.9666256e+10 | BV4: 7.3117496e+09 | BX4: 202999992 | BY4: 1.2400145e+10 | BZ4: 2.3566822e+08 | CA4: 3.5024724e+08 | CB4: 4.8175802e+09 | CE4: 1.9009804e+08 | CH4: 29964371 | CI4: 89249987 | CJ4: 6.1251891e+08 | CK4: 1.5236855e+10 | CO4: 32902337 | CP4: 1.2313458e+08 | CQ4: 4.0767969e+10 | CS4: 1.0712712e+10 | CU4: 4.6097273e+09 | CV4: 5.0056869e+10 | CW4: 6.1824564e+08 | CX4: 6.5759738e+08 | CY4: 3.0867469e+09 | CZ4: 1.5167574e+08 | DA4: 4552914000 | DD4: 4.9032518e+08 | DE4: 2.0808301e+09 | DN4: 6.9338421e+09 | DO4: 654100200 | DP4: 2.4347766e+09 | DQ4: 7.044612e+10 | DR4: 1.5317417e+11 | DS4: 1.5385191e+11 | DU4: 4.6066888e+11 | DV4: 9.7910881e+08 | DX4: 2.7010874e+11 | DZ4: 1.3834301e+10 | EC4: 3.9078954e+11 | EE4: 5.9216595e+09 | EF4: 1.1698778e+08 | EG4: 6.8346742e+10 | EJ4: 1.6763791e+08 | EK4: 7.6694361e+10 | EM4: 1.3026743e+09 | ES4: 5.0160488e+09 | EV4: 1076699900 | EX4: 1.8584845e+08 | EY4: 1.1219813e+12 | EZ4: 1.3836817e+09 | FA4: 3.562e+08 | FB4: 1.8033526e+10 | FF4: 2.8162625e+11 | FG4: 3.2198581e+11 | FH4: 4.0905486e+10 | FI4: 1.3388928e+10 | FK4: 2.8202128e+10 | FM4: 3.8709096e+10 | FO4: 2.0880123e+09 | FP4: 4.4269491e+09 | FQ4: 1.8317004e+09 | FR4: 2.5388566e+08 | FS4: 3138500000 | FT4: 4.484276e+10 | FU4: 7.4802884e+08 | FW4: 5.3508618e+10 | FY4: 7.9295947e+08 | GA4: 6.4285713e+08 | GC4: 12483229 | GD4: 2.4172378e+09 | GF4: 7.712961e+10 | GI4: 183920900 | GL4: 8.6401584e+10 | GP4: 1.4443277e+09 | GR4: 3.1123172e+11 | GS4: 35699286 | GT4: 1.5789712e+11 | GV4: 7.0414567e+08 | GZ4: 2.0256895e+09 | HC4: 6.9916194e+08 | HF4: 1.4153952e+10 | HH4: 2.9862986e+11 | HR4: 1.0772618e+08 | HT4: 1.7458014e+08 | HU4: 1.9018685e+09 | HV4: 6.0415722e+11 | HY4: 4.8578523e+08 | HZ4: 4.4672003e+09 | IA4: 2.4052472e+08 | IB4: 1.3493834e+10 | IC4: 5.6324609e+09 | ID4: 5.3195956e+08 | IF4: 5.6700642e+09 | IG4: 1.1258329e+12 | IJ4: 4.0545992e+09 | IK4: 599026300 | IL4: 2.8996548e+09 | IM4: 7.256967e+09 | IO4: 2.4483204e+08 | IQ4: 1.0792191e+10 | IR4: 1865100000 | IT4: 3.4175166e+09 | IX4: 1.104233e+12 | JC4: 1.2200002e+08 | JD4: 4.9639265e+10 | JF4: 1.4193333e+09 | JG4: 8.3649311e+08 | JH4: 7.6430811e+08 | JJ4: 3.2783468e+08 | JO4: 3.1551059e+10 | JQ4: 3.156107e+10 | JT4: 98400000 | JW4: 1.614716e+10 | JX4: 43025199 | JZ4: 11592024 | KA4: 9.4524499e+08 | KC4: 3.3397534e+08 | KD4: 7.0303171e+10 | KF4: 1.2639647e+08 | KG4: 3.0340436e+09 | KJ4: 8.1138599e+10 | KN4: 4.9639265e+10 | KO4: 3.156107e+10 | KP4: 5.8496121e+08 | KR4: 8.0222222e+09 | KU4: 4.4152411e+08 | KW4: 1.98163e+11 | KX4: 1.5473888e+09 | KY4: 563300000000 | LA4: 13999883 | LB4: 9.0581212e+09 | LD4: 25700000 | LG4: 1.42171e+12 | LK4: 7.9728405e+09 | LL4: 6.9628571e+08 | LM4: 1096646600
A5: Albania | B5: GDP (current US$) | AA5: 1.9242425e+09 | AB5: 1.9653846e+09 | AC5: 2.17375e+09 | AD5: 2156624900 | AE5: 2126000000 | AF5: 2.335125e+09 | AG5: 2.101625e+09 | AH5: 1.1391666e+09 | AI5: 7.0945258e+08 | AJ5: 1.228071e+09 | AK5: 1.9856738e+09 | AL5: 2.424499e+09 | AM5: 3.3148983e+09 | AN5: 2.3599031e+09 | AO5: 2.7071238e+09 | AP5: 3.4147609e+09 | AQ5: 3.6320439e+09 | AR5: 4.0607588e+09 | AS5: 4.4350786e+09 | AT5: 5.7469459e+09 | AU5: 7.3148652e+09 | AV5: 8.1585487e+09 | AW5: 8.9926423e+09 | AX5: 1.0701012e+10 | AY5: 1.2881353e+10 | AZ5: 1.2044213e+10 | BA5: 1.1926953e+10 | BB5: 1.2890868e+10 | BC5: 1.2319785e+10 | BD5: 1.278103e+10 | BE5: 1.3219857e+10 | BF5: 1.1390365e+10 | BG5: 1.1926892e+10 | BI5: 1962 | BK5: 5.4666668e+08 | BQ5: 2.4450605e+10 | BU5: 1.9911524e+10 | BV5: 7.7561102e+09 | BX5: 213500006 | BY5: 1.3264016e+10 | BZ5: 2.3643491e+08 | CA5: 3.7956718e+08 | CB5: 5.0814133e+09 | CE5: 2.122549e+08 | CH5: 31856923 | CI5: 94149986 | CJ5: 6.6972254e+08 | CK5: 1.9926294e+10 | CO5: 35643208 | CP5: 1.2448275e+08 | CQ5: 4.1978852e+10 | CS5: 1.1879983e+10 | CU5: 5.4162727e+09 | CV5: 4.7209359e+10 | CW5: 6.4528434e+08 | CX5: 6.993737e+08 | CY5: 3.7798414e+09 | CZ5: 1.6652124e+08 | DA5: 4.9686037e+09 | DD5: 4.7918082e+08 | DE5: 2.1956846e+09 | DN5: 7.8129681e+09 | DO5: 824100000 | DP5: 2.0014689e+09 | DQ5: 6.455386e+10 | DR5: 1.5879537e+11 | DS5: 1.5742286e+11 | DU5: 5.0363874e+11 | DV5: 9.585982e+08 | DX5: 2.9974953e+11 | DZ5: 1.6138545e+10 | EC5: 4.2690819e+11 | EE5: 6.3405809e+09 | EF5: 1.2290643e+08 | EG5: 7.6313782e+10 | EJ5: 1.8279654e+08 | EK5: 8.060194e+10 | EM5: 1.3825157e+09 | ER5: 9122751.5 | ES5: 5.3275735e+09 | EV5: 1143600000 | EX5: 1.9494838e+08 | EY5: 1.2117766e+12 | EZ5: 1.6123464e+09 | FA5: 387750000 | FB5: 1.9660723e+10 | FF5: 2.9393445e+11 | FG5: 3.3768513e+11 | FH5: 4.4123856e+10 | FI5: 1.431057e+10 | FK5: 3.057892e+10 | FM5: 4.159907e+10 | FO5: 2.2603497e+09 | FP5: 4.6935664e+09 | FQ5: 1.9546348e+09 | FR5: 2.8491652e+08 | FS5: 2510000000 | FT5: 5.0383892e+10 | FU5: 7.7771245e+08 | FW5: 6.0723019e+10 | FY5: 8.681114e+08 | GA5: 6.6000001e+08 | GC5: 12541562 | GD5: 2.8139339e+09 | GF5: 8.8911888e+10 | GI5: 191861800 | GL5: 9.9481676e+10 | GP5: 1.4341564e+09 | GR5: 3.2541767e+11 | GS5: 41859163 | GT5: 1.6567281e+11 | GV5: 7.4150948e+08 | GZ5: 2.3796064e+09 | HC5: 7.3928691e+08 | HF5: 15221056000 | HH5: 3.1147034e+11 | HR5: 1.1114859e+08 | HT5: 1.8312015e+08 | HU5: 2.0015027e+09 | HV5: 6.47173e+11 | HY5: 5.317366e+08 | HZ5: 4.909303e+09 | IA5: 2.6529159e+08 | IB5: 1.4647057e+10 | IC5: 6.0669767e+09 | ID5: 5.740911e+08 | IF5: 6.0774963e+09 | IG5: 1.2158414e+12 | IJ5: 4.2330956e+09 | IK5: 6.521209e+08 | IL5: 3.2867732e+09 | IM5: 4.3998278e+09 | IO5: 2.6118404e+08 | IQ5: 1.1794111e+10 | IR5: 2094400000 | IT5: 3.6682224e+09 | IX5: 1.192909e+12 | JC5: 125000008 | JD5: 5.2969959e+10 | JF5: 1.5416667e+09 | JG5: 8.5742592e+08 | JH5: 8.2588527e+08 | JJ5: 3.4272158e+08 | JO5: 3.4197956e+10 | JQ5: 3.4208896e+10 | JT5: 103500000 | JW5: 1.7511477e+10 | JX5: 45927061 | JZ5: 12642027 | KA5: 1.1105659e+09 | KC5: 3.5763571e+08 | KD5: 6.4422867e+10 | KF5: 1.3223744e+08 | KG5: 3.3089128e+09 | KJ5: 9.3494272e+10 | KN5: 5.2969959e+10 | KO5: 3.4208896e+10 | KP5: 6.193192e+08 | KR5: 8.9222222e+09 | KU5: 4.4901258e+08 | KW5: 2.0838904e+11 | KX5: 1.7100045e+09 | KY5: 605100000000 | LA5: 14524879 | LB5: 10022000000 | LD5: 36900000 | LG5: 1.5268799e+12 | LK5: 8.49783e+09 | LL5: 6.9314286e+08 | LM5: 1117601600
A6: Andorra | B6: GDP (current US$) | M6: 78619206 | N6: 89409820 | O6: 1.1340823e+08 | P6: 1.508201e+08 | Q6: 1.865587e+08 | R6: 2.2012725e+08 | S6: 2.2728102e+08 | T6: 2.5402015e+08 | U6: 3.080089e+08 | V6: 4.1157833e+08 | W6: 4.4641611e+08 | X6: 3.8895873e+08 | Y6: 3.7589596e+08 | Z6: 3.2786183e+08 | AA6: 3.3007069e+08 | AB6: 3.4673796e+08 | AC6: 4.8200059e+08 | AD6: 6.113164e+08 | AE6: 7.2142594e+08 | AF6: 7.9544933e+08 | AG6: 1.0290485e+09 | AH6: 1.1069286e+09 | AI6: 1.2100137e+09 | AJ6: 1.0070258e+09 | AK6: 1.0175491e+09 | AL6: 1.178739e+09 | AM6: 1.2239454e+09 | AN6: 1.1805973e+09 | AO6: 1.2119324e+09 | AP6: 1.2398763e+09 | AQ6: 1.4016952e+09 | AR6: 1.4840179e+09 | AS6: 1.7174854e+09 | AT6: 2.3739278e+09 | AU6: 2.9167867e+09 | AV6: 3.2482154e+09 | AW6: 3.5366328e+09 | AX6: 4.010991e+09 | AY6: 4.0012011e+09 | AZ6: 3.6500834e+09 | BA6: 3.3465166e+09 | BB6: 3.4270225e+09 | BC6: 3.1461519e+09 | BD6: 3.2489246e+09 | BI6: 1963 | BK6: 7.5111119e+08 | BQ6: 1.8272124e+10 | BU6: 2.1527607e+10 | BV6: 8.3741753e+09 | BX6: 232749998 | BY6: 1.4260017e+10 | BZ6: 2.5392765e+08 | CA6: 3.9404075e+08 | CB6: 5.3194584e+09 | CE6: 2.377451e+08 | CH6: 33749405 | CI6: 96366652 | CJ6: 7.2114296e+08 | CK6: 2.3021477e+10 | CO6: 38091151 | CP6: 1.293791e+08 | CQ6: 4.4657169e+10 | CS6: 1.3063644e+10 | CU6: 5668187500 | CV6: 5.07068e+10 | CW6: 7.6104705e+08 | CX6: 7.2362437e+08 | CY6: 6.2131858e+09 | CZ6: 1.7223343e+08 | DA6: 4.8388415e+09 | DD6: 5.1190214e+08 | DE6: 2.3319594e+09 | DN6: 8.3166924e+09 | DO6: 940799900 | DP6: 2.7030149e+09 | DQ6: 6.990287e+10 | DR6: 1.679759e+11 | DS6: 1.7566665e+11 | DU6: 5.5536898e+11 | DV6: 1.0383896e+09 | DX6: 3.3627177e+11 | DZ6: 1.9074914e+10 | EC6: 4.702971e+11 | EE6: 6.8859203e+09 | EF6: 1.2945473e+08 | EG6: 8.5551114e+10 | EJ6: 1.5448024e+08 | EK6: 8.5443767e+10 | EM6: 1.5407976e+09 | ER6: 10840095 | ES6: 5.949478e+09 | EV6: 1262800000 | EX6: 1.7575687e+08 | EY6: 1.304603e+12 | EZ6: 1.9352983e+09 | FA6: 4.102e+08 | FB6: 2.3797855e+10 | FF6: 3.1339618e+11 | FG6: 3.6276101e+11 | FH6: 4.9688701e+10 | FI6: 1.5136261e+10 | FK6: 3.5608751e+10 | FM6: 4.7776001e+10 | FO6: 2.4308438e+09 | FP6: 4.928628e+09 | FQ6: 1.9784377e+09 | FR6: 3.4006165e+08 | FS6: 2.9923333e+09 | FT6: 5.7710743e+10 | FU6: 8.2669047e+08 | FW6: 6.9498132e+10 | FY6: 9.2658935e+08 | GA6: 7.2857144e+08 | GC6: 12833226 | GD6: 3.9882461e+09 | GF6: 8.9097573e+10 | GI6: 200229600 | GL6: 1.0009892e+11 | GP6: 1.2406723e+09 | GR6: 3.5015689e+11 | GS6: 47039059 | GT6: 1.7954238e+11 | GV6: 7.911406e+08 | GZ6: 2.6572473e+09 | HC6: 7.5934586e+08 | HF6: 16936336000 | HH6: 3.3243606e+11 | HR6: 1.1379736e+08 | HT6: 1.9082015e+08 | HU6: 2.5101267e+09 | HV6: 6.8335354e+11 | HY6: 5.8629488e+08 | HZ6: 5.165489e+09 | IA6: 2.9291624e+08 | IB6: 1.5891241e+10 | IC6: 6.5102395e+09 | ID6: 4.969479e+08 | IF6: 6.6389373e+09 | IG6: 1.3102837e+12 | IJ6: 4.5405291e+09 | IK6: 722784500 | IL6: 3.6009578e+09 | IM6: 4.8753099e+09 | IO6: 2.7596804e+08 | IQ6: 1.3764637e+10 | IR6: 2333600000 | IT6: 3.9057345e+09 | IX6: 1.2842222e+12 | JC6: 128000000 | JD6: 5.9564124e+10 | JF6: 1.5683333e+09 | JG6: 8.8638716e+08 | JH6: 9.17222e+08 | JJ6: 3.4854695e+08 | JO6: 3.921386e+10 | JQ6: 3.9225742e+10 | JT6: 110000000 | JW6: 1.8954132e+10 | JX6: 54128377 | JZ6: 13923029 | KA6: 1.2004474e+09 | KC6: 3.71767e+08 | KD6: 6.9761023e+10 | KF6: 1.4325578e+08 | KG6: 3.5404035e+09 | KJ6: 9.3815961e+10 | KN6: 5.9564124e+10 | KO6: 3.9225742e+10 | KP6: 6.7823537e+08 | KR6: 1.0355556e+10 | KU6: 5.161478e+08 | KW6: 2.1809855e+11 | KX6: 1.5396815e+09 | KY6: 638600000000 | LA6: 13708219 | LB6: 1.0823879e+10 | LD6: 41400000 | LG6: 1.643679e+12 | LK6: 9.4232115e+09 | LL6: 7.1871429e+08 | LM6: 1159511700
A7: Arab World | B7: GDP (current US$) | K7: 2.5760683e+10 | L7: 2.8434204e+10 | M7: 3.13855e+10 | N7: 3.642691e+10 | O7: 4.3316057e+10 | P7: 5.5018395e+10 | Q7: 1.051458e+11 | R7: 1.1633702e+11 | S7: 1.4484618e+11 | T7: 1.6730833e+11 | U7: 1.8355554e+11 | V7: 2.4864621e+11 | W7: 3.3817745e+11 | X7: 3.485928e+11 | Y7: 3.2432875e+11 | Z7: 3.0396254e+11 | AA7: 3.0794077e+11 | AB7: 3.0389362e+11 | AC7: 2.8902915e+11 | AD7: 3.1268168e+11 | AE7: 3.0750304e+11 | AF7: 3.2232514e+11 | AG7: 4.4687716e+11 | AH7: 4.3977918e+11 | AI7: 4.7116352e+11 | AJ7: 4.7651363e+11 | AK7: 4.8752691e+11 | AL7: 5.237599e+11 | AM7: 5.782313e+11 | AN7: 6.1327945e+11 | AO7: 5.9152559e+11 | AP7: 6.4388967e+11 | AQ7: 7.3502514e+11 | AR7: 7.2328282e+11 | AS7: 7.2905172e+11 | AT7: 8.2311054e+11 | AU7: 9.6386234e+11 | AV7: 1.1846615e+12 | AW7: 1.4041135e+12 | AX7: 1.6375732e+12 | AY7: 2.0777066e+12 | AZ7: 1.7954723e+12 | BA7: 2.1092242e+12 | BB7: 2.5019428e+12 | BC7: 2.7405362e+12 | BD7: 2.8382944e+12 | BE7: 2.9044046e+12 | BF7: 2.5611296e+12 | BG7: 2.5009317e+12 | BI7: 1964 | BK7: 8.0000004e+08 | BQ7: 2.5605249e+10 | BU7: 2.3787658e+10 | BV7: 9.1699839e+09 | BX7: 260750008 | BY7: 1.5960107e+10 | BZ7: 2.6981899e+08 | CA7: 4.1032179e+08 | CB7: 5.3860546e+09 | CE7: 2.6666667e+08 | CH7: 36193826 | CI7: 1.0756665e+08 | CJ7: 8.1254307e+08 | CK7: 2.1211892e+10 | CO7: 41613969 | CP7: 1.4202507e+08 | CQ7: 4.8882939e+10 | CS7: 1.4480557e+10 | CU7: 5.9823478e+09 | CV7: 5.9708343e+10 | CW7: 9.2106327e+08 | CX7: 7.8238453e+08 | CY7: 2.8815453e+09 | CZ7: 1.8569372e+08 | DA7: 5.9921695e+09 | DD7: 5.4257837e+08 | DE7: 2.5192612e+09 | DN7: 9.5066788e+09 | DO7: 1.0255999e+09 | DP7: 2.9093518e+09 | DQ7: 8.104526e+10 | DR7: 1.9242616e+11 | DS7: 2.0182876e+11 | DU7: 6.1502849e+11 | DV7: 1.1561509e+09 | DX7: 3.7401019e+11 | DZ7: 2.1343845e+10 | EC7: 5.2119768e+11 | EE7: 7.7666551e+09 | EF7: 1.4003274e+08 | EG7: 9.4906593e+10 | EJ7: 2.1567986e+08 | EK7: 9.3387599e+10 | EM7: 1.7312962e+09 | ER7: 12712471 | ES7: 6.6802983e+09 | EV7: 1.2990999e+09 | EX7: 1.9477338e+08 | EY7: 1.424584e+12 | EZ7: 2.2064665e+09 | FA7: 457000000 | FB7: 2.1181173e+10 | FF7: 3.5491928e+11 | FG7: 4.0297759e+11 | FH7: 4.8638831e+10 | FI7: 1.6547084e+10 | FK7: 3.2782637e+10 | FM7: 5.5726873e+10 | FO7: 2.7666089e+09 | FP7: 5.3798456e+09 | FQ7: 2.3405211e+09 | FR7: 4.3426794e+08 | FS7: 3.4053333e+09 | FT7: 6.3175417e+10 | FU7: 8.979314e+08 | FW7: 8.1749006e+10 | FY7: 9.9875933e+08 | GA7: 7.8285713e+08 | GC7: 13416555 | GD7: 3.4585185e+09 | GF7: 9.9074812e+10 | GI7: 218929100 | GL7: 1.1118757e+11 | GP7: 1.3097479e+09 | GR7: 3.8909676e+11 | GS7: 51938961 | GT7: 1.9810208e+11 | GV7: 9.0315875e+08 | GZ7: 2.7983398e+09 | HC7: 8.0248218e+08 | HF7: 20070136000 | HH7: 3.7525829e+11 | HR7: 1.5189717e+08 | HT7: 1.9474016e+08 | HU7: 2.6744414e+09 | HV7: 7.3479051e+11 | HY7: 5.828164e+08 | HZ7: 5.5528225e+09 | IA7: 3.4197376e+08 | IB7: 1.8699381e+10 | IC7: 7.1592027e+09 | ID7: 4.9609878e+08 | IF7: 7.2741444e+09 | IG7: 1.4318871e+12 | IJ7: 5.1304077e+09 | IK7: 776137500 | IL7: 4.3569139e+09 | IM7: 5.2714047e+09 | IO7: 3.0531204e+08 | IQ7: 1.2795572e+10 | IR7: 2570500000 | IT7: 4.2356082e+09 | IX7: 1.4016738e+12 | JC7: 129999994 | JD7: 6.8207241e+10 | JF7: 1.6113333e+09 | JG7: 9.3914585e+08 | JH7: 8.9373448e+08 | JJ7: 3.7184811e+08 | JO7: 3.8257387e+10 | JQ7: 3.8271071e+10 | JT7: 120850000 | JW7: 2.1137243e+10 | JX7: 64979280 | JZ7: 15393032 | KA7: 1.3394943e+09 | KC7: 3.9224752e+08 | KD7: 8.0880803e+10 | KF7: 1.6610407e+08 | KG7: 3.8891299e+09 | KJ7: 1.0421999e+11 | KN7: 6.8207241e+10 | KO7: 3.8271071e+10 | KP7: 7.1189337e+08 | KR7: 1.1177778e+10 | KU7: 5.890566e+08 | KW7: 2.4611984e+11 | KX7: 1.9757017e+09 | KY7: 685800000000 | LA7: 14758210 | LB7: 9111000000 | LD7: 53800000 | LG7: 1.8007406e+12 | LK7: 1.0373793e+10 | LL7: 8.3942857e+08 | LM7: 1217138000
A8: United Arab Emirates | B8: GDP (current US$) | R8: 1.4720673e+10 | S8: 1.9213023e+10 | T8: 2.4871775e+10 | U8: 2.3775832e+10 | V8: 3.1225463e+10 | W8: 4.3598748e+10 | X8: 4.9333424e+10 | Y8: 4.6622719e+10 | Z8: 4.2803323e+10 | AA8: 4.1807954e+10 | AB8: 4.060365e+10 | AC8: 3.3943612e+10 | AD8: 3.6384909e+10 | AE8: 3.6275674e+10 | AF8: 4.1464996e+10 | AG8: 5.0701444e+10 | AH8: 5.1552166e+10 | AI8: 5.4239172e+10 | AJ8: 5.562517e+10 | AK8: 5.9305094e+10 | AL8: 6.5743667e+10 | AM8: 7.3571234e+10 | AN8: 7.8839008e+10 | AO8: 7.5674336e+10 | AP8: 8.4445473e+10 | AQ8: 1.0433737e+11 | AR8: 1.0331164e+11 | AS8: 1.098162e+11 | AT8: 1.2434636e+11 | AU8: 1.4782437e+11 | AV8: 1.8061702e+11 | AW8: 2.2211654e+11 | AX8: 2.5791613e+11 | AY8: 3.1547462e+11 | AZ8: 2.5354736e+11 | BA8: 2.8988043e+11 | BB8: 3.5090839e+11 | BC8: 3.7481797e+11 | BD8: 3.9042729e+11 | BE8: 4.0319768e+11 | BF8: 3.579492e+11 | BG8: 3.4874327e+11 | BI8: 1965 | BK8: 1.0066666e+09 | BQ8: 2.8344706e+10 | BU8: 2.5962594e+10 | BV8: 9.9940706e+09 | BX8: 1.5899496e+08 | BY8: 1.7371458e+10 | BZ8: 2.8990872e+08 | CA8: 4.2291685e+08 | CB8: 5.9066366e+09 | CE8: 3.0039216e+08 | CH8: 40069930 | CI8: 1.1433905e+08 | CJ8: 9.0887454e+08 | CK8: 2.1790035e+10 | CM8: 1.1404025e+08 | CO8: 45790870 | CP8: 1.5057482e+08 | CQ8: 5.390957e+10 | CS8: 1.5346742e+10 | CU8: 6026593750 | CV8: 7.0436266e+10 | CW8: 9.1977136e+08 | CX8: 8.1413986e+08 | CY8: 4.0439017e+09 | CZ8: 1.9831806e+08 | DA8: 5.7902476e+09 | DD8: 5.9298116e+08 | DE8: 2.7127154e+09 | DN8: 1.0678897e+10 | DO8: 8.881e+08 | DP8: 3.1362589e+09 | DQ8: 9.4581389e+10 | DR8: 2.0999396e+11 | DS8: 2.2479531e+11 | DU8: 6.6925734e+11 | DV8: 2.3870483e+09 | DW8: 5.111621e+09 | DX8: 4.0811903e+11 | DZ8: 2.4756959e+10 | EC8: 5.6759052e+11 | EE8: 8.58934e+09 | EF8: 1.4708475e+08 | EG8: 1.0216057e+11 | EJ8: 2.2647429e+08 | EK8: 1.0059578e+11 | EM8: 2.053463e+09 | ER8: 64748333 | ES8: 7.6005791e+09 | EV8: 1331399900 | EX8: 2.1323529e+08 | EY8: 1.5466899e+12 | EZ8: 2.4350785e+09 | FA8: 508650000 | FB8: 2.4791434e+10 | FF8: 3.8987803e+11 | FG8: 4.4442856e+11 | FH8: 5.5127128e+10 | FI8: 1.8008428e+10 | FK8: 3.8049648e+10 | FM8: 5.8760425e+10 | FO8: 2.9457041e+09 | FP8: 6.1973199e+09 | FR8: 5.2369495e+08 | FS8: 3.6633333e+09 | FT8: 6.7978154e+10 | FU8: 9.7214056e+08 | FV8: 5.9983198e+08 | FW8: 9.0950278e+10 | FY8: 9.9791932e+08 | GA8: 8.6857143e+08 | GC8: 13593932 | GD8: 3.1203078e+09 | GE8: 2.0974517e+09 | GF8: 1.0730459e+11 | GI8: 229260800 | GL8: 1.1977086e+11 | GP8: 1.6983193e+09 | GQ8: 1.3746188e+11 | GR8: 4.3033157e+11 | GS8: 54878902 | GT8: 2.2098386e+11 | GV8: 9.2160074e+08 | GZ8: 2.9483253e+09 | HC8: 8.3356347e+08 | HF8: 21829712000 | HH8: 4.1366418e+11 | HR8: 1.7276721e+08 | HT8: 2.2946018e+08 | HU8: 2.956357e+09 | HV8: 7.9772391e+11 | HX8: 1.5959449e+08 | HY8: 6.7338351e+08 | HZ8: 5.8744225e+09 | IA8: 5.6654287e+08 | IB8: 2.1000587e+10 | IC8: 8.0586811e+09 | ID8: 7.3526708e+08 | IF8: 5.6544636e+09 | IG8: 1.5545462e+12 | IH8: 63287595 | IJ8: 5.8847121e+09 | IK8: 852485300 | IL8: 5.1668611e+09 | IM8: 5.784399e+09 | IO8: 3.4415948e+08 | IQ8: 1.4432974e+10 | IR8: 2881500000 | IT8: 4.6874641e+09 | IU8: 4.0012969e+08 | IX8: 1.5225362e+12 | IY8: 1.7653459e+08 | JC8: 148799980 | JD8: 7.3302134e+10 | JF8: 1.6793333e+09 | JG8: 9.5583489e+08 | JH8: 9.7419313e+08 | JJ8: 3.5937986e+08 | JK8: 877720000 | JO8: 4.2627501e+10 | JQ8: 4.2640958e+10 | JT8: 138650000 | JW8: 2.3260321e+10 | JX8: 70278594 | JZ8: 15603033 | KA8: 1.4720366e+09 | KC8: 4.169263e+08 | KD8: 9.4389465e+10 | KF8: 1.8730034e+08 | KG8: 4.3889376e+09 | KJ8: 1.1212916e+11 | KN8: 7.3302134e+10 | KO8: 4.2640958e+10 | KP8: 7.3656886e+08 | KQ8: 9.9104762e+08 | KR8: 1.1944444e+10 | KU8: 8.8487395e+08 | KW8: 2.7466286e+11 | KX8: 1.8907693e+09 | KY8: 743700000000 | LA8: 15108207 | LB8: 9.4962444e+09 | LD8: 66500000 | LG8: 1.9619445e+12 | LK8: 1.1334173e+10 | LL8: 1.0828571e+09 | LM8: 1311435800
A9: Argentina | B9: GDP (current US$) | E9: 2.4450605e+10 | F9: 1.8272124e+10 | G9: 2.5605249e+10 | H9: 2.8344706e+10 | I9: 2.8630475e+10 | J9: 2.4256668e+10 | K9: 2.6436857e+10 | L9: 3.1256285e+10 | M9: 3.158421e+10 | N9: 3.3293199e+10 | O9: 3.4733001e+10 | P9: 5.2544e+10 | Q9: 7.2436777e+10 | R9: 5.2438648e+10 | S9: 5.11695e+10 | T9: 5.6781e+10 | U9: 5.808287e+10 | V9: 6.9252329e+10 | W9: 7.6961924e+10 | X9: 7.8676842e+10 | Y9: 8.4307487e+10 | Z9: 1.0397911e+11 | AA9: 7.9092002e+10 | AB9: 8.8416669e+10 | AC9: 1.1093444e+11 | AD9: 1.1110619e+11 | AE9: 1.2620682e+11 | AF9: 7.6636898e+10 | AG9: 1.4135237e+11 | AH9: 1.8971998e+11 | AI9: 2.2878862e+11 | AJ9: 2.3674172e+11 | AK9: 257440000000 | AL9: 258031750000 | AM9: 272149750000 | AN9: 292859000000 | AO9: 298948250000 | AP9: 283523000000 | AQ9: 284203750000 | AR9: 268696750000 | AS9: 9.7724004e+10 | AT9: 1.2758697e+11 | AU9: 1.6465793e+11 | AV9: 1.987371e+11 | AW9: 2.3255726e+11 | AX9: 2.8753051e+11 | AY9: 3.6155804e+11 | AZ9: 3.3297648e+11 | BA9: 4.2362742e+11 | BB9: 5.3016328e+11 | BC9: 5.4598238e+11 | BD9: 5.5202514e+11 | BE9: 5.2631967e+11 | BF9: 5.8471149e+11 | BG9: 5.4586616e+11 | BI9: 1966 | BK9: 1.4e+09 | BQ9: 2.8630475e+10 | BU9: 2.728861e+10 | BV9: 1.0887682e+10 | BX9: 1.6544457e+08 | BY9: 1.8651883e+10 | BZ9: 3.0292528e+08 | CA9: 4.3388983e+08 | CB9: 6.4396876e+09 | CE9: 340000000 | CH9: 44405594 | CI9: 1.3417337e+08 | CJ9: 9.9404455e+08 | CK9: 2.7062717e+10 | CM9: 1.327584e+08 | CO9: 51464435 | CP9: 1.5793004e+08 | CQ9: 6.0358632e+10 | CS9: 1.6480059e+10 | CU9: 7.072641e+09 | CV9: 7.6720286e+10 | CW9: 1.024103e+09 | CX9: 8.5326877e+08 | CY9: 4.5326601e+09 | CZ9: 2.2061358e+08 | DA9: 5.452763e+09 | DD9: 6.4730563e+08 | DE9: 2.9421414e+09 | DN9: 1.1721248e+10 | DO9: 983900000 | DP9: 3.0398346e+09 | DQ9: 1.0354062e+11 | DR9: 2.0731669e+11 | DS9: 2.513169e+11 | DU9: 7.2708071e+11 | DV9: 2.4293095e+09 | DW9: 5.3395206e+09 | DX9: 4.4504024e+11 | DZ9: 2.8721062e+10 | EC9: 6.1528391e+11 | EE9: 9.2085245e+09 | EF9: 1.5060393e+08 | EG9: 1.1059747e+11 | EJ9: 2.4584978e+08 | EK9: 1.0709072e+11 | EM9: 2.1263007e+09 | EP9: 44212354 | ER9: 69110000 | ES9: 8.4556111e+09 | EV9: 1390700000 | EX9: 2.2870588e+08 | EY9: 1.696346e+12 | EZ9: 2.489845e+09 | FA9: 549950000 | FB9: 2.7037003e+10 | FF9: 4.0201733e+11 | FG9: 4.6125874e+11 | FH9: 5.980143e+10 | FI9: 1.9548468e+10 | FK9: 4.1260253e+10 | FM9: 4.5253641e+10 | FO9: 3.1040344e+09 | FP9: 6.7899387e+09 | FR9: 6.2889331e+08 | FS9: 3.98e+09 | FT9: 7.365487e+10 | FU9: 1.0967381e+09 | FV9: 6.5807897e+08 | FW9: 1.0562807e+11 | FY9: 1.1645197e+09 | GA9: 9.1428571e+08 | GC9: 14469078 | GD9: 3.9281713e+09 | GE9: 2.391487e+09 | GF9: 1.1761685e+11 | GI9: 244459500 | GL9: 1.3144105e+11 | GP9: 1.7514706e+09 | GQ9: 1.2465307e+11 | GR9: 4.4581675e+11 | GS9: 56698866 | GT9: 2.4537087e+11 | GV9: 9.6844015e+08 | GZ9: 2.8763956e+09 | HC9: 9.0026458e+08 | HF9: 24337232000 | HH9: 4.2745674e+11 | HR9: 1.8034065e+08 | HT9: 2.6040021e+08 | HU9: 3.1435385e+09 | HV9: 8.7549281e+11 | HX9: 1.6420654e+08 | HY9: 7.0229608e+08 | HZ9: 6.3667927e+09 | IA9: 606671444 | IB9: 2.2867203e+10 | IC9: 8.6964602e+09 | ID9: 9.0681194e+08 | IF9: 5.8637332e+09 | IG9: 1.706872e+12 | IH9: 67768132 | IJ9: 6.4666108e+09 | IK9: 928833000 | IL9: 6.1136077e+09 | IM9: 6.3714593e+09 | IO9: 3.9097323e+08 | IQ9: 1.5869568e+10 | IR9: 3170500000 | IT9: 5.1353878e+09 | IU9: 4.2170044e+08 | IX9: 1.6696156e+12 | IY9: 2.1565946e+08 | JC9: 1.245257e+08 | JD9: 6.1638107e+10 | JF9: 1.723e+09 | JG9: 9.8494299e+08 | JH9: 1.0959101e+09 | JJ9: 3.7547985e+08 | JK9: 929520000 | JO9: 4.6017949e+10 | JQ9: 4.6032013e+10 | JT9: 171100000 | JW9: 2.5302033e+10 | JX9: 76858463 | JZ9: 16443035 | KA9: 1.3422876e+09 | KC9: 4.3279492e+08 | KD9: 1.0333052e+11 | KF9: 2.1613626e+08 | KG9: 5.2792308e+09 | KJ9: 1.2302498e+11 | KN9: 6.1638107e+10 | KO9: 4.6032013e+10 | KP9: 7.2373564e+08 | KQ9: 1.0409524e+09 | KR9: 1.4122222e+10 | KU9: 9.2577031e+08 | KW9: 3.0179001e+11 | KX9: 1.809184e+09 | KY9: 815000000000 | LA9: 16099866 | LB9: 9984400000 | LD9: 84100000 | LG9: 2.1286194e+12 | LK9: 1.2354753e+10 | LL9: 1.2642857e+09 | LM9: 1.2817495e+09
A10: Armenia | B10: GDP (current US$) | AG10: 2.2568389e+09 | AH10: 2.0685265e+09 | AI10: 1.2725775e+09 | AJ10: 1.2013132e+09 | AK10: 1.3151587e+09 | AL10: 1.4683174e+09 | AM10: 1.5969689e+09 | AN10: 1.6394924e+09 | AO10: 1.8937264e+09 | AP10: 1.8454822e+09 | AQ10: 1.9115637e+09 | AR10: 2.1184679e+09 | AS10: 2.376335e+09 | AT10: 2.807061e+09 | AU10: 3.5766152e+09 | AV10: 4.9004695e+09 | AW10: 6.3844516e+09 | AX10: 9.2063017e+09 | AY10: 1.1662041e+10 | AZ10: 8.6479367e+09 | BA10: 9.2602849e+09 | BB10: 1.0142111e+10 | BC10: 1.061932e+10 | BD10: 1.1121466e+10 | BE10: 1.1609513e+10 | BF10: 1.0529182e+10 | BG10: 1.0547331e+10 | BI10: 1967 | BK10: 1.6733334e+09 | BQ10: 2.4256668e+10 | BU10: 3.04211e+10 | BV10: 1.1579432e+10 | BX10: 1.7829714e+08 | BY10: 1.9992041e+10 | BZ10: 3.06222e+08 | CA10: 4.5075399e+08 | CB10: 7.2535754e+09 | CE10: 3.9019608e+08 | CH10: 47379310 | CI10: 1.5510298e+08 | CJ10: 1.0840598e+09 | CK10: 3.0591834e+10 | CM10: 1.3903045e+08 | CO10: 58646444 | CP10: 1.6382054e+08 | CQ10: 6.4768831e+10 | CS10: 1.7740013e+10 | CU10: 7.0131961e+09 | CV10: 7.2881631e+10 | CW10: 1.0829229e+09 | CX10: 9.3407905e+08 | CY10: 3.3840634e+09 | CZ10: 2.3739743e+08 | DA10: 5.727195e+09 | DD10: 6.9945662e+08 | DE10: 3.1582113e+09 | DN10: 1.278848e+10 | DO10: 1034800000 | DP10: 3.3708431e+09 | DQ10: 1.0032759e+11 | DR10: 2.1758708e+11 | DS10: 2.7231189e+11 | DU10: 7.8227353e+11 | DV10: 2.5535961e+09 | DW10: 5.5791685e+09 | DX10: 4.8344135e+11 | DZ10: 3.1647119e+10 | EC10: 6.6116698e+11 | EE10: 9.368954e+09 | EF10: 1.6262589e+08 | EG10: 1.1946614e+11 | EJ10: 2.7154368e+08 | EK10: 1.1118538e+11 | EM10: 1.7471876e+09 | EP10: 46695363 | ER10: 72317447 | ES10: 9.1367113e+09 | EV10: 1453500000 | EX10: 2.5017647e+08 | EY10: 1.8193274e+12 | EZ10: 2.692475e+09 | FA10: 598100000 | FB10: 2.6469517e+10 | FF10: 4.1301434e+11 | FG10: 4.7286585e+11 | FH10: 6.0439331e+10 | FI10: 1.9670828e+10 | FJ10: 5.6677566e+09 | FK10: 4.1803467e+10 | FM10: 4.9466169e+10 | FO10: 3.3436368e+09 | FP10: 7.5553837e+09 | FR10: 6.2122596e+08 | FS10: 4.03e+09 | FT10: 8.113312e+10 | FU10: 1.1480254e+09 | FV10: 6.3175581e+08 | FW10: 1.2378188e+11 | FY10: 1.2325595e+09 | GA10: 9.6285713e+08 | GC10: 16742338 | GD10: 4.8545764e+09 | GE10: 2.441893e+09 | GF10: 1.2060901e+11 | GI10: 2.610243e+08 | GL10: 1.3465695e+11 | GP10: 1.859465e+09 | GQ10: 1.3290489e+11 | GR10: 4.5764915e+11 | GS10: 59260815 | GT10: 2.4771554e+11 | GV10: 9.7472176e+08 | GZ10: 3.0463393e+09 | HC10: 9.5643693e+08 | HF10: 26556376000 | HH10: 4.4015032e+11 | HJ10: 2.7549452e+08 | HR10: 1.9122178e+08 | HT10: 2.6981278e+08 | HU10: 3.1889455e+09 | HV10: 9.2662393e+11 | HX10: 1.8003677e+08 | HY10: 6.6558687e+08 | HZ10: 5.2031359e+09 | IA10: 6.5717144e+08 | IB10: 2.5087562e+10 | IC10: 9.5144967e+09 | ID10: 8.4197403e+08 | IF10: 5.9614181e+09 | IG10: 1.8316008e+12 | IH10: 1.0715272e+08 | IJ10: 7.4038219e+09 | IK10: 1.0343764e+09 | IL10: 6.2042538e+09 | IM10: 6.8091342e+09 | IO10: 4.4170691e+08 | IQ10: 1.4966395e+10 | IR10: 3532700000 | IT10: 5.7402412e+09 | IU10: 4.5152412e+08 | IX10: 1.7916072e+12 | IY10: 2.2098437e+08 | JC10: 159560018 | JD10: 6.7859668e+10 | JF10: 1.8656667e+09 | JG10: 9.8460537e+08 | JH10: 1.2374232e+09 | JI10: 25203524 | JJ10: 3.487953e+08 | JK10: 976200000 | JO10: 4.547982e+10 | JQ10: 4.549416e+10 | JT10: 198450000 | JW10: 2.7463409e+10 | JX10: 74758505 | JZ10: 16632033 | KA10: 1.5802298e+09 | KC10: 4.4982632e+08 | KD10: 1.0012401e+11 | KF10: 2.3170648e+08 | KG10: 5.6384614e+09 | KJ10: 1.2567811e+11 | KN10: 6.7859668e+10 | KO10: 4.549416e+10 | KP10: 7.6198147e+08 | KQ10: 1.0857143e+09 | KR10: 1.5666667e+10 | KU10: 9.6764706e+08 | KW10: 3.0605069e+11 | KX10: 1.5977211e+09 | KY10: 861700000000 | LA10: 15835178 | LB10: 1.0356422e+10 | LD10: 115400000 | LG10: 2.2647937e+12 | LK10: 1.3777124e+10 | LL10: 1368000000 | LM10: 1397002000
A11: American Samoa | B11: GDP (current US$) | AS11: 514000000 | AT11: 527000000 | AU11: 512000000 | AV11: 503000000 | AW11: 496000000 | AX11: 520000000 | AY11: 563000000 | AZ11: 678000000 | BA11: 576000000 | BB11: 574000000 | BC11: 644000000 | BD11: 639000000 | BE11: 638000000 | BF11: 641000000 | BI11: 1968 | BK11: 1.3733334e+09 | BO11: 2.5760683e+10 | BQ11: 2.6436857e+10 | BU11: 3.2687871e+10 | BV11: 1.2440625e+10 | BX11: 183200000 | BY11: 2.1376353e+10 | BZ11: 3.263231e+08 | CA11: 4.6044286e+08 | CB11: 7.4836855e+09 | CE11: 4.4490196e+08 | CH11: 44910180 | CI11: 150000000 | CJ11: 9.0887454e+08 | CK11: 3.3875882e+10 | CM11: 1.6081929e+08 | CO11: 66248257 | CP11: 1.9176744e+08 | CQ11: 7.0759032e+10 | CS11: 1.894273e+10 | CU11: 7.167087e+09 | CV11: 7.0846535e+10 | CW11: 1.2812812e+09 | CX11: 1.0530772e+09 | CY11: 3.9097805e+09 | CZ11: 2.5124746e+08 | DA11: 5.9184554e+09 | DD11: 7.7384149e+08 | DE11: 3.1404699e+09 | DN11: 13196541952 | DO11: 1.0791e+09 | DP11: 3.8521158e+09 | DQ11: 1.0126363e+11 | DR11: 2.3570572e+11 | DS11: 3.0003754e+11 | DU11: 8.1586854e+11 | DV11: 2.5821808e+09 | DW11: 6.1091121e+09 | DX11: 5.1826351e+11 | DZ11: 3.1475548e+10 | EC11: 6.8721374e+11 | EE11: 8.8230339e+09 | EF11: 1.6695294e+08 | EG11: 1.2984711e+11 | EJ11: 2.9446856e+08 | EK11: 1.0470274e+11 | EM11: 1.6669095e+09 | EP11: 41160659 | ER11: 67514286 | ES11: 9.9151405e+09 | EV11: 1610500000 | EX11: 229750000 | EY11: 1.971265e+12 | EZ11: 2.7169644e+09 | FA11: 646800000 | FB11: 2.7687706e+10 | FF11: 4.3657185e+11 | FG11: 4.9966016e+11 | FH11: 6.3710109e+10 | FI11: 2.0910847e+10 | FJ11: 7.0764653e+09 | FK11: 4.3857843e+10 | FM11: 5.2377324e+10 | FO11: 3.2785845e+09 | FP11: 8.623173e+09 | FQ11: 2.8969476e+09 | FR11: 4.7439947e+08 | FS11: 4619000000 | FT11: 8.7942232e+10 | FU11: 1.0838834e+09 | FV11: 5.6118734e+08 | FW11: 1.4660107e+11 | FY11: 1.3532955e+09 | GA11: 1.0657142e+09 | GC11: 14600000 | GD11: 6.1172601e+09 | GE11: 2.6631196e+09 | GF11: 1.3025625e+11 | GI11: 276820700 | GL11: 1.4500372e+11 | GP11: 1.8013445e+09 | GQ11: 1.4241819e+11 | GR11: 4.8407793e+11 | GS11: 61444771 | GT11: 2.5306386e+11 | GV11: 1.0664471e+09 | GZ11: 3.2714159e+09 | HC11: 1.0316696e+09 | HE11: 3.2544887e+10 | HF11: 2.9363632e+10 | HH11: 4.6592044e+11 | HJ11: 3.4377196e+08 | HR11: 2.1069518e+08 | HT11: 2.451601e+08 | HU11: 3.3303933e+09 | HV11: 1.013409e+12 | HX11: 2.1550716e+08 | HY11: 6.4121423e+08 | HZ11: 5.200896e+09 | IA11: 6.9589998e+08 | IB11: 2.7817606e+10 | IC11: 1.0159934e+10 | ID11: 7.7222864e+08 | IF11: 5.1805976e+09 | IG11: 1.9854848e+12 | IH11: 1.8886489e+08 | IJ11: 8.0900886e+09 | IK11: 1.1127911e+09 | IL11: 5.7360838e+09 | IM11: 7.5916031e+09 | IO11: 4.8516082e+08 | IQ11: 1.5779012e+10 | IR11: 3941700000 | IT11: 6.3542626e+09 | IU11: 4.7701251e+08 | IX11: 1.9415881e+12 | IY11: 2.5959008e+08 | JC11: 172200018 | JD11: 7.1227636e+10 | JE11: 4.1877777e+09 | JF11: 1.9473333e+09 | JG11: 1.0342936e+09 | JH11: 1.4250294e+09 | JI11: 28084253 | JJ11: 3.2986009e+08 | JK11: 1009760100 | JO11: 4.8646317e+10 | JQ11: 4.8659688e+10 | JT11: 220600000 | JW11: 2.9143383e+10 | JX11: 79798404 | JZ11: 16074027 | KA11: 1.7537464e+09 | KC11: 4.539801e+08 | KD11: 1.0105815e+11 | KF11: 2.4195691e+08 | KG11: 6.0810094e+09 | KJ11: 1.3512248e+11 | KN11: 7.1227636e+10 | KO11: 4.8659688e+10 | KP11: 758899950 | KQ11: 1.2146667e+09 | KR11: 17500000000 | KU11: 1.0378151e+09 | KW11: 3.2208297e+11 | KX11: 1.5936753e+09 | KY11: 942500000000 | LA11: 15350000 | LB11: 1.1343444e+10 | LD11: 173800000 | LG11: 2.4433459e+12 | LK11: 1.4894302e+10 | LL11: 1.6058571e+09 | LM11: 1.4795999e+09
A12: Antigua and Barbuda | B12: GDP (current US$) | T12: 77496741 | U12: 87879333 | V12: 1.0907996e+08 | W12: 1.3143104e+08 | X12: 1.4784174e+08 | Y12: 1.643693e+08 | Z12: 1.8214411e+08 | AA12: 2.0837285e+08 | AB12: 2.4092393e+08 | AC12: 2.9044015e+08 | AD12: 3.3717485e+08 | AE12: 3.9863774e+08 | AF12: 4.3879478e+08 | AG12: 4.5946907e+08 | AH12: 4.8170633e+08 | AI12: 4.9928115e+08 | AJ12: 5.3517278e+08 | AK12: 5.8942959e+08 | AL12: 5.7728074e+08 | AM12: 6.3373063e+08 | AN12: 6.8061711e+08 | AO12: 7.2786059e+08 | AP12: 7.6619893e+08 | AQ12: 8.2540552e+08 | AR12: 7.9597652e+08 | AS12: 8.0975448e+08 | AT12: 8.5021859e+08 | AU12: 9.1371037e+08 | AV12: 1.0149797e+09 | AW12: 1.1490255e+09 | AX12: 1.3023889e+09 | AY12: 1.3597336e+09 | AZ12: 1.2177197e+09 | BA12: 1.1479422e+09 | BB12: 1.1418654e+09 | BC12: 1.2160458e+09 | BD12: 1.1958851e+09 | BE12: 1.2743303e+09 | BF12: 1.3556459e+09 | BG12: 1.4491602e+09 | BI12: 1969 | BK12: 1.4088889e+09 | BO12: 2.8434204e+10 | BQ12: 3.1256285e+10 | BU12: 3.66592e+10 | BV12: 1.3582799e+10 | BX12: 1.9020571e+08 | BY12: 2.3710736e+10 | BZ12: 3.3074821e+08 | CA12: 4.7829878e+08 | CB12: 8.4710061e+09 | CE12: 5.2813725e+08 | CH12: 47305389 | CI12: 164900000 | CJ12: 9.646157e+08 | CK12: 3.7458898e+10 | CM12: 1.6121129e+08 | CO12: 77356914 | CP12: 1.8803919e+08 | CQ12: 7.788751e+10 | CS12: 2.0524887e+10 | CU12: 8.377093e+09 | CV12: 7.9705906e+10 | CW12: 1.3613602e+09 | CX12: 1.1524185e+09 | CY12: 5.032435e+09 | CZ12: 2.6504004e+08 | DA12: 6.4054279e+09 | DD12: 8.536302e+08 | DE12: 3.4176687e+09 | DN12: 1.5009385e+10 | DO12: 1230500000 | DP12: 4.2572188e+09 | DQ12: 1.1370838e+11 | DR12: 2.6341717e+11 | DS12: 3.4562052e+11 | DU12: 8.9574108e+11 | DV12: 3.1121668e+09 | DW12: 6.8617433e+09 | DX12: 5.7253227e+11 | DZ12: 3.6038712e+10 | EC12: 7.5479643e+11 | EE12: 1.0070767e+10 | EF12: 1.8218207e+08 | EG12: 1.407255e+11 | EJ12: 3.181247e+08 | EK12: 1.1267687e+11 | EM12: 1.9620506e+09 | EP12: 45168723 | ER12: 67225714 | ES12: 1.1266092e+10 | EV12: 1.7153999e+09 | EX12: 2.493e+08 | EY12: 2.1637989e+12 | EZ12: 3.1897401e+09 | FA12: 668000050 | FB12: 3.0902141e+10 | FF12: 4.8804062e+11 | FG12: 5.5928703e+11 | FH12: 7.1945084e+10 | FI12: 2.3861812e+10 | FJ12: 8.3374233e+09 | FK12: 4.9232892e+10 | FM12: 5.766833e+10 | FO12: 3.7870773e+09 | FP12: 9.7430896e+09 | FQ12: 3.008121e+09 | FR12: 4.1470931e+08 | FS12: 5.3293333e+09 | FT12: 9.7085083e+10 | FU12: 1.1912877e+09 | FV12: 6.9896388e+08 | FW12: 1.722042e+11 | FY12: 1.4583794e+09 | GA12: 9.7887323e+08 | GC12: 15850000 | GD12: 7.6758051e+09 | GE12: 2.7695323e+09 | GF12: 1.4534642e+11 | GI12: 306961800 | GL12: 1.6247834e+11 | GP12: 1.9655462e+09 | GQ12: 1.5895171e+11 | GR12: 5.4120779e+11 | GS12: 65966681 | GT12: 2.8283418e+11 | GV12: 1.234879e+09 | GZ12: 3.6516155e+09 | HC12: 1.0563911e+09 | HE12: 3.6324979e+10 | HF12: 32515752000 | HH12: 5.2086752e+11 | HJ12: 3.3991383e+08 | HR12: 1.9964344e+08 | HT12: 2.6580011e+08 | HU12: 3.664576e+09 | HV12: 1.0979524e+12 | HX12: 2.6310883e+08 | HY12: 6.2586798e+08 | HZ12: 6.6341873e+09 | IA12: 7.4797145e+08 | IB12: 3.1503869e+10 | IC12: 1.1063065e+10 | ID12: 7.8864197e+08 | IF12: 5.7615888e+09 | IG12: 2.1792268e+12 | IH12: 2.399808e+08 | IJ12: 8.6329273e+09 | IK12: 1.2213057e+09 | IL12: 6.4209098e+09 | IM12: 8.4082297e+09 | IO12: 5.5123732e+08 | IQ12: 1.794099e+10 | IR12: 4460700000 | IT12: 6.9690258e+09 | IU12: 5.1272895e+08 | IX12: 2.1298103e+12 | IY12: 2.4294378e+08 | JC12: 188700037 | JD12: 7.8199357e+10 | JE12: 4.4857776e+09 | JF12: 2.1443333e+09 | JG12: 9.8362102e+08 | JH12: 1.6590553e+09 | JI12: 28606411 | JJ12: 4.0869016e+08 | JK12: 1049400000 | JO12: 5.5775719e+10 | JQ12: 5.5788783e+10 | JT12: 233450000 | JW12: 3.1649204e+10 | JX12: 1.0541789e+08 | JZ12: 16452028 | KA12: 2.2450116e+09 | KC12: 4.7163562e+08 | KD12: 1.1347765e+11 | KF12: 2.6773245e+08 | KG12: 6.6953366e+09 | KJ12: 1.5131586e+11 | KN12: 7.8199357e+10 | KO12: 5.5788783e+10 | KP12: 7.792e+08 | KQ12: 1.2899048e+09 | KR12: 1.9466667e+10 | KU12: 1.1690476e+09 | KW12: 3.6034922e+11 | KX12: 2.0044355e+09 | KY12: 1019900000000 | LA12: 16650000 | LB12: 1.1795044e+10 | LD12: 211300000 | LG12: 2.6908708e+12 | LK12: 1.6780064e+10 | LL12: 1.9657143e+09 | LM12: 1747998800
A13: Australia | B13: GDP (current US$) | C13: 1.8593348e+10 | D13: 1.9666256e+10 | E13: 1.9911524e+10 | F13: 2.1527607e+10 | G13: 2.3787658e+10 | H13: 2.5962594e+10 | I13: 2.728861e+10 | J13: 3.04211e+10 | K13: 3.2687871e+10 | L13: 3.66592e+10 | M13: 4.1304737e+10 | N13: 4.5183111e+10 | O13: 5.2003505e+10 | P13: 6.3782191e+10 | Q13: 8.8906411e+10 | R13: 9.7226546e+10 | S13: 1.0497416e+11 | T13: 1.1026612e+11 | U13: 1.1840063e+11 | V13: 1.3479382e+11 | W13: 1.4988747e+11 | X13: 1.7680483e+11 | Y13: 1.9395454e+11 | Z13: 1.7717642e+11 | AA13: 1.9350389e+11 | AB13: 1.8047097e+11 | AC13: 1.8228176e+11 | AD13: 1.8937599e+11 | AE13: 2.3613577e+11 | AF13: 2.9994137e+11 | AG13: 3.1142593e+11 | AH13: 3.260686e+11 | AI13: 3.2569253e+11 | AJ13: 3.1237282e+11 | AK13: 3.2321688e+11 | AL13: 3.6839174e+11 | AM13: 4.0181942e+11 | AN13: 4.3609798e+11 | AO13: 3.9977888e+11 | AP13: 3.8914651e+11 | AQ13: 4.1544621e+11 | AR13: 3.7889986e+11 | AS13: 3.9463583e+11 | AT13: 4.6685323e+11 | AU13: 6.1332978e+11 | AV13: 6.937641e+11 | AW13: 7.4757263e+11 | AX13: 8.5376462e+11 | AY13: 1.0553348e+12 | AZ13: 9.2716831e+11 | BA13: 1.1428768e+12 | BB13: 1.390557e+12 | BC13: 1.5381945e+12 | BD13: 1.5671786e+12 | BE13: 1.4595979e+12 | BF13: 1.3453831e+12 | BG13: 1.2046164e+12 | BI13: 1970 | BK13: 1.7488866e+09 | BN13: 78619206 | BO13: 3.13855e+10 | BQ13: 3.158421e+10 | BU13: 4.1304737e+10 | BV13: 1.5335972e+10 | BX13: 2.4273257e+08 | BY13: 2.6849174e+10 | BZ13: 3.3362776e+08 | CA13: 4.5840433e+08 | CB13: 8.9927218e+09 | CE13: 5.3842315e+08 | CH13: 53233533 | CI13: 186300000 | CJ13: 1.0171717e+09 | CK13: 4.23276e+10 | CM13: 1.790801e+08 | CO13: 96245114 | CP13: 1.8910655e+08 | CQ13: 8.7896095e+10 | CU13: 9.1263097e+09 | CV13: 9.2602973e+10 | CW13: 1.455483e+09 | CX13: 1.1600023e+09 | CY13: 4.8776849e+09 | CZ13: 2.749607e+08 | DA13: 7.1983605e+09 | DD13: 9.8483016e+08 | DE13: 3.7601997e+09 | DF13: 5693005200 | DK13: 2.1502181e+11 | DN13: 1.7075467e+10 | DO13: 1485400100 | DP13: 4.8634875e+09 | DQ13: 1.2675487e+11 | DR13: 2.7841446e+11 | DS13: 4.0689227e+11 | DU13: 1.0076099e+12 | DV13: 2.8625042e+09 | DW13: 7.6824918e+09 | DX13: 6.4146064e+11 | DZ13: 4.0881655e+10 | EC13: 8.5523435e+11 | EE13: 1.1365954e+10 | EF13: 2.1987848e+08 | EG13: 1.4894886e+11 | EJ13: 3.2380248e+08 | EK13: 1.3067195e+11 | EM13: 2.2150286e+09 | EP13: 52296837 | EQ13: 78733595 | ER13: 66331429 | ES13: 13139862500 | EU13: 69520027 | EV13: 1.904e+09 | EX13: 267800000 | EY13: 2.3796354e+12 | EZ13: 3.8007665e+09 | FA13: 723000000 | FB13: 3.2389167e+10 | FF13: 5.2936275e+11 | FG13: 6.1218663e+11 | FH13: 8.3611704e+10 | FI13: 3.2843394e+10 | FJ13: 9.1506849e+09 | FK13: 5.1155938e+10 | FM13: 6.1589801e+10 | FO13: 4.4003445e+09 | FP13: 1.0976245e+10 | FQ13: 3.2817138e+09 | FR13: 5.3100466e+08 | FS13: 6.2676667e+09 | FT13: 1.1302127e+11 | FU13: 1.4047761e+09 | FV13: 6.3959675e+08 | FW13: 2.1151419e+11 | FY13: 1.6034474e+09 | GA13: 7.1840116e+08 | GB13: 14295280 | GC13: 16300000 | GD13: 8.9992272e+09 | GE13: 2.8739849e+09 | GF13: 1.578807e+11 | GI13: 323099700 | GL13: 1.7659903e+11 | GO13: 90098331 | GP13: 2.2964706e+09 | GQ13: 1.748286e+11 | GR13: 5.9256433e+11 | GS13: 68738625 | GT13: 3.2136534e+11 | GV13: 1.5091551e+09 | GZ13: 3.9563284e+09 | HA13: 2.9307387e+08 | HC13: 1.1118596e+09 | HE13: 4.0541254e+10 | HF13: 35541712000 | HH13: 5.7129642e+11 | HJ13: 3.5977236e+08 | HK13: 2.5072182e+08 | HR13: 2.0934825e+08 | HT13: 2.9052012e+08 | HU13: 3.8641709e+09 | HV13: 1.1639664e+12 | HX13: 3.5881568e+08 | HY13: 6.4991662e+08 | HZ13: 1.2545849e+10 | IA13: 7.7658568e+08 | IB13: 3.7677622e+10 | IC13: 1.2814123e+10 | ID13: 8.6597531e+08 | IG13: 2.3903907e+12 | IH13: 2.562995e+08 | II13: 3.1200005e+09 | IJ13: 1.0027089e+10 | IK13: 1351006400 | IL13: 7.4322232e+09 | IM13: 6.6872048e+09 | IO13: 6.4553713e+08 | IQ13: 2.1951712e+10 | IR13: 5034700000 | IT13: 8.1090328e+09 | IU13: 5.487581e+08 | IX13: 2.3408881e+12 | IY13: 2.54036e+08 | IZ13: 3.017913e+08 | JC13: 219900006 | JD13: 8.4723557e+10 | JE13: 5.3773333e+09 | JF13: 2.4376667e+09 | JG13: 1.0248329e+09 | JH13: 1.9195087e+09 | JJ13: 4.3441037e+08 | JK13: 1132920000 | JO13: 6.5627001e+10 | JQ13: 6.5641311e+10 | JR13: 7.8367872e+09 | JT13: 2.4715e+08 | JW13: 3.7555366e+10 | JX13: 1.1213776e+08 | JZ13: 18432031 | KA13: 2.1403837e+09 | KC13: 4.6926674e+08 | KD13: 1.2649766e+11 | KF13: 2.5397663e+08 | KG13: 7.0865384e+09 | KJ13: 1.6432595e+11 | KN13: 8.4723557e+10 | KO13: 6.5641311e+10 | KP13: 821850000 | KQ13: 1.4392381e+09 | KR13: 1.7086957e+10 | KU13: 1.260084e+09 | KW13: 3.9471233e+11 | KX13: 2.1370968e+09 | KY13: 1075884000000 | LA13: 18450000 | LB13: 1.2848756e+10 | LD13: 219000000 | LG13: 2.9568853e+12 | LK13: 1.8418032e+10 | LL13: 1.8252857e+09 | LM13: 1.8842063e+09
A14: Austria | B14: GDP (current US$) | C14: 6.5926938e+09 | D14: 7.3117496e+09 | E14: 7.7561102e+09 | F14: 8.3741753e+09 | G14: 9.1699839e+09 | H14: 9.9940706e+09 | I14: 1.0887682e+10 | J14: 1.1579432e+10 | K14: 1.2440625e+10 | L14: 1.3582799e+10 | M14: 1.5335972e+10 | N14: 1.7815465e+10 | O14: 2.2006471e+10 | P14: 2.9444365e+10 | Q14: 3.5104529e+10 | R14: 3.9962704e+10 | S14: 4.2856486e+10 | T14: 5.1421586e+10 | U14: 6.1902775e+10 | V14: 7.3759182e+10 | W14: 8.1861233e+10 | X14: 7.0863107e+10 | Y14: 7.1103585e+10 | Z14: 7.1947277e+10 | AA14: 6.7821569e+10 | AB14: 6.9219622e+10 | AC14: 9.8797587e+10 | AD14: 1.2386932e+11 | AE14: 1.3301818e+11 | AF14: 1.3278515e+11 | AG14: 1.6606238e+11 | AH14: 1.7337551e+11 | AI14: 1.9460818e+11 | AJ14: 1.899211e+11 | AK14: 2.0304493e+11 | AL14: 2.4045762e+11 | AM14: 2.367205e+11 | AN14: 2.1232346e+11 | AO14: 2.1768363e+11 | AP14: 2.1672526e+11 | AQ14: 1.9642171e+11 | AR14: 1.9695363e+11 | AS14: 2.1297069e+11 | AT14: 2.6072148e+11 | AU14: 2.9985724e+11 | AV14: 3.1464899e+11 | AW14: 3.3430937e+11 | AX14: 3.8645895e+11 | AY14: 4.2761153e+11 | AZ14: 3.9759428e+11 | BA14: 3.9021187e+11 | BB14: 4.2903736e+11 | BC14: 4.0745158e+11 | BD14: 4.2824842e+11 | BE14: 4.3837618e+11 | BF14: 3.7696741e+11 | BG14: 3.8642779e+11 | BI14: 1971 | BK14: 1.831109e+09 | BN14: 89409820 | BO14: 3.642691e+10 | BQ14: 3.3293199e+10 | BU14: 4.5183111e+10 | BV14: 1.7815465e+10 | BX14: 2.5284229e+08 | BY14: 2.9981318e+10 | BZ14: 3.3507298e+08 | CA14: 4.8241128e+08 | CB14: 8.7518428e+09 | CE14: 573400000 | CH14: 59207317 | CI14: 211100000 | CJ14: 1.0954545e+09 | CK14: 4.9204457e+10 | CM14: 1.9752318e+08 | CO14: 1.2695749e+08 | CP14: 2.0145077e+08 | CQ14: 9.9271961e+10 | CU14: 1.0884115e+10 | CV14: 9.9800959e+10 | CW14: 1.5841283e+09 | CX14: 1.2339911e+09 | CY14: 5.5947704e+09 | CZ14: 3.2212802e+08 | DA14: 7.820381e+09 | DD14: 1.0771529e+09 | DE14: 4.0880139e+09 | DF14: 6914658400 | DK14: 2.4903922e+11 | DN14: 1.9085682e+10 | DO14: 1.6664e+09 | DP14: 5.0772224e+09 | DQ14: 1.363127e+11 | DR14: 3.0075085e+11 | DS14: 4.5155531e+11 | DU14: 1.1363791e+12 | DV14: 2.7542203e+09 | DW14: 8.2660036e+09 | DX14: 7.2704524e+11 | DZ14: 4.6492797e+10 | EC14: 9.6741966e+11 | EE14: 1.253671e+10 | EF14: 2.4774933e+08 | EG14: 1.6656446e+11 | EJ14: 3.8168707e+08 | EK14: 1.481139e+11 | EM14: 2.4171086e+09 | EP14: 55728609 | EQ14: 78540057 | ER14: 64946955 | ES14: 1.4591756e+10 | EU14: 88570953 | EV14: 1984800000 | EX14: 282050000 | EY14: 2.6406801e+12 | EZ14: 4.4760019e+09 | FA14: 731000000 | FB14: 3.4920434e+10 | FF14: 5.785825e+11 | FG14: 6.6168616e+11 | FH14: 8.3933784e+10 | FI14: 3.0365264e+10 | FJ14: 9.3335364e+09 | FK14: 5.4433113e+10 | FM14: 6.6452562e+10 | FO14: 5.103294e+09 | FP14: 1.3731802e+10 | FQ14: 3.8653465e+09 | FR14: 6.7572295e+08 | FS14: 5851750000 | FT14: 1.2426113e+11 | FU14: 1.5398655e+09 | FV14: 6.7824139e+08 | FW14: 2.3891496e+11 | FY14: 1.7783913e+09 | GA14: 9.6991142e+08 | GB14: 15278632 | GC14: 19624746 | GD14: 9.8899611e+09 | GE14: 3.8803704e+09 | GF14: 1.7550549e+11 | GI14: 341543100 | GL14: 1.9751601e+11 | GO14: 1.0488863e+08 | GP14: 2.3693086e+09 | GQ14: 1.8189553e+11 | GR14: 6.3951524e+11 | GS14: 76482103 | GT14: 3.578423e+11 | GV14: 1.5723108e+09 | GZ14: 4.3566337e+09 | HA14: 3.2765149e+08 | HC14: 1.1995076e+09 | HE14: 4.6837776e+10 | HF14: 39200880000 | HH14: 6.1613161e+11 | HJ14: 4.3009674e+08 | HK14: 2.6457988e+08 | HR14: 2.2705105e+08 | HT14: 3.6538957e+08 | HU14: 4.2443403e+09 | HV14: 1.2672531e+12 | HX14: 4.1363434e+08 | HY14: 6.935737e+08 | HZ14: 9.1817699e+09 | IA14: 8.2657141e+08 | IB14: 4.401016e+10 | IC14: 1.4583115e+10 | ID14: 8.8276547e+08 | IF14: 7.9122908e+09 | IG14: 2.6463176e+12 | IH14: 3.0101059e+08 | II14: 3.7036685e+09 | IJ14: 1.0602058e+10 | IK14: 1.5239172e+09 | IL14: 8.2895829e+09 | IM14: 7.4083057e+09 | IO14: 7.1771613e+08 | IQ14: 2.1460771e+10 | IR14: 5646800000 | IT14: 9.2025124e+09 | IU14: 6.0904728e+08 | IX14: 2.5954358e+12 | IY14: 2.966135e+08 | IZ14: 3.8770008e+08 | JC14: 2.2295258e+08 | JD14: 9.0042202e+10 | JE14: 7.1848533e+09 | JF14: 2656000000 | JG14: 1.0581204e+09 | JH14: 2.2625441e+09 | JI14: 50056883 | JJ14: 4.1954943e+08 | JK14: 1186120000 | JO14: 6.6769438e+10 | JQ14: 6.6787674e+10 | JR14: 8.8181441e+09 | JT14: 270650000 | JW14: 4.0980346e+10 | JX14: 1.3646532e+08 | JZ14: 21965952 | KA14: 2.5898517e+09 | KC14: 5.0186673e+08 | KD14: 1.360361e+11 | KF14: 2.8653752e+08 | KG14: 7.375e+09 | KJ14: 1.8324116e+11 | KN14: 9.0042202e+10 | KO14: 6.6787674e+10 | KP14: 8.9675432e+08 | KQ14: 1.6852171e+09 | KR14: 1.625662e+10 | KU14: 1.4177871e+09 | KW14: 4.327203e+11 | KX14: 2.8072581e+09 | KY14: 1167770000000 | LA14: 20051648 | LB14: 1.4625295e+10 | LD14: 257000000 | LG14: 3.2659171e+12 | LK14: 2.0334172e+10 | LL14: 1687000000 | LM14: 2178716300
A15: Azerbaijan | B15: GDP (current US$) | AG15: 8.858006e+09 | AH15: 8.7923658e+09 | AI15: 4.9913505e+09 | AJ15: 3.9730274e+09 | AK15: 3.3137397e+09 | AL15: 3.0524675e+09 | AM15: 3.1767496e+09 | AN15: 3.9627102e+09 | AO15: 4.4463962e+09 | AP15: 4.5812224e+09 | AQ15: 5.2726172e+09 | AR15: 5.7077204e+09 | AS15: 6.2357951e+09 | AT15: 7.276013e+09 | AU15: 8.6804722e+09 | AV15: 1.3245716e+10 | AW15: 2.098302e+10 | AX15: 3.3050344e+10 | AY15: 4.8852483e+10 | AZ15: 4.429149e+10 | BA15: 5.2902703e+10 | BB15: 6.5951627e+10 | BC15: 6.9684318e+10 | BD15: 7.4164436e+10 | BE15: 7.5244167e+10 | BF15: 5.307437e+10 | BG15: 3.7847716e+10 | BI15: 1972 | BK15: 1.5955555e+09 | BN15: 1.1340823e+08 | BO15: 4.3316057e+10 | BQ15: 3.4733001e+10 | BU15: 5.2003505e+10 | BV15: 2.2006471e+10 | BX15: 2.4680457e+08 | BY15: 3.7408627e+10 | BZ15: 4.103319e+08 | CA15: 5.7859558e+08 | CB15: 6.2882459e+09 | CE15: 590900000 | CH15: 66062500 | CI15: 235400000 | CJ15: 1.2576156e+09 | CK15: 5.8539009e+10 | CM15: 2.7081856e+08 | CO15: 1.6525809e+08 | CP15: 2.3031791e+08 | CQ15: 1.1308282e+11 | CU15: 1.1853817e+10 | CV15: 1.1368759e+11 | CW15: 1.8494006e+09 | CX15: 1.4309513e+09 | CY15: 6.1737128e+09 | CZ15: 4.1066926e+08 | DA15: 8.6713587e+09 | DD15: 1.2382517e+09 | DE15: 4.7325433e+09 | DF15: 8.1351509e+09 | DK15: 2.9866722e+11 | DN15: 2.3232412e+10 | DO15: 1987300000 | DP15: 6.7617864e+09 | DQ15: 1.5464109e+11 | DR15: 3.3026478e+11 | DS15: 5.6041854e+11 | DU15: 1.3617306e+12 | DV15: 3.1859872e+09 | DW15: 8.7639607e+09 | DX15: 8.7837197e+11 | DZ15: 5.8971807e+10 | EC15: 1.1583201e+12 | EE15: 1.4754137e+10 | EF15: 3.1665051e+08 | EG15: 2.0428349e+11 | EJ15: 4.3050836e+08 | EK15: 1.6996503e+11 | EM15: 2.1122933e+09 | EP15: 59161545 | EQ15: 87702829 | ER15: 65429198 | ES15: 1.6885507e+10 | EU15: 1.0610118e+08 | EV15: 2.1013e+09 | EX15: 2.8538095e+08 | EY15: 3.063716e+12 | EZ15: 5.7101074e+09 | FA15: 802999950 | FB15: 3.7813701e+10 | FF15: 6.5114912e+11 | FG15: 7.3761096e+11 | FH15: 8.7371341e+10 | FI15: 3.3936248e+10 | FJ15: 1.099759e+10 | FK15: 5.3913728e+10 | FM15: 7.0509913e+10 | FO15: 6.3243124e+09 | FP15: 1.7153463e+10 | FQ15: 4.113848e+09 | FR15: 8.4650691e+08 | FS15: 7496250000 | FT15: 1.4478089e+11 | FU15: 1.8750489e+09 | FV15: 7.8857463e+08 | FW15: 3.1639334e+11 | FY15: 2.1072792e+09 | GA15: 5.0554944e+08 | GB15: 18936527 | GC15: 22944849 | GD15: 1.084222e+10 | GE15: 4.451201e+09 | GF15: 1.9859965e+11 | GI15: 368098000 | GL15: 2.2201246e+11 | GO15: 1.2494193e+08 | GP15: 2.5539363e+09 | GQ15: 1.9322695e+11 | GR15: 7.14843e+11 | GS15: 80915832 | GT15: 4.1066288e+11 | GV15: 1.968733e+09 | GZ15: 5.0741175e+09 | HA15: 4.0246033e+08 | HC15: 1.3415907e+09 | HE15: 5.7004802e+10 | HF15: 45178120000 | HH15: 6.8897337e+11 | HJ15: 4.8661733e+08 | HK15: 2.9511825e+08 | HR15: 2.650094e+08 | HT15: 4.060842e+08 | HU15: 5.0432685e+09 | HV15: 1.3957672e+12 | HX15: 5.0589251e+08 | HY15: 7.4277966e+08 | HZ15: 1.2274416e+10 | IA15: 8.8084289e+08 | IB15: 5.4008339e+10 | IC15: 1.7358611e+10 | ID15: 1.0240988e+09 | IF15: 9.5673311e+09 | IG15: 3.070546e+12 | IH15: 3.6685774e+08 | II15: 4.485075e+09 | IJ15: 9.3091098e+09 | IK15: 1.6734117e+09 | IL15: 9.1894134e+09 | IM15: 8.0174687e+09 | IO15: 8.5880204e+08 | IQ15: 2.4863759e+10 | IR15: 6328900000 | IT15: 1.1240223e+10 | IU15: 6.9729173e+08 | IX15: 3.010533e+12 | IY15: 3.2584325e+08 | IZ15: 5.1025994e+08 | JC15: 2.4645784e+08 | JD15: 9.0429767e+10 | JE15: 9.6641575e+09 | JF15: 2.882e+09 | JG15: 1.2803282e+09 | JH15: 2.7199004e+09 | JI15: 40606712 | JJ15: 4.6538109e+08 | JK15: 1263720000 | JO15: 7.5217263e+10 | JQ15: 7.5244561e+10 | JR15: 1.0407377e+10 | JT15: 287600000 | JW15: 4.8263915e+10 | JX15: 1.4674125e+08 | JZ15: 30645121 | KA15: 3.0596822e+09 | KC15: 5.8542755e+08 | KD15: 1.5432729e+11 | KF15: 3.3567764e+08 | KG15: 8.1778846e+09 | KJ15: 2.0565694e+11 | KN15: 9.0429767e+10 | KO15: 7.5244561e+10 | KP15: 1.083381e+09 | KQ15: 2.2374764e+09 | KR15: 2.0431095e+10 | KU15: 1.4915966e+09 | KW15: 4.9463216e+11 | KX15: 2.189418e+09 | KY15: 1282449000000 | LA15: 27585489 | LB15: 1.5922864e+10 | LD15: 307100000 | LG15: 3.7661314e+12 | LK15: 2.1358137e+10 | LL15: 1.9107143e+09 | LM15: 2677729400
A16: Burundi | B16: GDP (current US$) | C16: 195999990 | D16: 202999992 | E16: 213500006 | F16: 232749998 | G16: 260750008 | H16: 1.5899496e+08 | I16: 1.6544457e+08 | J16: 1.7829714e+08 | K16: 183200000 | L16: 1.9020571e+08 | M16: 2.4273257e+08 | N16: 2.5284229e+08 | O16: 2.4680457e+08 | P16: 3.0433984e+08 | Q16: 3.4526349e+08 | R16: 4.2098667e+08 | S16: 4.4841275e+08 | T16: 5.4753556e+08 | U16: 6.1022556e+08 | V16: 7.8249667e+08 | W16: 9.1972667e+08 | X16: 9.6904667e+08 | Y16: 1.0132222e+09 | Z16: 1.0829263e+09 | AA16: 9.8714393e+08 | AB16: 1.1499793e+09 | AC16: 1.2017255e+09 | AD16: 1.1314665e+09 | AE16: 1.0824032e+09 | AF16: 1.1139241e+09 | AG16: 1.1321013e+09 | AH16: 1.1673985e+09 | AI16: 1.0830377e+09 | AJ16: 9.3863261e+08 | AK16: 9.2503059e+08 | AL16: 1.0004284e+09 | AM16: 8.6903386e+08 | AN16: 9.7289627e+08 | AO16: 8.9377081e+08 | AP16: 8.0807722e+08 | AQ16: 8.7048607e+08 | AR16: 8.7679472e+08 | AS16: 8.2539449e+08 | AT16: 7.8465442e+08 | AU16: 9.1525732e+08 | AV16: 1.1172573e+09 | AW16: 1.2731806e+09 | AX16: 1.3560783e+09 | AY16: 1.6116343e+09 | AZ16: 1.7397815e+09 | BA16: 2.0268645e+09 | BB16: 2.3556521e+09 | BC16: 2.4723849e+09 | BD16: 2.7145056e+09 | BE16: 3.0936472e+09 | BF16: 3.0973247e+09 | BG16: 3.007029e+09 | BI16: 1973 | BK16: 1.7333333e+09 | BN16: 1.508201e+08 | BO16: 5.5018395e+10 | BQ16: 5.2544e+10 | BU16: 6.3782191e+10 | BV16: 2.9444365e+10 | BX16: 3.0433984e+08 | BY16: 4.7999409e+10 | BZ16: 5.0437604e+08 | CA16: 6.7477382e+08 | CB16: 8.0867257e+09 | CE16: 6.709e+08 | CH16: 78343558 | CI16: 269500000 | CJ16: 1.2630185e+09 | CK16: 7.9279058e+10 | CM16: 4.33092e+08 | CO16: 2.4412909e+08 | CP16: 2.7118306e+08 | CQ16: 1.3132186e+11 | CU16: 1.6836261e+10 | CV16: 1.3854428e+11 | CW16: 2.5084212e+09 | CX16: 1.7587274e+09 | CY16: 7.8702395e+09 | CZ16: 5.4197336e+08 | DA16: 1.031576e+10 | DD16: 1.5289162e+09 | DE16: 5.1699321e+09 | DF16: 9.9877097e+09 | DK16: 3.9686674e+11 | DN16: 3.0730639e+10 | DO16: 2344699900 | DP16: 8.7151059e+09 | DQ16: 1.9470104e+11 | DR16: 4.2253823e+11 | DS16: 7.3862961e+11 | DU16: 1.729502e+12 | DV16: 3.8917556e+09 | DW16: 9.6167254e+09 | DX16: 1.1402153e+12 | DZ16: 7.8425935e+10 | EC16: 1.4707258e+12 | EE16: 1.9486827e+10 | EF16: 4.2596336e+08 | EG16: 2.6538156e+11 | EJ16: 7.227807e+08 | EK16: 1.9253797e+11 | EM16: 2.465493e+09 | EP16: 75187970 | EQ16: 89374237 | ER16: 81203227 | ES16: 2.2347845e+10 | EU16: 1.4015375e+08 | EV16: 2569200100 | EX16: 3.0704762e+08 | EY16: 3.7063299e+12 | EZ16: 8.0301176e+09 | FA16: 912499950 | FB16: 4.5584823e+10 | FF16: 8.3782191e+11 | FG16: 9.3683899e+11 | FH16: 1.001445e+11 | FI16: 3.6073763e+10 | FJ16: 1.6273253e+10 | FK16: 6.5130587e+10 | FM16: 8.4374542e+10 | FO16: 7.488575e+09 | FP16: 2.7081698e+10 | FQ16: 5.1343678e+09 | FR16: 1.1638645e+09 | FS16: 9692000000 | FT16: 1.7491318e+11 | FU16: 1.9059176e+09 | FV16: 9.4370055e+08 | FW16: 4.2985732e+11 | FY16: 2.5021424e+09 | GA16: 7.0289916e+08 | GB16: 31710658 | GC16: 24196018 | GD16: 1.3841886e+10 | GE16: 5.408294e+09 | GF16: 2.5911767e+11 | GI16: 386968300 | GL16: 2.9063542e+11 | GO16: 1.6593061e+08 | GP16: 2875625000 | GQ16: 2.3025757e+11 | GR16: 9.0387195e+11 | GS16: 1.2118156e+08 | GT16: 5.2168795e+11 | GV16: 2.7018747e+09 | GZ16: 6.2421778e+09 | HA16: 5.2355282e+08 | HC16: 1.6530623e+09 | HE16: 7.6859487e+10 | HF16: 5.5271304e+10 | HH16: 8.7297789e+11 | HJ16: 5.6368366e+08 | HK16: 3.4560203e+08 | HR16: 3.3373187e+08 | HT16: 4.4430222e+08 | HU16: 7.6629968e+09 | HV16: 1.5601404e+12 | HX16: 5.4229486e+08 | HY16: 9.463851e+08 | HZ16: 1.5162871e+10 | IA16: 1.0935714e+09 | IB16: 7.0924006e+10 | IC16: 2.2534254e+10 | ID16: 9.7210172e+08 | IF16: 1.2802282e+10 | IG16: 3.7091852e+12 | IH16: 4.8303393e+08 | II16: 6.495785e+09 | IJ16: 6.3248841e+09 | IK16: 1.9137934e+09 | IL16: 1.0994382e+10 | IM16: 1.0082886e+10 | IO16: 1.2991052e+09 | IQ16: 3.048337e+10 | IR16: 7002400000 | IT16: 1.5092052e+10 | IU16: 8.8935706e+08 | IX16: 3.6334027e+12 | IY16: 4.312541e+08 | IZ16: 7.9388437e+08 | JC16: 2.9074616e+08 | JD16: 1.033941e+11 | JE16: 1.4947391e+10 | JF16: 3.5716667e+09 | JG16: 1.4719135e+09 | JH16: 3693760000 | JI16: 55272109 | JJ16: 5.7523023e+08 | JK16: 1442320000 | JO16: 9.6146371e+10 | JQ16: 9.6178659e+10 | JR16: 1.2964754e+10 | JT16: 3.053e+08 | JW16: 5.8567384e+10 | JX16: 2.2190202e+08 | JZ16: 36896278 | KA16: 3.2394881e+09 | KC16: 6.4719948e+08 | KD16: 1.9430595e+11 | KF16: 4.0647991e+08 | KG16: 1.0838587e+10 | KJ16: 2.7132885e+11 | KN16: 1.033941e+11 | KO16: 9.6178659e+10 | KP16: 1.3087995e+09 | KQ16: 2.7307875e+09 | KR16: 2.5724382e+10 | KU16: 1.702521e+09 | KW16: 6.4214046e+11 | KX16: 3.9642957e+09 | KY16: 1428549000000 | LA16: 30165374 | LB16: 1.9466279e+10 | LD16: 351600000 | LG16: 4.5892034e+12 | LK16: 2.9293948e+10 | LL16: 2.2687143e+09 | LM16: 3309353600
A17: Belgium | B17: GDP (current US$) | C17: 1.1658723e+10 | D17: 1.2400145e+10 | E17: 1.3264016e+10 | F17: 1.4260017e+10 | G17: 1.5960107e+10 | H17: 1.7371458e+10 | I17: 1.8651883e+10 | J17: 1.9992041e+10 | K17: 2.1376353e+10 | L17: 2.3710736e+10 | M17: 2.6849174e+10 | N17: 2.9981318e+10 | O17: 3.7408627e+10 | P17: 4.7999409e+10 | Q17: 5.6333064e+10 | R17: 6.6029811e+10 | S17: 7.1494607e+10 | T17: 8.3283407e+10 | U17: 1.0178857e+11 | V17: 1.1693818e+11 | W17: 1.2750832e+11 | X17: 1.0529071e+11 | Y17: 9.2588983e+10 | Z17: 8.7650999e+10 | AA17: 8.379576e+10 | AB17: 8.6730121e+10 | AC17: 1.2066133e+11 | AD17: 1.5019422e+11 | AE17: 1.6316801e+11 | AF17: 1.6510025e+11 | AG17: 2.0643104e+11 | AH17: 2.1163802e+11 | AI17: 2.3603861e+11 | AJ17: 2.2592489e+11 | AK17: 2.4619517e+11 | AL17: 2.895676e+11 | AM17: 2.8135765e+11 | AN17: 2.5481394e+11 | AO17: 2.6060236e+11 | AP17: 2.6020243e+11 | AQ17: 2.3790492e+11 | AR17: 2.3784161e+11 | AS17: 2.5886034e+11 | AT17: 3.1900339e+11 | AU17: 3.7088527e+11 | AV17: 3.87366e+11 | AW17: 4.0981307e+11 | AX17: 4.7182179e+11 | AY17: 5.1862604e+11 | AZ17: 4.8455265e+11 | BA17: 4.8354869e+11 | BB17: 5.2700804e+11 | BC17: 4.9788409e+11 | BD17: 5.2011714e+11 | BE17: 5.317509e+11 | BF17: 4.5499132e+11 | BG17: 4.6636573e+11 | BI17: 1974 | BK17: 2.1555555e+09 | BN17: 1.865587e+08 | BO17: 1.051458e+11 | BQ17: 7.2436777e+10 | BU17: 8.8906411e+10 | BV17: 3.5104529e+10 | BX17: 3.4526349e+08 | BY17: 5.6333064e+10 | BZ17: 5.5465479e+08 | CA17: 7.5113364e+08 | CB17: 1.2512461e+10 | CE17: 6.324e+08 | CH17: 1.0321637e+08 | CI17: 312600000 | CJ17: 2.1002499e+09 | CK17: 1.0513601e+11 | CM17: 1.0735771e+09 | CO17: 3.0603385e+08 | CP17: 2.8139867e+08 | CQ17: 1.604087e+11 | CU17: 1.6210404e+10 | CV17: 1.4418213e+11 | CW17: 3.0701519e+09 | CX17: 2.255497e+09 | CY17: 9.5969602e+09 | CZ17: 5.8536464e+08 | DA17: 1.237003e+10 | DD17: 1.6665448e+09 | DE17: 6.720764e+09 | DF17: 1.1405957e+10 | DK17: 4.4361864e+11 | DN17: 3.4160364e+10 | DO17: 2925600000 | DP17: 1.3209714e+10 | DQ17: 2.1965941e+11 | DR17: 5.9250442e+11 | DS17: 8.50486e+11 | DU17: 1.9540792e+12 | DV17: 6.5992594e+09 | DW17: 9.0151668e+09 | DX17: 1.2929132e+12 | DZ17: 9.70098e+10 | EC17: 1.6529028e+12 | EE17: 2.4867279e+10 | EF17: 5.5858987e+08 | EG17: 2.8652619e+11 | EJ17: 1.544216e+09 | EK17: 2.0613137e+11 | EM17: 2.8944099e+09 | EP17: 95797533 | EQ17: 98775329 | ER17: 94159863 | ES17: 2.5351306e+10 | EU17: 1.6991895e+08 | EV17: 3161499900 | EX17: 4.3395455e+08 | EY17: 4.181858e+12 | EZ17: 9.3886636e+09 | FA17: 1034500000 | FB17: 5.6142116e+10 | FF17: 1.0572511e+12 | FG17: 1.1916846e+12 | FH17: 1.3588941e+11 | FI17: 5.2387319e+10 | FJ17: 2.580241e+10 | FK17: 8.4317853e+10 | FM17: 9.8198277e+10 | FO17: 7.9046732e+09 | FP17: 4.6209092e+10 | FQ17: 1.1516763e+10 | FR17: 1.5275596e+09 | FS17: 13986250000 | FT17: 1.9890621e+11 | FU17: 2.3750962e+09 | FV17: 1.1974542e+09 | FW17: 4.7715579e+11 | FY17: 2.9733093e+09 | GA17: 5.8844389e+08 | GB17: 85637174 | GC17: 31514856 | GD17: 1.9482038e+10 | GE17: 1.3004775e+10 | GF17: 3.4458717e+11 | GI17: 486955000 | GL17: 3.7741461e+11 | GO17: 1.9398372e+08 | GP17: 3.5745865e+09 | GQ17: 2.9574692e+11 | GR17: 1.1553647e+12 | GS17: 1.5084621e+08 | GT17: 6.1435849e+11 | GV17: 3.295861e+09 | GZ17: 7.6754085e+09 | HA17: 5.6393967e+08 | HC17: 1.9175082e+09 | HE17: 1.4050909e+11 | HF17: 71976544000 | HH17: 1.1187459e+12 | HJ17: 5.3874727e+08 | HK17: 3.7609411e+08 | HR17: 4.1477235e+08 | HT17: 5.4861879e+08 | HU17: 9.4960741e+09 | HV17: 1.7095463e+12 | HX17: 6.374002e+08 | HY17: 1.0261371e+09 | HZ17: 2.4846641e+10 | IA17: 1.5209e+09 | IB17: 8.6129928e+10 | IC17: 2.7145694e+10 | ID17: 1.2179535e+09 | IF17: 1.3940982e+10 | IG17: 4.1582808e+12 | IH17: 1.6459178e+09 | II17: 1.1967803e+10 | IJ17: 8.7730304e+09 | IK17: 2188307600 | IL17: 1.3858441e+10 | IM17: 1.378114e+10 | IO17: 1.4673461e+09 | IQ17: 4.3595338e+10 | IR17: 7684800000 | IT17: 1.7514112e+10 | IU17: 1.199619e+09 | IX17: 4.0575723e+12 | IY17: 5.5533799e+08 | IZ17: 2.4014032e+09 | JC17: 3.0845842e+08 | JD17: 1.2525303e+11 | JE17: 4.5412958e+10 | JF17: 4.595e+09 | JG17: 1.6582737e+09 | JH17: 5.2167738e+09 | JI17: 84539332 | JJ17: 6.4859064e+08 | JK17: 1665880000 | JO17: 1.2601315e+11 | JQ17: 1.2604949e+11 | JR17: 2.0152451e+10 | JT17: 368600000 | JW17: 6.5082581e+10 | JX17: 2.6431199e+08 | JZ17: 43134499 | KA17: 5.1595572e+09 | KC17: 6.525328e+08 | KD17: 2.1921368e+11 | KF17: 5.6043774e+08 | KG17: 1.3703001e+10 | KJ17: 3.55626e+11 | KN17: 1.2525303e+11 | KO17: 1.2604949e+11 | KP17: 2.0420319e+09 | KQ17: 3.5459336e+09 | KR17: 3.5599914e+10 | KU17: 2.1001427e+09 | KW17: 8.2221788e+11 | KX17: 4.0902097e+09 | KY17: 1548825000000 | LA17: 32924216 | LB17: 2.8985628e+10 | LD17: 395400000 | LG17: 5.2928534e+12 | LK17: 3.6806475e+10 | LL17: 3.1218333e+09 | LM17: 3982161400
A18: Benin | B18: GDP (current US$) | C18: 2.2619558e+08 | D18: 2.3566822e+08 | E18: 2.3643491e+08 | F18: 2.5392765e+08 | G18: 2.6981899e+08 | H18: 2.8990872e+08 | I18: 3.0292528e+08 | J18: 3.06222e+08 | K18: 3.263231e+08 | L18: 3.3074821e+08 | M18: 3.3362776e+08 | N18: 3.3507298e+08 | O18: 4.103319e+08 | P18: 5.0437604e+08 | Q18: 5.5465479e+08 | R18: 6.7687014e+08 | S18: 6.9840824e+08 | T18: 7.5004974e+08 | U18: 9.288433e+08 | V18: 1.1862313e+09 | W18: 1.4052515e+09 | X18: 1.29112e+09 | Y18: 1.2677785e+09 | Z18: 1.0953483e+09 | AA18: 1.0511339e+09 | AB18: 1.0457127e+09 | AC18: 1.336102e+09 | AD18: 1.562412e+09 | AE18: 1.6202462e+09 | AF18: 1.5022944e+09 | AG18: 1.9599652e+09 | AH18: 1.9864379e+09 | AI18: 1.6953153e+09 | AJ18: 2.2745579e+09 | AK18: 1.5980759e+09 | AL18: 2.1696273e+09 | AM18: 2.3611166e+09 | AN18: 2.2683015e+09 | AO18: 2.4550926e+09 | AP18: 2.6897879e+09 | AQ18: 2.5691866e+09 | AR18: 2.6802139e+09 | AS18: 3.0545711e+09 | AT18: 3.9053662e+09 | AU18: 4.5214248e+09 | AV18: 4.8037028e+09 | AW18: 5.1423808e+09 | AX18: 5.9695351e+09 | AY18: 7.1327874e+09 | AZ18: 7.0971987e+09 | BA18: 6.9702409e+09 | BB18: 7.8140812e+09 | BC18: 8.1525545e+09 | BD18: 9.1567484e+09 | BE18: 9.707432e+09 | BF18: 8.2909868e+09 | BG18: 8.5830314e+09 | BI18: 1975 | BK18: 2.3666666e+09 | BN18: 2.2012725e+08 | BO18: 1.1633702e+11 | BP18: 1.4720673e+10 | BQ18: 5.2438648e+10 | BU18: 9.7226546e+10 | BV18: 3.9962704e+10 | BX18: 4.2098667e+08 | BY18: 6.6029811e+10 | BZ18: 6.7687014e+08 | CA18: 9.399727e+08 | CB18: 1.9448348e+10 | CE18: 5.962e+08 | CH18: 1.180663e+08 | CI18: 345000000 | CJ18: 2.4046977e+09 | CK18: 1.2370938e+11 | CM18: 1.1683043e+09 | CO18: 3.5517241e+08 | CP18: 3.7866002e+08 | CQ18: 1.7383403e+11 | CU18: 7.6222174e+09 | CV18: 1.6343155e+11 | CW18: 3.8938392e+09 | CX18: 2.752771e+09 | CY18: 1.0237343e+10 | CZ18: 7.6710268e+08 | DA18: 1.3098634e+10 | DD18: 1.9608635e+09 | DE18: 7.8640134e+09 | DF18: 1.3027415e+10 | DI18: 4.8991476e+08 | DK18: 4.8878016e+11 | DN18: 4.04744e+10 | DO18: 3.5993001e+09 | DP18: 1.5557934e+10 | DQ18: 2.4694409e+11 | DR18: 6.3629293e+11 | DS18: 9.311832e+11 | DU18: 2.2828795e+12 | DV18: 7.7316773e+09 | DW18: 1.1437966e+10 | DX18: 1.4992927e+12 | DZ18: 1.144653e+11 | EC18: 1.9269733e+12 | EE18: 2.9494516e+10 | EF18: 6.8426828e+08 | EG18: 3.6200092e+11 | EJ18: 2.1575929e+09 | EK18: 2.4175664e+11 | EM18: 2.8101064e+09 | EP18: 1.1518252e+08 | EQ18: 1.0898574e+08 | ER18: 1.0429564e+08 | ES18: 2.8525872e+10 | EU18: 2.1119431e+08 | EV18: 3645900000 | EX18: 4.9479167e+08 | EY18: 4.6634565e+12 | EZ18: 1.0048022e+10 | FA18: 1124000000 | FB18: 6.3535307e+10 | FF18: 1.1427241e+12 | FG18: 1.3036673e+12 | FH18: 1.6264911e+11 | FI18: 6.0251909e+10 | FJ18: 3.0463855e+10 | FK18: 1.0384559e+11 | FM18: 9.7159222e+10 | FO18: 9.4931916e+09 | FP18: 5.1776222e+10 | FQ18: 1.3458517e+10 | FR18: 1.4183603e+09 | FS18: 1.3028167e+10 | FT18: 2.2694478e+11 | FU18: 2.8604113e+09 | FV18: 1.3630394e+09 | FW18: 5.1885581e+11 | FY18: 3.2593449e+09 | GB18: 55081817 | GC18: 33364055 | GD18: 2.1704752e+10 | GE18: 1.2024138e+10 | GF18: 3.7128081e+11 | GI18: 577549300 | GL18: 3.9590797e+11 | GO18: 2.4638748e+08 | GP18: 3.7912981e+09 | GQ18: 3.2831508e+11 | GR18: 1.2782009e+12 | GS18: 1.4956051e+08 | GT18: 6.7506286e+11 | GV18: 3.2334316e+09 | GZ18: 8.9848242e+09 | HA18: 7.1192299e+08 | HC18: 2.2830492e+09 | HE18: 1.5363464e+11 | HF18: 88003984000 | HH18: 1.2361749e+12 | HJ18: 8.3071062e+08 | HK18: 4.7462044e+08 | HR18: 4.7591651e+08 | HT18: 6.1319687e+08 | HU18: 9.2988008e+09 | HV18: 1.863102e+12 | HX18: 8.1664787e+08 | HY18: 1.0486909e+09 | HZ18: 2.7778935e+10 | IA18: 1.5904285e+09 | IB18: 9.8970041e+10 | IC18: 3.2877805e+10 | ID18: 1.5757893e+09 | IF18: 1.2861983e+10 | IG18: 4.6588251e+12 | IH18: 2.0966992e+09 | II18: 1.3355843e+10 | IJ18: 1.134e+10 | IK18: 2435304100 | IL18: 1.6877164e+10 | IM18: 1.4893969e+10 | IO18: 1.3565912e+09 | IQ18: 4.9542344e+10 | IR18: 8198300000 | IT18: 1.9349513e+10 | IU18: 1.3518894e+09 | IW18: 1.1196283e+09 | IX18: 4.5463489e+12 | IY18: 6.9031975e+08 | IZ18: 2.512784e+09 | JC18: 5.718633e+08 | JD18: 1.3441625e+11 | JE18: 4.6773368e+10 | JF18: 5598000000 | JG18: 2.2357466e+09 | JH18: 5.6333867e+09 | JI18: 74617096 | JJ18: 6.793359e+08 | JK18: 1884120100 | JO18: 1.3858281e+11 | JQ18: 1.3862319e+11 | JR18: 2.293662e+10 | JT18: 465000000 | JW18: 8.1716752e+10 | JX18: 2.8830291e+08 | JZ18: 47803146 | KA18: 6.8269808e+09 | KC18: 8.646021e+08 | KD18: 2.4644299e+11 | KF18: 6.1732167e+08 | KG18: 1.4882748e+10 | KJ18: 3.7193086e+11 | KM18: 32506742 | KN18: 1.3441625e+11 | KO18: 1.3862319e+11 | KP18: 2.4426676e+09 | KQ18: 4.3286105e+09 | KR18: 4.4633707e+10 | KU18: 2.3595556e+09 | KW18: 9.0691355e+11 | KX18: 3.5382833e+09 | KY18: 1688923000000 | LA18: 33237165 | LB18: 3.1303581e+10 | LD18: 399800000 | LG18: 5.8937421e+12 | LK18: 3.8114943e+10 | LL18: 2.6186667e+09 | LM18: 4371300700
A19: Burkina Faso | B19: GDP (current US$) | C19: 3.3044282e+08 | D19: 3.5024724e+08 | E19: 3.7956718e+08 | F19: 3.9404075e+08 | G19: 4.1032179e+08 | H19: 4.2291685e+08 | I19: 4.3388983e+08 | J19: 4.5075399e+08 | K19: 4.6044286e+08 | L19: 4.7829878e+08 | M19: 4.5840433e+08 | N19: 4.8241128e+08 | O19: 5.7859558e+08 | P19: 6.7477382e+08 | Q19: 7.5113364e+08 | R19: 9.399727e+08 | S19: 9.7654757e+08 | T19: 1.1312253e+09 | U19: 1.475584e+09 | V19: 1.748481e+09 | W19: 1.9287204e+09 | X19: 1.7758427e+09 | Y19: 1.7544504e+09 | Z19: 1.6002788e+09 | AA19: 1.4598804e+09 | AB19: 1.5524934e+09 | AC19: 2.0363034e+09 | AD19: 2.3698354e+09 | AE19: 2.6160406e+09 | AF19: 2.6155885e+09 | AG19: 3.1013018e+09 | AH19: 3.1350457e+09 | AI19: 2.2402647e+09 | AJ19: 2.332018e+09 | AK19: 1.895291e+09 | AL19: 2.3795181e+09 | AM19: 2.5865507e+09 | AN19: 2.4476694e+09 | AO19: 2.8049027e+09 | AP19: 2.9937532e+09 | AQ19: 2.6289201e+09 | AR19: 2.8128455e+09 | AS19: 3.2055923e+09 | AT19: 4.2056912e+09 | AU19: 4.8385511e+09 | AV19: 5.4627095e+09 | AW19: 5.8446698e+09 | AX19: 6.7712779e+09 | AY19: 8.3696371e+09 | AZ19: 8.3691751e+09 | BA19: 8.9799668e+09 | BB19: 1.0724061e+10 | BC19: 1.1166062e+10 | BD19: 1.1934607e+10 | BE19: 1.2400689e+10 | BF19: 1.1148759e+10 | BG19: 1.2115156e+10 | BI19: 1976 | BK19: 2.5555556e+09 | BN19: 2.2728102e+08 | BO19: 1.4484618e+11 | BP19: 1.9213023e+10 | BQ19: 5.11695e+10 | BU19: 1.0497416e+11 | BV19: 4.2856486e+10 | BX19: 4.4841275e+08 | BY19: 7.1494607e+10 | BZ19: 6.9840824e+08 | CA19: 9.7654757e+08 | CB19: 1.0117113e+10 | CE19: 642100000 | CH19: 96905830 | CI19: 386300000 | CJ19: 2.732084e+09 | CK19: 1.5267802e+11 | CM19: 1.4230614e+09 | CO19: 3.7201012e+08 | CP19: 4.5115245e+08 | CQ19: 2.0657556e+11 | CU19: 1.0341925e+10 | CV19: 1.5394046e+11 | CW19: 4.6620537e+09 | CX19: 3.0765924e+09 | CY19: 9.6485832e+09 | CZ19: 7.545496e+08 | DA19: 1.5341404e+10 | DD19: 2.4125554e+09 | DE19: 8.0700178e+09 | DF19: 1.378958e+10 | DI19: 5.7609007e+08 | DK19: 5.1778792e+11 | DN19: 4.4575848e+10 | DO19: 3951399900 | DP19: 1.7728347e+10 | DQ19: 2.5064989e+11 | DR19: 6.9440192e+11 | DS19: 1.0236243e+12 | DU19: 2.3727963e+12 | DV19: 9.0919243e+09 | DW19: 1.3360477e+10 | DX19: 1.5645181e+12 | DZ19: 1.1818531e+11 | EC19: 1.9957309e+12 | EE19: 3.1873172e+10 | EF19: 6.9455241e+08 | EG19: 3.7341027e+11 | EJ19: 3.00941e+09 | EK19: 2.3261456e+11 | EM19: 2.7652544e+09 | EP19: 1.1218947e+08 | EQ19: 1.1238649e+08 | ER19: 1.0365305e+08 | ES19: 3.115284e+10 | EU19: 2.4078041e+08 | EV19: 4.3653002e+09 | EX19: 4.5444e+08 | EY19: 5.0795078e+12 | EZ19: 1.2876366e+10 | FA19: 1.3479999e+09 | FB19: 6.7559791e+10 | FF19: 1.2462894e+12 | FG19: 1.4138161e+12 | FH19: 1.6932132e+11 | FI19: 7.3264439e+10 | FJ19: 3.7269157e+10 | FK19: 9.5540889e+10 | FM19: 1.0134697e+11 | FO19: 9.4631102e+09 | FP19: 6.8055295e+10 | FQ19: 1.7754826e+10 | FR19: 1.6831174e+09 | FS19: 12359875000 | FT19: 2.2397603e+11 | FU19: 2.9660102e+09 | FV19: 1.7087349e+09 | FW19: 5.8314296e+11 | FY19: 3.4745424e+09 | GB19: 41109617 | GC19: 30095602 | GD19: 2.9779339e+10 | GE19: 1.3131669e+10 | GF19: 4.1164348e+11 | GI19: 596675700 | GL19: 4.4023486e+11 | GO19: 2.7249388e+08 | GP19: 3.5913199e+09 | GQ19: 3.5597073e+11 | GR19: 1.383584e+12 | GS19: 1.4765409e+08 | GT19: 7.365537e+11 | GV19: 3.544268e+09 | GZ19: 9.5843233e+09 | HA19: 7.3533991e+08 | HC19: 2.1818442e+09 | HE19: 1.910786e+11 | HF19: 8.9023916e+10 | HH19: 1.3418608e+12 | HJ19: 9.3922799e+08 | HK19: 5.2793699e+08 | HR19: 5.2440793e+08 | HS19: 7.0699127e+08 | HT19: 6.7030925e+08 | HU19: 1.1050126e+10 | HV19: 2.0845489e+12 | HX19: 7.9831051e+08 | HY19: 1.0645176e+09 | HZ19: 3.6308883e+10 | IA19: 1.8478714e+09 | IB19: 1.077754e+11 | IC19: 3.5942271e+10 | ID19: 1.452793e+09 | IF19: 1.3604832e+10 | IG19: 5.0490095e+12 | IH19: 2.56022e+09 | II19: 1.6602401e+10 | IJ19: 1.3338485e+10 | IK19: 2.588106e+09 | IL19: 1.5947709e+10 | IM19: 1.7097563e+10 | IO19: 1.5118566e+09 | IQ19: 5.8304074e+10 | IR19: 8968600000 | IT19: 2.0334836e+10 | IU19: 1.5408202e+09 | IW19: 1.1227017e+09 | IX19: 4.932972e+12 | IY19: 7.3228614e+08 | IZ19: 3.2843013e+09 | JC19: 6.3775416e+08 | JD19: 1.3116774e+11 | JE19: 6.4005666e+10 | JF19: 6.9793333e+09 | JG19: 2.2668607e+09 | JH19: 6.3264454e+09 | JI19: 83099108 | JJ19: 5.9489567e+08 | JK19: 2328280100 | JO19: 1.5048273e+11 | JQ19: 1.5052357e+11 | JR19: 2.6214424e+10 | JT19: 5.055e+08 | JW19: 8.8102108e+10 | JX19: 2.725391e+08 | JZ19: 49278980 | KA19: 7.6335289e+09 | KC19: 8.6604496e+08 | KD19: 2.5014127e+11 | KF19: 6.1937513e+08 | KG19: 1.6985211e+10 | KJ19: 4.1444538e+11 | KM19: 30036417 | KN19: 1.3116774e+11 | KO19: 1.5052357e+11 | KP19: 2.5004106e+09 | KQ19: 4.5079291e+09 | KR19: 5.1280135e+10 | KU19: 2447300000 | KW19: 9.8488544e+11 | KX19: 3.6671612e+09 | KY19: 1877587000000 | LA19: 32792481 | LB19: 3.6187023e+10 | LD19: 440000000 | LG19: 6.4122453e+12 | LK19: 3.6601886e+10 | LL19: 2.7467143e+09 | LM19: 4318372000
A20: Bangladesh | B20: GDP (current US$) | C20: 4.2748939e+09 | D20: 4.8175802e+09 | E20: 5.0814133e+09 | F20: 5.3194584e+09 | G20: 5.3860546e+09 | H20: 5.9066366e+09 | I20: 6.4396876e+09 | J20: 7.2535754e+09 | K20: 7.4836855e+09 | L20: 8.4710061e+09 | M20: 8.9927218e+09 | N20: 8.7518428e+09 | O20: 6.2882459e+09 | P20: 8.0867257e+09 | Q20: 1.2512461e+10 | R20: 1.9448348e+10 | S20: 1.0117113e+10 | T20: 9.6511493e+09 | U20: 1.3281767e+10 | V20: 1.556548e+10 | W20: 1.8138049e+10 | X20: 2.0249694e+10 | Y20: 1.8525399e+10 | Z20: 1.7609049e+10 | AA20: 18920840000 | AB20: 2.2278423e+10 | AC20: 2.1774033e+10 | AD20: 2.4298032e+10 | AE20: 2.6579006e+10 | AF20: 2.8781715e+10 | AG20: 3.1598341e+10 | AH20: 3.0957483e+10 | AI20: 3.1708874e+10 | AJ20: 3.316652e+10 | AK20: 3.3768662e+10 | AL20: 3.7939748e+10 | AM20: 4.6438482e+10 | AN20: 4.8244308e+10 | AO20: 4.9984559e+10 | AP20: 5.127057e+10 | AQ20: 5.3369787e+10 | AR20: 5.399129e+10 | AS20: 5.4724081e+10 | AT20: 6.0158929e+10 | AU20: 6.5108544e+10 | AV20: 6.9442943e+10 | AW20: 7.1819084e+10 | AX20: 7.9611888e+10 | AY20: 9.1631278e+10 | AZ20: 1.0247779e+11 | BA20: 1.1527908e+11 | BB20: 1.2863794e+11 | BC20: 1.3335575e+11 | BD20: 1.4999045e+11 | BE20: 1.7288545e+11 | BF20: 1.9507856e+11 | BG20: 2.2141528e+11 | BI20: 1977 | BK20: 2.9533334e+09 | BN20: 2.5402015e+08 | BO20: 1.6730833e+11 | BP20: 2.4871775e+10 | BQ20: 5.6781e+10 | BT20: 77496741 | BU20: 1.1026612e+11 | BV20: 5.1421586e+10 | BX20: 5.4753556e+08 | BY20: 8.3283407e+10 | BZ20: 7.5004974e+08 | CA20: 1.1312253e+09 | CB20: 9.6511493e+09 | CE20: 713000000 | CH20: 1.1765e+08 | CI20: 447000000 | CJ20: 3.2274363e+09 | CK20: 1.7617128e+11 | CM20: 1.7327212e+09 | CO20: 4.5160333e+08 | CP20: 5.0729812e+08 | CQ20: 2.1161216e+11 | CU20: 1.3962893e+10 | CV20: 1.749381e+11 | CW20: 6.2650679e+09 | CX20: 3.3663687e+09 | CY20: 1.2344425e+10 | CZ20: 7.6522403e+08 | DA20: 1.9470961e+10 | DD20: 3.072427e+09 | DE20: 9.3826027e+09 | DF20: 1.4206159e+10 | DI20: 7.3488797e+08 | DK20: 5.9822621e+11 | DM20: 36370370 | DN20: 4.9784282e+10 | DO20: 4587100200 | DP20: 2.0971901e+10 | DQ20: 2.8964554e+11 | DR20: 7.7706986e+11 | DS20: 1.2200994e+12 | DU20: 2.6890341e+12 | DV20: 1.1026347e+10 | DW20: 1.4636029e+10 | DX20: 1.7794609e+12 | DZ20: 1.3208953e+11 | EC20: 2.2600419e+12 | EE20: 3.3524682e+10 | EF20: 7.1953314e+08 | EG20: 4.114643e+11 | EJ20: 2.8093491e+09 | EK20: 2.6306646e+11 | EM20: 3.1894286e+09 | EP20: 1.3809424e+08 | EQ20: 1.1497121e+08 | ER20: 1.0398752e+08 | ES20: 3.6176233e+10 | ET20: 71494495 | EU20: 2.8226937e+08 | EV20: 5.4805002e+09 | EX20: 449880000 | EY20: 5.751828e+12 | EZ20: 1.5719434e+10 | FA20: 1669499950 | FB20: 7.9909126e+10 | FF20: 1.4135327e+12 | FG20: 1.5963418e+12 | FH20: 1.8478065e+11 | FI20: 7.6793603e+10 | FJ20: 4.5808916e+10 | FK20: 1.0803065e+11 | FM20: 1.1986675e+11 | FO20: 1.1259469e+10 | FP20: 8.0600123e+10 | FQ20: 1.9838131e+10 | FR20: 2.2265387e+09 | FS20: 14390000000 | FT20: 2.5674661e+11 | FU20: 3.2496974e+09 | FV20: 2.0965685e+09 | FW20: 7.1769631e+11 | FY20: 4.4943789e+09 | GB20: 38748059 | GC20: 44680000 | GD20: 3.8265083e+10 | GE20: 1.413573e+10 | GF20: 4.5010238e+11 | GI20: 673010600 | GK20: 87350296 | GL20: 4.8466133e+11 | GO20: 3.0349628e+08 | GP20: 4.1045096e+09 | GQ20: 4.0769347e+11 | GR20: 1.5572513e+12 | GS20: 1.9330727e+08 | GT20: 8.5492062e+11 | GV20: 3.9228959e+09 | GZ20: 1.1049897e+10 | HA20: 8.1125093e+08 | HC20: 2.3589304e+09 | HE20: 2.2186463e+11 | HF20: 8.1825783e+10 | HH20: 1.509117e+12 | HJ20: 1.0498385e+09 | HK20: 6.2557335e+08 | HR20: 5.4063539e+08 | HS20: 8.2709467e+08 | HT20: 8.0626576e+08 | HU20: 1.3139398e+10 | HV20: 2.2980102e+12 | HX20: 8.3761676e+08 | HY20: 1.291458e+09 | HZ20: 3.6035408e+10 | IA20: 2.2398571e+09 | IB20: 1.2539588e+11 | IC20: 4.150803e+10 | ID20: 1382400000 | IF20: 1.5446825e+10 | IG20: 5.6930774e+12 | IH20: 2.7411699e+09 | II20: 1.8699272e+10 | IJ20: 1.512606e+10 | IK20: 2738261900 | IL20: 1.4620387e+10 | IM20: 1.9648106e+10 | IO20: 1.6407632e+09 | IQ20: 6.4654896e+10 | IR20: 9910900000 | IT20: 2.1441635e+10 | IU20: 1.9123533e+09 | IW20: 1.1713373e+09 | IX20: 5.576028e+12 | IY20: 7.9319319e+08 | IZ20: 3.6175802e+09 | JC20: 7.4665056e+08 | JD20: 1.5165686e+11 | JE20: 7.418825e+10 | JF20: 8704000000 | JG20: 2.3207865e+09 | JH20: 6.6175328e+09 | JI20: 93147039 | JJ20: 6.9177776e+08 | JK20: 2941640100 | JO20: 1.658675e+11 | JQ20: 1.6592414e+11 | JR20: 2.977172e+10 | JT20: 641000000 | JW20: 9.3136775e+10 | JX20: 3.0404784e+08 | JZ20: 64526399 | KA20: 7.6960114e+09 | KC20: 9.3536047e+08 | KD20: 2.8905779e+11 | KF20: 7.7743502e+08 | KG20: 1.9779315e+10 | KJ20: 4.5722656e+11 | KM20: 34139388 | KN20: 1.5165686e+11 | KO20: 1.6592414e+11 | KP20: 3.1386667e+09 | KQ20: 5.109324e+09 | KR20: 5.8676814e+10 | KU20: 2.9364706e+09 | KW20: 1.0998999e+12 | KX20: 4.1146671e+09 | KY20: 2085951000000 | LA20: 49353148 | LB20: 4.2263209e+10 | LD20: 461800000 | LG20: 7.2529683e+12 | LK20: 4.0649724e+10 | LL20: 2483000000 | LM20: 4364382100
A21: Bulgaria | B21: GDP (current US$) | W21: 1.9839231e+10 | X21: 1.987e+10 | Y21: 1.9342e+10 | Z21: 1.6563667e+10 | AA21: 1.7594944e+10 | AB21: 1.7155421e+10 | AC21: 2.0249294e+10 | AD21: 28101000000 | AE21: 2.2555941e+10 | AF21: 2.1988444e+10 | AG21: 2.0632091e+10 | AH21: 1.0943548e+10 | AI21: 1.0350515e+10 | AJ21: 1.082971e+10 | AK21: 9.697417e+09 | AL21: 1.3063423e+10 | AM21: 1.0109404e+10 | AN21: 1.1195631e+10 | AO21: 1.4630975e+10 | AP21: 1.3495063e+10 | AQ21: 1.3148099e+10 | AR21: 1.4135394e+10 | AS21: 1.6360347e+10 | AT21: 2.1074775e+10 | AU21: 2.6094623e+10 | AV21: 2.9821663e+10 | AW21: 3.4304448e+10 | AX21: 4.4765733e+10 | AY21: 5.4666643e+10 | AZ21: 5.1783454e+10 | BA21: 5.0610031e+10 | BB21: 5.7418391e+10 | BC21: 5.3903028e+10 | BD21: 5.5758745e+10 | BE21: 5.6732007e+10 | BF21: 5.0199118e+10 | BG21: 5.2395164e+10 | BI21: 1978 | BK21: 3.3000001e+09 | BN21: 3.080089e+08 | BO21: 1.8355554e+11 | BP21: 2.3775832e+10 | BQ21: 5.808287e+10 | BT21: 87879333 | BU21: 1.1840063e+11 | BV21: 6.1902775e+10 | BX21: 6.1022556e+08 | BY21: 1.0178857e+11 | BZ21: 9.288433e+08 | CA21: 1.475584e+09 | CB21: 1.3281767e+10 | CE21: 832400000 | CH21: 136300000 | CI21: 475800000 | CJ21: 3.7582209e+09 | CK21: 2.0080089e+11 | CM21: 1.9416007e+09 | CO21: 5.9037672e+08 | CP21: 6.1057852e+08 | CQ21: 2.1863287e+11 | CU21: 1.5989934e+10 | CV21: 1.4954065e+11 | CW21: 7.9005249e+09 | CX21: 4.4099206e+09 | CY21: 1.5372608e+10 | CZ21: 8.7877177e+08 | DA21: 2.3263512e+10 | DD21: 3.5232088e+09 | DE21: 9.5716575e+09 | DF21: 1.7844705e+10 | DI21: 9.6402651e+08 | DK21: 7.3766836e+11 | DM21: 45170370 | DN21: 6.0362855e+10 | DO21: 4.7744e+09 | DP21: 2.6364491e+10 | DQ21: 2.8040752e+11 | DR21: 8.6027604e+11 | DS21: 1.5394134e+12 | DU21: 3.2821229e+12 | DV21: 1.1922502e+10 | DW21: 1.4849909e+10 | DX21: 2.1790446e+12 | DZ21: 1.6016348e+11 | EC21: 2.7696872e+12 | EE21: 3.6283091e+10 | EF21: 8.2923949e+08 | EG21: 5.0818314e+11 | EJ21: 2.3894793e+09 | EK21: 3.3588303e+11 | EM21: 3.6624782e+09 | EP21: 1.7183679e+08 | EQ21: 1.2266686e+08 | ES21: 4.4270203e+10 | ET21: 88322386 | EU21: 3.5598905e+08 | EV21: 6.0706002e+09 | EX21: 5.0708e+08 | EY21: 6.8881474e+12 | EZ21: 1.8315007e+10 | FA21: 1.9294999e+09 | FB21: 9.0789385e+10 | FF21: 1.5247041e+12 | FG21: 1.7308541e+12 | FH21: 2.0834511e+11 | FI21: 8.318856e+10 | FJ21: 5.1455719e+10 | FK21: 1.2587017e+11 | FM21: 1.3546878e+11 | FO21: 1.4662489e+10 | FP21: 7.7994317e+10 | FQ21: 2.3762276e+10 | FR21: 2.5323317e+09 | FS21: 1.3967647e+10 | FT21: 3.1401908e+11 | FU21: 2.6444492e+09 | FV21: 2.6027487e+09 | FW21: 1.0083918e+12 | FY21: 5.3037349e+09 | GB21: 45210026 | GC21: 49095407 | GD21: 5.170062e+10 | GE21: 1.5500909e+10 | GF21: 5.0991513e+11 | GI21: 717240400 | GK21: 1.0209411e+08 | GL21: 5.4944606e+11 | GO21: 4.3691818e+08 | GP21: 2.7331839e+09 | GQ21: 4.5633742e+11 | GR21: 1.689675e+12 | GS21: 2.6655934e+08 | GT21: 8.9079867e+11 | GV21: 4.8848691e+09 | GZ21: 1.3236854e+10 | HA21: 1.0005357e+09 | HC21: 2.6697551e+09 | HE21: 2.3576578e+11 | HF21: 1.0251745e+11 | HH21: 1.6342243e+12 | HJ21: 1.2227024e+09 | HK21: 7.9367517e+08 | HR21: 5.4442461e+08 | HS21: 1.0196308e+09 | HT21: 9.4898331e+08 | HU21: 1.6358377e+10 | HV21: 2.5756797e+12 | HX21: 8.460076e+08 | HY21: 1.7743656e+09 | HZ21: 3.6527862e+10 | IA21: 2.1421286e+09 | IB21: 1.5387046e+11 | IC21: 4.6523091e+10 | ID21: 1.6041625e+09 | IF21: 1.8530518e+10 | IG21: 6.8357722e+12 | IH21: 2.7403014e+09 | II21: 2.0631387e+10 | IJ21: 1.7820101e+10 | IK21: 3244558600 | IL21: 1.249578e+10 | IM21: 2.2706155e+10 | IO21: 1.9479475e+09 | IQ21: 7.1877526e+10 | IR21: 11165000000 | IT21: 2.3489925e+10 | IU21: 2.3503292e+09 | IW21: 1.3584612e+09 | IX21: 6.6993033e+12 | IY21: 1.0055733e+09 | IZ21: 4.0520004e+09 | JC21: 9.0570915e+08 | JD21: 1.725837e+11 | JE21: 8.0265619e+10 | JF21: 7670500000 | JG21: 2.5911784e+09 | JH21: 7.5158236e+09 | JI21: 1.1102209e+08 | JJ21: 9.6072834e+08 | JK21: 3127960000 | JO21: 1.8328359e+11 | JQ21: 1.8336241e+11 | JR21: 3.1993368e+10 | JT21: 735500000 | JW21: 1.0296976e+11 | JX21: 3.4061638e+08 | JZ21: 85552370 | KA21: 9.2752031e+09 | KC21: 1.1139201e+09 | KD21: 2.7983852e+11 | KF21: 8.2426384e+08 | KG21: 2.400657e+10 | KJ21: 5.1665743e+11 | KM21: 41567472 | KN21: 1.725837e+11 | KO21: 1.8336241e+11 | KP21: 3.5623335e+09 | KQ21: 5.9680442e+09 | KR21: 6.5147022e+10 | KU21: 2.4202609e+09 | KW21: 1.1754437e+12 | KX21: 4.9102573e+09 | KY21: 2356571000000 | LA21: 60844778 | LB21: 4.6426512e+10 | LD21: 512900000 | LG21: 8.5377538e+12 | LK21: 4.673758e+10 | LL21: 2813375000 | LM21: 4351600500
A22: Bahrain | B22: GDP (current US$) | W22: 3.0726983e+09 | X22: 3.4678191e+09 | Y22: 3.6457447e+09 | Z22: 3.7351064e+09 | AA22: 3.9055851e+09 | AB22: 3.6518617e+09 | AC22: 3.0523936e+09 | AD22: 3.392021e+09 | AE22: 3.7023936e+09 | AF22: 3.8635638e+09 | AG22: 4.2297872e+09 | AH22: 4.6162234e+09 | AI22: 4.7510638e+09 | AJ22: 5.200266e+09 | AK22: 5.5675535e+09 | AL22: 5.8494678e+09 | AM22: 6.1018614e+09 | AN22: 6.3492024e+09 | AO22: 6.1837766e+09 | AP22: 6.6210104e+09 | AQ22: 9.0629069e+09 | AR22: 8.9762077e+09 | AS22: 9.6321551e+09 | AT22: 1.1074822e+10 | AU22: 1.3150167e+10 | AV22: 1.5968727e+10 | AW22: 1.8505053e+10 | AX22: 21730000000 | AY22: 2.5710878e+10 | AZ22: 2.2938218e+10 | BA22: 2.5713271e+10 | BB22: 2.9157447e+10 | BC22: 3.0749309e+10 | BD22: 3.289867e+10 | BE22: 3.3387713e+10 | BF22: 3.1125851e+10 | BG22: 3.1858511e+10 | BI22: 1979 | BK22: 3.6979404e+09 | BN22: 4.1157833e+08 | BO22: 2.4864621e+11 | BP22: 3.1225463e+10 | BQ22: 6.9252329e+10 | BT22: 1.0907996e+08 | BU22: 1.3479382e+11 | BV22: 7.3759182e+10 | BX22: 7.8249667e+08 | BY22: 1.1693818e+11 | BZ22: 1.1862313e+09 | CA22: 1.748481e+09 | CB22: 1.556548e+10 | CE22: 1139800100 | CH22: 151800000 | CI22: 517200000 | CJ22: 4.4213436e+09 | CK22: 2.2496949e+11 | CM22: 2.80378e+09 | CO22: 8.198773e+08 | CP22: 7.0076489e+08 | CQ22: 2.430721e+11 | CU22: 2.1803697e+10 | CV22: 1.7828261e+11 | CW22: 9.1429359e+09 | CX22: 5.8114447e+09 | CY22: 1.5068422e+10 | CZ22: 1.1987497e+09 | DA22: 2.7940411e+10 | DD22: 4.0355193e+09 | DE22: 1.0966585e+10 | DF22: 1.9584443e+10 | DI22: 1.2887152e+09 | DK22: 8.7801054e+11 | DM22: 44296296 | DN22: 7.036628e+10 | DO22: 5498800100 | DP22: 3.3243422e+10 | DQ22: 3.2480336e+11 | DR22: 1.0452084e+12 | DS22: 1.6718039e+12 | DU22: 4.0153647e+12 | DV22: 1.4175166e+10 | DW22: 1.8150001e+10 | DX22: 2.6397651e+12 | DZ22: 2.1401908e+11 | EC22: 3.3825896e+12 | EE22: 4.4498284e+10 | EF22: 1.0197439e+09 | EG22: 6.158341e+11 | EJ22: 3.0302511e+09 | EK22: 4.3899407e+11 | EM22: 4.0202279e+09 | EP22: 2.0711438e+08 | EQ22: 1.1853788e+08 | ES22: 5.4481876e+10 | ET22: 1.0224436e+08 | EU22: 4.2064246e+08 | EV22: 6902600200 | EX22: 5.3044e+08 | EY22: 7.9653345e+12 | EZ22: 2.2526036e+10 | FA22: 2251499950 | FB22: 1.0166482e+11 | FF22: 1.8256904e+12 | FG22: 2.0653131e+12 | FH22: 2.4219595e+11 | FI22: 1.0236309e+11 | FJ22: 5.1400186e+10 | FK22: 1.3955603e+11 | FM22: 1.5095083e+11 | FO22: 1.833746e+10 | FP22: 9.0391877e+10 | FQ22: 3.7816458e+10 | FR22: 2.8767294e+09 | FS22: 17796000000 | FT22: 3.9237859e+11 | FU22: 2.425034e+09 | FV22: 3.2717283e+09 | FW22: 1.0495785e+12 | FY22: 6.234391e+09 | GB22: 42620165 | GC22: 58296667 | GD22: 6.6567975e+10 | GE22: 2.474602e+10 | GF22: 6.0281148e+11 | GI22: 814067900 | GK22: 1.2393552e+08 | GL22: 6.5395491e+11 | GO22: 5.0318067e+08 | GP22: 3.3646114e+09 | GQ22: 5.1959873e+11 | GR22: 2.0084971e+12 | GS22: 2.9014252e+08 | GT22: 1.0643782e+12 | GV22: 5.7114578e+09 | GZ22: 1.5912134e+10 | HA22: 1.2098983e+09 | HC22: 3.4635659e+09 | HE22: 3.0814399e+11 | HF22: 1.3454032e+11 | HH22: 1.947681e+12 | HJ22: 1.5954233e+09 | HK22: 1.0013008e+09 | HR22: 6.4407036e+08 | HS22: 1.2162294e+09 | HT22: 1.0582977e+09 | HU22: 2.1213672e+10 | HV22: 2.8757323e+12 | HX22: 1.0472251e+09 | HY22: 2.1092777e+09 | HZ22: 4.7259912e+10 | IA22: 1.5278526e+09 | IB22: 1.7737629e+11 | IC22: 5.3132245e+10 | ID22: 1.85125e+09 | IF22: 2.0730241e+10 | IG22: 7.8961425e+12 | IH22: 3.7333526e+09 | II22: 2.6785099e+10 | IJ22: 1.9707979e+10 | IK22: 3704551600 | IL22: 1.5962459e+10 | IM22: 2.7502169e+10 | IO22: 2.2936219e+09 | IQ22: 9.0876578e+10 | IR22: 12750000000 | IT22: 2.6625439e+10 | IU22: 3.1351239e+09 | IW22: 1.6643509e+09 | IX22: 7.7019028e+12 | IY22: 1.2150318e+09 | IZ22: 5.6330003e+09 | JC22: 1.1093462e+09 | JD22: 1.9331864e+11 | JE22: 1.1185968e+11 | JF22: 9.03225e+09 | JG22: 3.2266786e+09 | JH22: 9.294635e+09 | JI22: 1.5127021e+08 | JJ22: 1.1093747e+09 | JK22: 3463639900 | JO22: 2.2059817e+11 | JQ22: 2.2072072e+11 | JR22: 3.9722899e+10 | JT22: 783000000 | JW22: 1.2164672e+11 | JX22: 4.1209313e+08 | JZ22: 1.272611e+08 | KA22: 9.9296822e+09 | KC22: 1.0043165e+09 | KD22: 3.2414427e+11 | KF22: 8.9177591e+08 | KG22: 2.7371699e+10 | KJ22: 6.1698264e+11 | KM22: 44667002 | KN22: 1.9331864e+11 | KO22: 2.2072072e+11 | KP22: 4602416625 | KQ22: 7.1881919e+09 | KR22: 8.9394086e+10 | KU22: 2139025000 | KW22: 1.4264672e+12 | KX22: 7.1811853e+09 | KY22: 2632143000000 | LA22: 71096370 | LB22: 5.5653326e+10 | LD22: 606700032 | LF22: 1.1925884e+08 | LG22: 9.9190461e+12 | LK22: 5.7647268e+10 | LL22: 3325500000 | LM22: 5177459400
A23: Bahamas, The | B23: GDP (current US$) | C23: 1.6980392e+08 | D23: 1.9009804e+08 | E23: 2.122549e+08 | F23: 2.377451e+08 | G23: 2.6666667e+08 | H23: 3.0039216e+08 | I23: 340000000 | J23: 3.9019608e+08 | K23: 4.4490196e+08 | L23: 5.2813725e+08 | M23: 5.3842315e+08 | N23: 573400000 | O23: 590900000 | P23: 6.709e+08 | Q23: 6.324e+08 | R23: 5.962e+08 | S23: 642100000 | T23: 713000000 | U23: 832400000 | V23: 1139800100 | W23: 1335300000 | X23: 1.4265e+09 | Y23: 1.5783e+09 | Z23: 1732800000 | AA23: 2041100000 | AB23: 2320699900 | AC23: 2472500000 | AD23: 2713999900 | AE23: 2817900000 | AF23: 3.062e+09 | AG23: 3166000000 | AH23: 3111160000 | AI23: 3109000000 | AJ23: 3092000000 | AK23: 3259000000 | AL23: 3429000000 | AM23: 3609000000 | AN23: 4961119000 | AO23: 5353524000 | AP23: 6019972000 | AQ23: 6.327552e+09 | AR23: 6.516651e+09 | AS23: 6957996000 | AT23: 6949317000 | AU23: 7094413000 | AV23: 7.706222e+09 | AW23: 7965588000 | AX23: 8.318996e+09 | AY23: 8247000000 | AZ23: 7820000000 | BA23: 7910000000 | BB23: 7890000000 | BC23: 8399000000 | BD23: 8.522e+09 | BE23: 8618000000 | BF23: 8854000000 | BG23: 9047000000 | BI23: 1980 | BK23: 3.6417233e+09 | BN23: 4.4641611e+08 | BO23: 3.3817745e+11 | BP23: 4.3598748e+10 | BQ23: 7.6961924e+10 | BT23: 1.3143104e+08 | BU23: 1.4988747e+11 | BV23: 8.1861233e+10 | BX23: 9.1972667e+08 | BY23: 1.2750832e+11 | BZ23: 1.4052515e+09 | CA23: 1.9287204e+09 | CB23: 1.8138049e+10 | CC23: 1.9839231e+10 | CD23: 3.0726983e+09 | CE23: 1335300000 | CH23: 194750000 | CI23: 613299968 | CJ23: 4.5374878e+09 | CK23: 2.350246e+11 | CL23: 1.012264e+09 | CM23: 4.928825e+09 | CN23: 1.356533e+08 | CO23: 1.0609238e+09 | CP23: 7.9704803e+08 | CQ23: 2.7385383e+11 | CS23: 1.1871031e+11 | CU23: 2.903671e+10 | CV23: 191150000000 | CW23: 1.0175615e+10 | CX23: 6.7407566e+09 | CY23: 1.4394927e+10 | CZ23: 1.7057968e+09 | DA23: 3.3400736e+10 | DB23: 1.2350564e+08 | DC23: 1.4224688e+08 | DD23: 4.831447e+09 | DE23: 1.3453485e+10 | DF23: 1.991289e+10 | DI23: 2.1543113e+09 | DK23: 9.4669536e+11 | DM23: 59100000 | DN23: 7.1127593e+10 | DO23: 6.6310001e+09 | DP23: 4.2345277e+10 | DQ23: 3.7477218e+11 | DR23: 1.2897571e+12 | DS23: 1.8069204e+12 | DU23: 4.5483432e+12 | DV23: 1.7881515e+10 | DW23: 2.2912501e+10 | DX23: 2.9567357e+12 | DZ23: 2.3213461e+11 | EC23: 3.8609463e+12 | EE23: 5.3685049e+10 | EF23: 1.2025674e+09 | EG23: 7.035253e+11 | EJ23: 4.2796379e+09 | EK23: 5.6494771e+11 | EM23: 4.4452281e+09 | EP23: 2.4108071e+08 | EQ23: 1.1065383e+08 | ER23: 50642881 | ES23: 5.6829663e+10 | ET23: 1.1090046e+08 | EU23: 4.7605529e+08 | EV23: 7878700000 | EX23: 603200000 | EY23: 8.8984983e+12 | EZ23: 2.8861759e+10 | FA23: 2566000050 | FB23: 1.0667793e+11 | FF23: 2.1397621e+12 | FG23: 2.4222832e+12 | FH23: 2.8554885e+11 | FI23: 1.3166983e+11 | FJ23: 7.2482337e+10 | FK23: 1.5142056e+11 | FM23: 1.8383986e+11 | FO23: 2.1769374e+10 | FP23: 9.4362276e+10 | FQ23: 5.3405689e+10 | FR23: 3.4090237e+09 | FS23: 2.1884706e+10 | FT23: 4.7568251e+11 | FU23: 2.6794095e+09 | FV23: 3.9100369e+09 | FW23: 1.0996929e+12 | FY23: 7.2653153e+09 | GB23: 38715555 | GC23: 67715444 | GD23: 6.4980821e+10 | GE23: 2.863855e+10 | GF23: 7.1011691e+11 | GI23: 854711500 | GK23: 1.4634137e+08 | GL23: 7.756942e+11 | GN23: 8.0209493e+10 | GO23: 5.3470192e+08 | GP23: 4.0246219e+09 | GQ23: 6.455742e+11 | GR23: 2.3442567e+12 | GS23: 4.3156138e+08 | GT23: 1.2065853e+12 | GV23: 6.2320057e+09 | GZ23: 2.172877e+10 | HA23: 1.378131e+09 | HC23: 4.0421399e+09 | HD23: 42463576 | HE23: 3.9963571e+11 | HF23: 1.9435683e+11 | HH23: 2.2801873e+12 | HJ23: 1.7596908e+09 | HK23: 1.2502421e+09 | HQ23: 3.526287e+09 | HR23: 7.0904145e+08 | HS23: 1.136543e+09 | HT23: 1.2376621e+09 | HU23: 2.4488033e+10 | HV23: 3.1369721e+12 | HW23: 2.434885e+09 | HX23: 1.1824571e+09 | HY23: 2.5085247e+09 | HZ23: 6.4201788e+10 | IA23: 2.1893474e+09 | IB23: 1.9266137e+11 | IC23: 6.4439383e+10 | ID23: 1.9459166e+09 | IF23: 2.3245512e+10 | IG23: 8.7643385e+12 | IH23: 5.9817603e+09 | II23: 3.718327e+10 | IJ23: 2.3689697e+10 | IK23: 4614086400 | IL23: 1.8134029e+10 | IM23: 3.2450542e+10 | IO23: 2.545983e+09 | IQ23: 1.1112869e+11 | IR23: 14436100000 | IT23: 3.2899759e+10 | IU23: 4.0948105e+09 | IW23: 1.9049269e+09 | IX23: 8.5287449e+12 | IY23: 1.3621515e+09 | IZ23: 7.8290946e+09 | JC23: 1.2547653e+09 | JD23: 2.3308615e+11 | JE23: 1.6454174e+11 | JF23: 7.4598333e+09 | JG23: 3.5032821e+09 | JH23: 1.1893406e+10 | JI23: 1.6871535e+08 | JJ23: 1.1006858e+09 | JK23: 3573959900 | JO23: 2.7702892e+11 | JQ23: 2.7716862e+11 | JR23: 5.2643379e+10 | JT23: 794900000 | JW23: 1.4008864e+11 | JX23: 5.4200051e+08 | JZ23: 1.4735722e+08 | KA23: 1.3062421e+10 | KC23: 1.0330024e+09 | KD23: 3.7401169e+11 | KF23: 1.1364088e+09 | KG23: 3.2353441e+10 | KJ23: 7.3586273e+11 | KM23: 53260077 | KN23: 2.3308615e+11 | KO23: 2.7716862e+11 | KP23: 6.2358333e+09 | KQ23: 8.7441344e+09 | KR23: 6.878929e+10 | KU23: 1.24461e+09 | KW23: 1.6307199e+12 | KX23: 1.016302e+10 | KY23: 2862505000000 | LA23: 82340333 | LB23: 6.7018023e+10 | LD23: 727800000 | LF23: 1.1342318e+08 | LG23: 1.1166004e+13 | LK23: 8.2984078e+10 | LL23: 3829500000 | LM23: 6678868200
A24: Bosnia and Herzegovina | B24: GDP (current US$) | AK24: 1.2558025e+09 | AL24: 1.866573e+09 | AM24: 2.7860453e+09 | AN24: 3.6718165e+09 | AO24: 4.1166994e+09 | AP24: 4.6857297e+09 | AQ24: 5.5059845e+09 | AR24: 5.7489907e+09 | AS24: 6.6512262e+09 | AT24: 8.3700202e+09 | AU24: 1.0022841e+10 | AV24: 1.1225138e+10 | AW24: 1.2866525e+10 | AX24: 1.5776423e+10 | AY24: 1.9101454e+10 | AZ24: 1.7600631e+10 | BA24: 1.716428e+10 | BB24: 1.8629347e+10 | BC24: 1.7207368e+10 | BD24: 1.815429e+10 | BE24: 1.8521475e+10 | BF24: 1.6173807e+10 | BG24: 1.6559696e+10 | BI24: 1981 | BK24: 3.4787879e+09 | BN24: 3.8895873e+08 | BO24: 3.485928e+11 | BP24: 4.9333424e+10 | BQ24: 7.8676842e+10 | BT24: 1.4784174e+08 | BU24: 1.7680483e+11 | BV24: 7.0863107e+10 | BX24: 9.6904667e+08 | BY24: 1.0529071e+11 | BZ24: 1.29112e+09 | CA24: 1.7758427e+09 | CB24: 2.0249694e+10 | CC24: 1.987e+10 | CD24: 3.4678191e+09 | CE24: 1.4265e+09 | CH24: 1.929e+08 | CI24: 739100032 | CJ24: 5.8916067e+09 | CK24: 2.6356109e+11 | CL24: 1.1141046e+09 | CM24: 4.3662138e+09 | CN24: 1.4639164e+08 | CO24: 1.0738616e+09 | CP24: 6.948035e+08 | CQ24: 3.0621486e+11 | CS24: 1.0872103e+11 | CU24: 3.4509878e+10 | CV24: 1.9586508e+11 | CW24: 8.4325885e+09 | CX24: 7.6363458e+09 | CY24: 1.2537821e+10 | CZ24: 1.9935123e+09 | DA24: 3.6388367e+10 | DB24: 1.142719e+08 | DC24: 1.3946811e+08 | DD24: 2.6238071e+09 | DE24: 1.4842851e+10 | DF24: 2.0150254e+10 | DI24: 2.0874964e+09 | DK24: 7.9744341e+11 | DM24: 66218519 | DN24: 6.1877755e+10 | DO24: 7266999800 | DP24: 4.4348673e+10 | DQ24: 3.9991851e+11 | DR24: 1.4411447e+12 | DS24: 1.9947769e+12 | DU24: 4.0482716e+12 | DV24: 2.1810767e+10 | DW24: 2.3405405e+10 | DX24: 2.5698191e+12 | DZ24: 2.0225705e+11 | EB24: 7.3249032e+09 | EC24: 3.4162788e+12 | EE24: 5.2485533e+10 | EF24: 1.2358998e+09 | EG24: 6.1758962e+11 | EJ24: 3.8622691e+09 | EK24: 5.4076568e+11 | EM24: 4.2224417e+09 | EP24: 2.1876445e+08 | EQ24: 1.5473197e+08 | ER24: 36731423 | ES24: 5.2346507e+10 | ET24: 1.1565192e+08 | EU24: 4.3574697e+08 | EV24: 8607500300 | EX24: 5.7035711e+08 | EY24: 9.0365582e+12 | EZ24: 3.1055409e+10 | FA24: 2819500000 | FB24: 1.0663381e+11 | FF24: 2.3212584e+12 | FG24: 2.6108276e+12 | FH24: 2.9280127e+11 | FI24: 1.3561072e+11 | FJ24: 8.5518233e+10 | FK24: 1.5457711e+11 | FM24: 1.9090955e+11 | FO24: 2.0690641e+10 | FP24: 1.0049931e+11 | FQ24: 3.8424992e+10 | FR24: 3.5215124e+09 | FS24: 2.3258596e+10 | FT24: 4.2928214e+11 | FU24: 2.9790614e+09 | FV24: 4.3846852e+09 | FW24: 1.2155087e+12 | FY24: 6.8544915e+09 | GB24: 41369800 | GC24: 79026037 | GD24: 7.2425591e+10 | GE24: 2.5056672e+10 | GF24: 8.1842577e+11 | GI24: 846514500 | GK24: 1.6797011e+08 | GL24: 8.9331918e+11 | GN24: 7.7218047e+10 | GO24: 5.1165869e+08 | GP24: 4.4158442e+09 | GQ24: 6.8187395e+11 | GR24: 2.520681e+12 | GS24: 4.3418803e+08 | GT24: 1.2790738e+12 | GV24: 5.2318087e+09 | GZ24: 1.7788172e+10 | HA24: 1.205166e+09 | HC24: 3.5948682e+09 | HD24: 44781457 | HE24: 4.1310009e+11 | HF24: 2.5008302e+11 | HG24: 31020000 | HH24: 2.4594991e+12 | HJ24: 1.5389722e+09 | HK24: 1.2434694e+09 | HO24: 2310099100 | HQ24: 3.5370992e+09 | HR24: 7.4799468e+08 | HS24: 1.1471929e+09 | HT24: 1.237687e+09 | HU24: 2.5004557e+10 | HV24: 3.51791e+12 | HW24: 2.2591791e+09 | HX24: 9.7256381e+08 | HY24: 2.1708934e+09 | HZ24: 6.1076494e+10 | IA24: 2.4482901e+09 | IB24: 1.6203938e+11 | IC24: 6.3596655e+10 | ID24: 2.2755833e+09 | IF24: 2.4417617e+10 | IG24: 8.9224361e+12 | IH24: 7.2591202e+09 | II24: 3.7385918e+10 | IJ24: 2.8100606e+10 | IK24: 5.2224215e+09 | IL24: 2.1649138e+10 | IM24: 3.5646417e+10 | IO24: 2.4980684e+09 | IQ24: 9.9890611e+10 | IR24: 15955700000 | IT24: 3.1980423e+10 | IU24: 5.2195168e+09 | IW24: 1.9639949e+09 | IX24: 8.6275482e+12 | IY24: 1.2799729e+09 | IZ24: 8.6612638e+09 | JC24: 1.4070626e+09 | JD24: 2.4710673e+11 | JE24: 1.842918e+11 | JF24: 10016500000 | JG24: 3.1767711e+09 | JH24: 1.417182e+10 | JI24: 1.8731326e+08 | JJ24: 1.1148305e+09 | JK24: 3437200200 | JO24: 2.7944942e+11 | JQ24: 2.795973e+11 | JR24: 5.4400876e+10 | JT24: 889050000 | JW24: 1.2785841e+11 | JX24: 5.7154267e+08 | JZ24: 1.5490287e+08 | KA24: 1.5518199e+10 | KC24: 8.7693756e+08 | KD24: 3.99107e+11 | KF24: 9.62347e+08 | KG24: 3.4846108e+10 | KJ24: 8.5108791e+11 | KM24: 62242013 | KN24: 2.4710673e+11 | KO24: 2.795973e+11 | KP24: 6.9920833e+09 | KQ24: 8.4285136e+09 | KR24: 7.104002e+10 | KU24: 1337300000 | KW24: 1.7739501e+12 | KX24: 1.1048336e+10 | KY24: 3210956000000 | LA24: 1.0208656e+08 | LB24: 7.536714e+10 | LD24: 821800000 | LF24: 98746405 | LG24: 1.1457612e+13 | LK24: 8.9629497e+10 | LL24: 3.8726667e+09 | LM24: 8011373800
A25: Belarus | B25: GDP (current US$) | AG25: 21650000000 | AH25: 17420000000 | AI25: 1.712037e+10 | AJ25: 1.6286281e+10 | AK25: 1.4932192e+10 | AL25: 1.3972631e+10 | AM25: 1.4756862e+10 | AN25: 1.4128412e+10 | AO25: 1.5222015e+10 | AP25: 1.2138485e+10 | AQ25: 1.2736857e+10 | AR25: 1.235482e+10 | AS25: 1.4594925e+10 | AT25: 1.7825436e+10 | AU25: 2.3141588e+10 | AV25: 3.0210092e+10 | AW25: 3.6961822e+10 | AX25: 4.5275748e+10 | AY25: 6.0752177e+10 | AZ25: 4.9208657e+10 | BA25: 5.7231905e+10 | BB25: 6.1762341e+10 | BC25: 6.5685904e+10 | BD25: 7.5527538e+10 | BE25: 7.881305e+10 | BF25: 5.6454776e+10 | BG25: 4.7433442e+10 | BI25: 1982 | BN25: 3.7589596e+08 | BO25: 3.2432875e+11 | BP25: 4.6622719e+10 | BQ25: 8.4307487e+10 | BT25: 1.643693e+08 | BU25: 1.9395454e+11 | BV25: 7.1103585e+10 | BX25: 1.0132222e+09 | BY25: 9.2588983e+10 | BZ25: 1.2677785e+09 | CA25: 1.7544504e+09 | CB25: 1.8525399e+10 | CC25: 1.9342e+10 | CD25: 3.6457447e+09 | CE25: 1.5783e+09 | CH25: 179250000 | CI25: 785500032 | CJ25: 5.5941184e+09 | CK25: 2.816823e+11 | CL25: 1.1640598e+09 | CM25: 4.2642523e+09 | CN25: 1.4893433e+08 | CO25: 1.0149073e+09 | CP25: 7.4831228e+08 | CQ25: 3.1350653e+11 | CS25: 1.1143174e+11 | CU25: 2.5325893e+10 | CV25: 2.050916e+11 | CW25: 7.5671098e+09 | CX25: 7.3229146e+09 | CY25: 1.3651667e+10 | CZ25: 2.1606406e+09 | DA25: 3.896804e+10 | DB25: 1.0708955e+08 | DC25: 1.4063076e+08 | DD25: 2.6066213e+09 | DE25: 1.6495461e+10 | DF25: 2.095351e+10 | DI25: 2.1592424e+09 | DK25: 7.736382e+11 | DM25: 72051852 | DN25: 6.0412846e+10 | DO25: 7964000300 | DP25: 4.5207089e+10 | DQ25: 4.1971743e+11 | DR25: 1.3719081e+12 | DS25: 1.9534733e+12 | DU25: 3.9009639e+12 | DV25: 1.9929854e+10 | DW25: 2.5592365e+10 | DX25: 2.4879705e+12 | DZ25: 1.9546441e+11 | EB25: 7.707678e+09 | EC25: 3.2879107e+12 | EE25: 5.283212e+10 | EF25: 1.1940154e+09 | EG25: 5.8683701e+11 | EJ25: 3.6180078e+09 | EK25: 5.1504892e+11 | EM25: 4.0359944e+09 | EP25: 2.160515e+08 | EQ25: 1.6552363e+08 | ER25: 44294648 | ES25: 5.4617991e+10 | ET25: 1.2543559e+08 | EU25: 4.0240507e+08 | EV25: 8716999700 | EX25: 482000000 | EY25: 8.9496124e+12 | EZ25: 3.2291306e+10 | FA25: 2.9035001e+09 | FB25: 1.0640319e+11 | FF25: 2.3025491e+12 | FG25: 2.5826567e+12 | FH25: 2.8345651e+11 | FI25: 1.2770852e+11 | FJ25: 9.0158449e+10 | FK25: 1.5371683e+11 | FM25: 1.9803771e+11 | FO25: 2.1496001e+10 | FP25: 1.2594876e+11 | FQ25: 4.259531e+10 | FR25: 3.2328042e+09 | FS25: 2.4539342e+10 | FT25: 4.2586325e+11 | FU25: 3.2935333e+09 | FV25: 4.6805674e+09 | FW25: 1.1298945e+12 | FY25: 6.4315794e+09 | GB25: 40572066 | GC25: 84381407 | GD25: 7.7773431e+10 | GE25: 2.1577978e+10 | GF25: 7.6975918e+11 | GI25: 863933200 | GK25: 182754000 | GL25: 8.3559864e+11 | GN25: 8.0698662e+10 | GO25: 5.2209033e+08 | GP25: 4.768765e+09 | GQ25: 6.8823673e+11 | GR25: 2.5062065e+12 | GS25: 3.4874679e+08 | GT25: 1.3086926e+12 | GV25: 4.7645495e+09 | GX25: 1.1304571e+09 | GZ25: 1.7692341e+10 | HA25: 1.1432291e+09 | HC25: 3.5261981e+09 | HD25: 47935844 | HE25: 4.1071193e+11 | HF25: 1.7372085e+11 | HG25: 34918000 | HH25: 2.4417876e+12 | HJ25: 1.333754e+09 | HK25: 1234518125 | HO25: 2.5524019e+09 | HQ25: 3.612172e+09 | HR25: 7.5021441e+08 | HS25: 1.0829394e+09 | HT25: 1.1800941e+09 | HU25: 2.6804402e+10 | HV25: 3.659283e+12 | HW25: 2.1280896e+09 | HX25: 9.0461963e+08 | HY25: 2.0176122e+09 | HZ25: 5.1397462e+10 | IA25: 2.4651652e+09 | IB25: 1.5645686e+11 | IC25: 6.2647196e+10 | ID25: 2.3954299e+09 | IF25: 2.4164603e+10 | IG25: 8.7862551e+12 | IH25: 7.5547195e+09 | II25: 3.5362618e+10 | IJ25: 3.0725973e+10 | IK25: 5.7697679e+09 | IL25: 2.1793497e+10 | IM25: 3.7140164e+10 | IO25: 2.368585e+09 | IQ25: 9.6485338e+10 | IR25: 16764200000 | IT25: 3.0530759e+10 | IU25: 5.06745e+09 | IW25: 1.9184374e+09 | IX25: 8.5858562e+12 | IY25: 1.2864626e+09 | IZ25: 7.5967032e+09 | JC25: 1.4072426e+09 | JD25: 2.5564776e+11 | JE25: 1.5323902e+11 | JF25: 9.24e+09 | JG25: 3.1096775e+09 | JH25: 1.6078856e+10 | JI25: 1.8844609e+08 | JJ25: 1.2953619e+09 | JK25: 3399189100 | JO25: 2.6106012e+11 | JQ25: 2.6120172e+11 | JR25: 5.4173366e+10 | JT25: 915150000 | JW25: 1.1276784e+11 | JX25: 5.3757598e+08 | JZ25: 1.4791207e+08 | KA25: 1.6298905e+10 | KC25: 8.3436986e+08 | KD25: 4.1886574e+11 | KF25: 8.2165192e+08 | KG25: 3.6589798e+10 | KJ25: 7.9171047e+11 | KM25: 62068161 | KN25: 2.5564776e+11 | KO25: 2.6120172e+11 | KP25: 8.1404167e+09 | KQ25: 8.133401e+09 | KR25: 6.4546333e+10 | KU25: 2177500000 | KW25: 1.7494464e+12 | KX25: 9.1788022e+09 | KY25: 3344991000000 | LA25: 1.1375919e+08 | LB25: 7.6559884e+10 | LD25: 832600000 | LF25: 98144644 | LG25: 1.1355656e+13 | LH25: 1.2122165e+08 | LK25: 8.2696902e+10 | LL25: 3.9947778e+09 | LM25: 8.5397007e+09
A26: Belize | B26: GDP (current US$) | C26: 28071889 | D26: 29964371 | E26: 31856923 | F26: 33749405 | G26: 36193826 | H26: 40069930 | I26: 44405594 | J26: 47379310 | K26: 44910180 | L26: 47305389 | M26: 53233533 | N26: 59207317 | O26: 66062500 | P26: 78343558 | Q26: 1.0321637e+08 | R26: 1.180663e+08 | S26: 96905830 | T26: 1.1765e+08 | U26: 136300000 | V26: 151800000 | W26: 194750000 | X26: 1.929e+08 | Y26: 179250000 | Z26: 189000000 | AA26: 210900000 | AB26: 209150000 | AC26: 227850000 | AD26: 276550000 | AE26: 3.149e+08 | AF26: 363150000 | AG26: 413050000 | AH26: 444720750 | AI26: 518239100 | AJ26: 559858250 | AK26: 580863700 | AL26: 620140400 | AM26: 6.413838e+08 | AN26: 654314350 | AO26: 688992450 | AP26: 732732350 | AQ26: 832072450 | AR26: 871860600 | AS26: 932551850 | AT26: 990374050 | AU26: 1057845500 | AV26: 1114222550 | AW26: 1217467600 | AX26: 1290573400 | AY26: 1368625150 | AZ26: 1336957250 | BA26: 1.3971135e+09 | BB26: 1486712300 | BC26: 1.5736188e+09 | BD26: 1613705850 | BE26: 1.7064979e+09 | BF26: 1.7425459e+09 | BG26: 1765256400 | BI26: 1983 | BN26: 3.2786183e+08 | BO26: 3.0396254e+11 | BP26: 4.2803323e+10 | BQ26: 1.0397911e+11 | BT26: 1.8214411e+08 | BU26: 1.7717642e+11 | BV26: 7.1947277e+10 | BX26: 1.0829263e+09 | BY26: 8.7650999e+10 | BZ26: 1.0953483e+09 | CA26: 1.6002788e+09 | CB26: 1.7609049e+10 | CC26: 1.6563667e+10 | CD26: 3.7351064e+09 | CE26: 1732800000 | CH26: 189000000 | CI26: 889400000 | CJ26: 5.4226563e+09 | CK26: 2.0330452e+11 | CL26: 1.2357752e+09 | CM26: 3.8447231e+09 | CN26: 1.6558594e+08 | CO26: 1.1722582e+09 | CP26: 6.5867939e+08 | CQ26: 3.4054771e+11 | CS26: 1.1103557e+11 | CU26: 2.0355959e+10 | CV26: 2.3068582e+11 | CW26: 6.8381854e+09 | CX26: 7.3818547e+09 | CY26: 1.1006713e+10 | CZ26: 2.0972743e+09 | DA26: 3.8729823e+10 | DB26: 1.1151968e+08 | DC26: 1.3847624e+08 | DD26: 3.976454e+09 | DE26: 1.6712011e+10 | DF26: 2.2204941e+10 | DI26: 2.1603641e+09 | DK26: 7.6776838e+11 | DM26: 79925926 | DN26: 6.0644833e+10 | DO26: 8622000100 | DP26: 4.880137e+10 | DQ26: 4.4041845e+11 | DR26: 1.3853006e+12 | DS26: 2.0730664e+12 | DU26: 3.7843007e+12 | DV26: 1.7152483e+10 | DW26: 2.8137369e+10 | DX26: 2.4271893e+12 | DZ26: 1.7048687e+11 | EB26: 8.5678908e+09 | EC26: 3.186967e+12 | EE26: 5.1014091e+10 | EF26: 1.1231073e+09 | EG26: 5.6185214e+11 | EI26: 106500000 | EJ26: 3.3912757e+09 | EK26: 4.8961801e+11 | EM26: 4.0572751e+09 | EP26: 2.1344656e+08 | EQ26: 1.6357754e+08 | ER26: 44442457 | ES26: 4.9428873e+10 | ET26: 1.3180355e+08 | EU26: 4.1618371e+08 | EV26: 9050000400 | EX26: 4.8933333e+08 | EY26: 9.2398193e+12 | EZ26: 2.9907091e+10 | FA26: 3076999950 | FB26: 1.0026119e+11 | FF26: 2.2721035e+12 | FG26: 2.5226676e+12 | FH26: 2.5439823e+11 | FI26: 1.062858e+11 | FJ26: 8.1052283e+10 | FK26: 1.4744251e+11 | FM26: 2.1535077e+11 | FO26: 2.0786594e+10 | FP26: 1.5636516e+11 | FQ26: 4.0595047e+10 | FR26: 2.7885304e+09 | FS26: 2.744258e+10 | FT26: 4.4158096e+11 | FU26: 3.6192941e+09 | FV26: 4.9204076e+09 | FW26: 1.2323438e+12 | FY26: 5.9791985e+09 | GB26: 37837838 | GC26: 85100481 | GD26: 8.7024428e+10 | GE26: 2.0869434e+10 | GF26: 6.8516908e+11 | GI26: 823374900 | GK26: 1.9722878e+08 | GL26: 7.4213136e+11 | GN26: 7.5225831e+10 | GO26: 5.2403411e+08 | GP26: 5.1679133e+09 | GQ26: 6.7250631e+11 | GR26: 2.4604755e+12 | GS26: 3.8669934e+08 | GT26: 1.2108247e+12 | GV26: 4.6836978e+09 | GX26: 1.1214866e+09 | GZ26: 1.6251461e+10 | HA26: 1.0925518e+09 | HC26: 3.511574e+09 | HD26: 57829787 | HE26: 4.1698886e+11 | HF26: 1.4886691e+11 | HG26: 41749000 | HH26: 2.40089e+12 | HJ26: 1.2977654e+09 | HK26: 1.1657714e+09 | HO26: 2.7257366e+09 | HQ26: 3.2364303e+09 | HR26: 7.8837186e+08 | HS26: 1.0948574e+09 | HT26: 1.223225e+09 | HU26: 3.0346788e+10 | HV26: 3.9795741e+12 | HW26: 2.308103e+09 | HX26: 8.2383294e+08 | HY26: 1.8030996e+09 | HZ26: 3.5451566e+10 | IA26: 2.7433417e+09 | IB26: 1.5148705e+11 | IC26: 6.1627241e+10 | ID26: 2.4471748e+09 | IF26: 2.4308623e+10 | IG26: 9.077887e+12 | IH26: 7.9325417e+09 | II26: 3.3399705e+10 | IJ26: 2.869189e+10 | IK26: 5923755900 | IL26: 1.7345624e+10 | IM26: 3.3212181e+10 | IO26: 2.5624925e+09 | IQ26: 8.2315487e+10 | IR26: 17276600000 | IT26: 2.7242332e+10 | IU26: 5.2374325e+09 | IW26: 1.8372368e+09 | IX26: 8.9073292e+12 | IY26: 1.3358953e+09 | IZ26: 6.4675823e+09 | JC26: 1.4796881e+09 | JD26: 2.7054596e+11 | JE26: 1.2917164e+11 | JF26: 8.2301538e+09 | JG26: 2.7741992e+09 | JH26: 1.777528e+10 | JI26: 1.802194e+08 | JJ26: 9.9510431e+08 | JK26: 3506347800 | JO26: 2.4303661e+11 | JQ26: 2.4317816e+11 | JR26: 5.2414911e+10 | JT26: 8.836e+08 | JW26: 1.035337e+11 | JX26: 5.5533615e+08 | JZ26: 1.4671285e+08 | KA26: 1.7589185e+10 | KC26: 8.3241581e+08 | KD26: 4.3952475e+11 | KF26: 7.6574659e+08 | KG26: 4.0042826e+10 | KJ26: 6.9644219e+11 | KM26: 60863964 | KN26: 2.7054596e+11 | KO26: 2.4317816e+11 | KP26: 7763750000 | KQ26: 8.3501768e+09 | KR26: 6.167828e+10 | KU26: 2.2403333e+09 | KW26: 1.7245175e+12 | KX26: 5.1022813e+09 | KY26: 3638137000000 | LA26: 1.2225533e+08 | LB26: 7.8540256e+10 | LD26: 916899968 | LF26: 1.1012378e+08 | LG26: 1.161629e+13 | LH26: 1.1186282e+08 | LK26: 8.878658e+10 | LL26: 3.2163077e+09 | LM26: 7764067000
A27: Bermuda | B27: GDP (current US$) | C27: 84466654 | D27: 89249987 | E27: 94149986 | F27: 96366652 | G27: 1.0756665e+08 | H27: 1.1433905e+08 | I27: 1.3417337e+08 | J27: 1.5510298e+08 | K27: 150000000 | L27: 164900000 | M27: 186300000 | N27: 211100000 | O27: 235400000 | P27: 269500000 | Q27: 312600000 | R27: 345000000 | S27: 386300000 | T27: 447000000 | U27: 475800000 | V27: 517200000 | W27: 613299968 | X27: 739100032 | Y27: 785500032 | Z27: 889400000 | AA27: 985699968 | AB27: 1039500032 | AC27: 1173500032 | AD27: 1296499968 | AE27: 1415100032 | AF27: 1501500032 | AG27: 1592400000 | AH27: 1634899968 | AI27: 1679900032 | AJ27: 1820359936 | AK27: 1867160064 | AL27: 2030749952 | AM27: 2695390000 | AN27: 2932827000 | AO27: 3130748000 | AP27: 3324433000 | AQ27: 3480219000 | AR27: 3680483000 | AS27: 3937228000 | AT27: 4186525000 | AU27: 4484703000 | AV27: 4868136000 | AW27: 5414299000 | AX27: 5895048000 | AY27: 6109928000 | AZ27: 5806378000 | BA27: 5744414000 | BB27: 5550771000 | BC27: 5537537000 | BD27: 5573710000 | BI27: 1984 | BM27: 1.9242425e+09 | BN27: 3.3007069e+08 | BO27: 3.0794077e+11 | BP27: 4.1807954e+10 | BQ27: 7.9092002e+10 | BT27: 2.0837285e+08 | BU27: 1.9350389e+11 | BV27: 6.7821569e+10 | BX27: 9.8714393e+08 | BY27: 8.379576e+10 | BZ27: 1.0511339e+09 | CA27: 1.4598804e+09 | CB27: 18920840000 | CC27: 1.7594944e+10 | CD27: 3.9055851e+09 | CE27: 2041100000 | CH27: 210900000 | CI27: 985699968 | CJ27: 6.1694815e+09 | CK27: 2.0902391e+11 | CL27: 1.3470336e+09 | CM27: 3.7825231e+09 | CN27: 1.6926499e+08 | CO27: 1.2407964e+09 | CP27: 6.3782062e+08 | CQ27: 3.5537256e+11 | CS27: 1.0601911e+11 | CU27: 1.9622527e+10 | CV27: 2.5994643e+11 | CW27: 6.8416387e+09 | CX27: 7.8018588e+09 | CY27: 7.8577292e+09 | CZ27: 2.1935814e+09 | DA27: 3.8253121e+10 | DB27: 1.0748982e+08 | DC27: 1.3201907e+08 | DD27: 4.5939087e+09 | DE27: 1.5923806e+10 | DF27: 2.4039384e+10 | DI27: 2.278249e+09 | DK27: 7.2236761e+11 | DM27: 89848148 | DN27: 5.9105208e+10 | DO27: 10330399700 | DP27: 5.3698279e+10 | DQ27: 4.7810254e+11 | DR27: 1.365816e+12 | DS27: 2.2239929e+12 | DU27: 3.6372463e+12 | DV27: 1.6912515e+10 | DW27: 3.0642873e+10 | DX27: 2.3282597e+12 | DZ27: 1.7163546e+11 | EB27: 8.0963024e+09 | EC27: 3.0599796e+12 | EE27: 5.2926395e+10 | EF27: 1.1779974e+09 | EG27: 5.326488e+11 | EJ27: 3.5614516e+09 | EK27: 4.614871e+11 | EM27: 4.4122799e+09 | EP27: 1.773388e+08 | EQ27: 1.384789e+08 | ER27: 50320914 | ES27: 4.8020025e+10 | ET27: 1.4553331e+08 | EU27: 3.7937161e+08 | EV27: 9470000100 | EX27: 4.3763161e+08 | EY27: 9.6379835e+12 | EZ27: 3.3511384e+10 | FA27: 3319000000 | FB27: 1.0007882e+11 | FF27: 2.3136877e+12 | FG27: 2.5569087e+12 | FH27: 2.4736974e+11 | FI27: 9.9724892e+10 | FJ27: 8.48537e+10 | FK27: 1.4749509e+11 | FM27: 2.0932816e+11 | FO27: 2.0126543e+10 | FP27: 1.6227673e+11 | FQ27: 4.6802509e+10 | FR27: 2.8878255e+09 | FS27: 2.6043655e+10 | FT27: 4.3644328e+11 | FU27: 2.373567e+09 | FV27: 4.96671e+09 | FW27: 1.30974e+12 | FY27: 6.1914371e+09 | GB27: 41246161 | GC27: 95898444 | GD27: 9.6597434e+10 | GE27: 2.1697298e+10 | GF27: 6.7376403e+11 | GG27: 1.7571428e+09 | GI27: 848478300 | GK27: 2.1766304e+08 | GL27: 7.3211968e+11 | GN27: 6.9082552e+10 | GO27: 5.0261736e+08 | GP27: 6.0434748e+09 | GQ27: 6.6999968e+11 | GR27: 2.4974902e+12 | GS27: 3.331585e+08 | GT27: 1.2749473e+12 | GV27: 4.5948916e+09 | GX27: 1.2922977e+09 | GZ27: 1.4824729e+10 | HA27: 1.037315e+09 | HC27: 2.9394855e+09 | HD27: 1.0950355e+08 | HE27: 4.2299795e+11 | HF27: 1.7563216e+11 | HG27: 45144000 | HH27: 2.4436606e+12 | HJ27: 1.232932e+09 | HK27: 1.1018286e+09 | HO27: 2098734600 | HQ27: 3.3761722e+09 | HR27: 7.2693732e+08 | HS27: 1.0449286e+09 | HT27: 1.2080261e+09 | HU27: 3.3943506e+10 | HV27: 4.3970513e+12 | HW27: 1.9605671e+09 | HX27: 7.9601898e+08 | HY27: 1.4612433e+09 | HZ27: 2.8500815e+10 | IA27: 3.1055171e+09 | IB27: 1.4207591e+11 | IC27: 6.2057955e+10 | ID27: 2.5812074e+09 | IF27: 2.1665457e+10 | IG27: 9.4944772e+12 | IH27: 8.8213665e+09 | II27: 3.3642964e+10 | IJ27: 3.1151825e+10 | IK27: 6183387100 | IL27: 1.759966e+10 | IM27: 3.1408493e+10 | IO27: 2.5525263e+09 | IQ27: 8.1200163e+10 | IR27: 19162600000 | IT27: 2.5220452e+10 | IU27: 4.0672224e+09 | IW27: 2.014185e+09 | IX27: 9.3111246e+12 | IY27: 1.3789914e+09 | IZ27: 6.7043958e+09 | JC27: 1.587413e+09 | JD27: 2.6935537e+11 | JE27: 1.1962486e+11 | JF27: 9.7013571e+09 | JG27: 2.7055358e+09 | JH27: 1.973592e+10 | JI27: 2.5280678e+08 | JJ27: 1.0874719e+09 | JK27: 3661683400 | JO27: 2.3138701e+11 | JQ27: 2.3153433e+11 | JR27: 5.1973394e+10 | JT27: 864150000 | JW27: 1.0766167e+11 | JX27: 4.944757e+08 | JZ27: 1.5131324e+08 | KA27: 1.7503083e+10 | KC27: 9.1910374e+08 | KD27: 4.7713238e+11 | KF27: 7.1814896e+08 | KG27: 4.1797593e+10 | KJ27: 6.8224117e+11 | KM27: 64248355 | KN27: 2.6935537e+11 | KO27: 2.3153433e+11 | KP27: 7.7570833e+09 | KQ27: 8.2548919e+09 | KR27: 5.9989909e+10 | KU27: 3.6156475e+09 | KW27: 1.7703104e+12 | KX27: 4.8502414e+09 | KY27: 4040693000000 | LA27: 135025000 | LB27: 56091900000 | LD27: 985400000 | LF27: 1.3555376e+08 | LG27: 1.2058394e+13 | LH27: 1.0920093e+08 | LK27: 8.7880468e+10 | LL27: 2.7394444e+09 | LM27: 6352125900
A28: Bolivia | B28: GDP (current US$) | C28: 5.6311005e+08 | D28: 6.1251891e+08 | E28: 6.6972254e+08 | F28: 7.2114296e+08 | G28: 8.1254307e+08 | H28: 9.0887454e+08 | I28: 9.9404455e+08 | J28: 1.0840598e+09 | K28: 9.0887454e+08 | L28: 9.646157e+08 | M28: 1.0171717e+09 | N28: 1.0954545e+09 | O28: 1.2576156e+09 | P28: 1.2630185e+09 | Q28: 2.1002499e+09 | R28: 2.4046977e+09 | S28: 2.732084e+09 | T28: 3.2274363e+09 | U28: 3.7582209e+09 | V28: 4.4213436e+09 | W28: 4.5374878e+09 | X28: 5.8916067e+09 | Y28: 5.5941184e+09 | Z28: 5.4226563e+09 | AA28: 6.1694815e+09 | AB28: 5.3772774e+09 | AC28: 3.9593795e+09 | AD28: 4.3479563e+09 | AE28: 4.5976156e+09 | AF28: 4.7159789e+09 | AG28: 4.8675826e+09 | AH28: 5.3432743e+09 | AI28: 5.6438933e+09 | AJ28: 5.7346766e+09 | AK28: 5.9812449e+09 | AL28: 6.7152205e+09 | AM28: 7.3969667e+09 | AN28: 7.9256734e+09 | AO28: 8.4975456e+09 | AP28: 8.2850759e+09 | AQ28: 8.3979125e+09 | AR28: 8.1415379e+09 | AS28: 7.9054852e+09 | AT28: 8.0823649e+09 | AU28: 8.7734517e+09 | AV28: 9.5490779e+09 | AW28: 1.1451869e+10 | AX28: 1.312016e+10 | AY28: 1.6674325e+10 | AZ28: 1.7339992e+10 | BA28: 1.9649631e+10 | BB28: 2.3963033e+10 | BC28: 2.7084498e+10 | BD28: 3.0659339e+10 | BE28: 3.2996188e+10 | BF28: 3.3000198e+10 | BG28: 3.3806396e+10 | BI28: 1985 | BL28: 6.684492e+09 | BM28: 1.9653846e+09 | BN28: 3.4673796e+08 | BO28: 3.0389362e+11 | BP28: 4.060365e+10 | BQ28: 8.8416669e+10 | BT28: 2.4092393e+08 | BU28: 1.8047097e+11 | BV28: 6.9219622e+10 | BX28: 1.1499793e+09 | BY28: 8.6730121e+10 | BZ28: 1.0457127e+09 | CA28: 1.5524934e+09 | CB28: 2.2278423e+10 | CC28: 1.7155421e+10 | CD28: 3.6518617e+09 | CE28: 2320699900 | CH28: 209150000 | CI28: 1039500032 | CJ28: 5.3772774e+09 | CK28: 2.2294279e+11 | CL28: 1.4097407e+09 | CM28: 3.5236126e+09 | CN28: 1.722175e+08 | CO28: 1.114764e+09 | CP28: 8.6484977e+08 | CQ28: 3.647565e+11 | CS28: 1.0749624e+11 | CU28: 1.7702885e+10 | CV28: 3.0948639e+11 | CW28: 6.9776501e+09 | CX28: 8.1482236e+09 | CY28: 7.1950426e+09 | CZ28: 2.1608725e+09 | DA28: 3.4894411e+10 | DB28: 1.144907e+08 | DC28: 1.3772816e+08 | DD28: 4.7966285e+09 | DE28: 1.574268e+10 | DF28: 2.2920491e+10 | DI28: 2.4304119e+09 | DK28: 7.2976328e+11 | DL28: 3.4098953e+08 | DM28: 98585185 | DN28: 6.2658544e+10 | DO28: 5.0445929e+09 | DP28: 5.7937869e+10 | DQ28: 5.2395307e+11 | DR28: 1.3978587e+12 | DS28: 2.3581721e+12 | DU28: 3.7642694e+12 | DV28: 1.7149095e+10 | DW28: 3.468956e+10 | DX28: 2.392054e+12 | DZ28: 1.8030241e+11 | EB28: 9.4808405e+09 | EC28: 3.1625212e+12 | EE28: 5.5914236e+10 | EF28: 1.1412101e+09 | EG28: 5.5519711e+11 | EJ28: 3.3399148e+09 | EK28: 4.8928516e+11 | EM28: 4.5043422e+09 | EP28: 2.2572485e+08 | EQ28: 1.4385625e+08 | ER28: 62118565 | ES28: 4.7820851e+10 | ET28: 1.6772846e+08 | EU28: 4.1287607e+08 | EV28: 9.7216521e+09 | EX28: 4.5348837e+08 | EY28: 1.0132407e+13 | EZ28: 3.5699543e+10 | FA28: 3.6394999e+09 | FB28: 1.0499449e+11 | FF28: 2.4394618e+12 | FG28: 2.6916255e+12 | FH28: 2.566545e+11 | FI28: 9.9654429e+10 | FJ28: 8.5289492e+10 | FK28: 1.5730647e+11 | FM28: 2.2941029e+11 | FO28: 2.1291058e+10 | FP28: 1.8018363e+11 | FQ28: 4.8284979e+10 | FR28: 3.008413e+09 | FS28: 2.4121639e+10 | FT28: 4.5072582e+11 | FU28: 2.1002231e+09 | FV28: 4.9938292e+09 | FW28: 1.4007148e+12 | FY28: 6.1350343e+09 | GB28: 32125148 | GC28: 106057000 | GD28: 1.002731e+11 | GE28: 2.144262e+10 | GF28: 6.9594395e+11 | GG28: 2.3666666e+09 | GI28: 851296100 | GK28: 2.41273e+08 | GL28: 7.5345721e+11 | GM28: 1.2122742e+11 | GN28: 7.1599176e+10 | GO28: 5.29079e+08 | GP28: 5.978461e+09 | GQ28: 7.0503363e+11 | GR28: 2.6311588e+12 | GS28: 2.6862689e+08 | GT28: 1.3625933e+12 | GV28: 4.7385597e+09 | GX28: 1.3488273e+09 | GZ28: 1.4991283e+10 | HA28: 1.0828511e+09 | HC28: 2.8578897e+09 | HD28: 1.2715493e+08 | HE28: 4.2910655e+11 | HF28: 1.8447311e+11 | HG28: 43879000 | HH28: 2.5755259e+12 | HJ28: 1.3921959e+09 | HK28: 1.1178353e+09 | HO28: 2186505475 | HQ28: 4.4562407e+09 | HR28: 6.8319389e+08 | HS28: 1.080642e+09 | HT28: 1.13135e+09 | HU28: 3.1200161e+10 | HV28: 4.71253e+12 | HW28: 1.6157768e+09 | HX28: 8.5482382e+08 | HY28: 1.4405817e+09 | HZ28: 2.8873977e+10 | IA28: 2.6838163e+09 | IB28: 1.4200992e+11 | IC28: 6.541688e+10 | ID28: 2.619914e+09 | IF28: 2.4680307e+10 | IG28: 1.0015967e+13 | IH28: 1.0005501e+10 | II28: 3.1964598e+10 | IJ28: 3.1144921e+10 | IK28: 6541517100 | IL28: 1.6548827e+10 | IM28: 3.0734335e+10 | IO28: 2.4233731e+09 | IQ28: 8.4292961e+10 | IR28: 20289200000 | IT28: 2.7118476e+10 | IU28: 2.9662341e+09 | IW28: 1.9068173e+09 | IX28: 9.8204756e+12 | IY28: 1.5072308e+09 | IZ28: 6.1532965e+09 | JC28: 1.7156258e+09 | JD28: 2.9287426e+11 | JE28: 1.0389785e+11 | JF28: 1.2403733e+10 | JG28: 2.9621998e+09 | JH28: 1.9138296e+10 | JI28: 2.3230686e+08 | JJ28: 8.568905e+08 | JK28: 3800368600 | JO28: 2.1560049e+11 | JQ28: 2.1576787e+11 | JR28: 5.0036734e+10 | JT28: 873250000 | JW28: 1.1251445e+11 | JX28: 3.6101489e+08 | JZ28: 1.6888754e+08 | KA28: 1.6403545e+10 | KC28: 1.0330697e+09 | KD28: 5.2288986e+11 | KF28: 7.6235972e+08 | KG28: 3.8900693e+10 | KJ28: 7.0315919e+11 | KM28: 60058663 | KN28: 2.9287426e+11 | KO28: 2.1576787e+11 | KP28: 7.3759184e+09 | KQ28: 8.4101857e+09 | KR28: 6.7234948e+10 | KU28: 3.5196663e+09 | KW28: 1.8670083e+12 | KX28: 4.7320179e+09 | KY28: 4346734000000 | LA28: 1.456417e+08 | LB28: 5.7935747e+10 | LD28: 990400000 | LE28: 1.4094688e+10 | LF28: 1.2369851e+08 | LG28: 1.2681691e+13 | LH28: 95572173 | LK28: 6.9208452e+10 | LL28: 2.2812581e+09 | LM28: 5637259300
A29: Brazil | B29: GDP (current US$) | C29: 1.516557e+10 | D29: 1.5236855e+10 | E29: 1.9926294e+10 | F29: 2.3021477e+10 | G29: 2.1211892e+10 | H29: 2.1790035e+10 | I29: 2.7062717e+10 | J29: 3.0591834e+10 | K29: 3.3875882e+10 | L29: 3.7458898e+10 | M29: 4.23276e+10 | N29: 4.9204457e+10 | O29: 5.8539009e+10 | P29: 7.9279058e+10 | Q29: 1.0513601e+11 | R29: 1.2370938e+11 | S29: 1.5267802e+11 | T29: 1.7617128e+11 | U29: 2.0080089e+11 | V29: 2.2496949e+11 | W29: 2.350246e+11 | X29: 2.6356109e+11 | Y29: 2.816823e+11 | Z29: 2.0330452e+11 | AA29: 2.0902391e+11 | AB29: 2.2294279e+11 | AC29: 2.6813722e+11 | AD29: 2.9408411e+11 | AE29: 3.3039738e+11 | AF29: 425595310000 | AG29: 4.6195178e+11 | AH29: 602860000000 | AI29: 400599250000 | AJ29: 4.3779858e+11 | AK29: 5.58112e+11 | AL29: 7.8564346e+11 | AM29: 8.5042583e+11 | AN29: 8.8319944e+11 | AO29: 8.637234e+11 | AP29: 5.9938888e+11 | AQ29: 6.5542115e+11 | AR29: 5.593725e+11 | AS29: 5.0796274e+11 | AT29: 5.5832012e+11 | AU29: 6.6931624e+11 | AV29: 8.9162997e+11 | AW29: 1.1076403e+12 | AX29: 1.3970844e+12 | AY29: 1.6958245e+12 | AZ29: 1.6670196e+12 | BA29: 2.2088716e+12 | BB29: 2.6162016e+12 | BC29: 2.4651887e+12 | BD29: 2.4728069e+12 | BE29: 2.4559932e+12 | BF29: 1.8036526e+12 | BG29: 1.7961866e+12 | BI29: 1986 | BL29: 6.684492e+09 | BM29: 2.17375e+09 | BN29: 4.8200059e+08 | BO29: 2.8902915e+11 | BP29: 3.3943612e+10 | BQ29: 1.1093444e+11 | BT29: 2.9044015e+08 | BU29: 1.8228176e+11 | BV29: 9.8797587e+10 | BX29: 1.2017255e+09 | BY29: 1.2066133e+11 | BZ29: 1.336102e+09 | CA29: 2.0363034e+09 | CB29: 2.1774033e+10 | CC29: 2.0249294e+10 | CD29: 3.0523936e+09 | CE29: 2472500000 | CH29: 227850000 | CI29: 1173500032 | CJ29: 3.9593795e+09 | CK29: 2.6813722e+11 | CL29: 1.54779e+09 | CM29: 2.3585928e+09 | CN29: 2.0137573e+08 | CO29: 1.3926348e+09 | CP29: 1.122265e+09 | CQ29: 3.7743793e+11 | CS29: 1.5409551e+11 | CU29: 1.8891049e+10 | CV29: 3.0075942e+11 | CW29: 9.1583022e+09 | CX29: 1.0621159e+10 | CY29: 8.0953672e+09 | CZ29: 1.8492682e+09 | DA29: 3.494249e+10 | DB29: 1.6248776e+08 | DC29: 1.9065121e+08 | DD29: 5.4778955e+09 | DE29: 1.4358714e+10 | DF29: 2.4226575e+10 | DI29: 3.0907345e+09 | DK29: 1.0423008e+12 | DM29: 1.1207407e+08 | DN29: 8.8078729e+10 | DO29: 6.1221978e+09 | DP29: 6.3696302e+10 | DQ29: 5.2247395e+11 | DR29: 1.4182118e+12 | DS29: 3.0761095e+12 | DU29: 5.1376732e+12 | DV29: 1.5314144e+10 | DW29: 3.5880263e+10 | DX29: 3.3572388e+12 | DZ29: 2.5063846e+11 | EB29: 9.8486009e+09 | EC29: 4.3366683e+12 | EE29: 7.3586676e+10 | EF29: 1.2902286e+09 | EG29: 7.745563e+11 | EI29: 112210000 | EJ29: 3.4036382e+09 | EK29: 6.0145265e+11 | EM29: 5.7276026e+09 | EO29: 1.9226009e+09 | EP29: 1.8564621e+08 | EQ29: 1.3022502e+08 | ER29: 76407397 | ES29: 5.6379594e+10 | ET29: 1.8758952e+08 | EU29: 6.030157e+08 | EV29: 7.2319635e+09 | EX29: 5.0465114e+08 | EY29: 1.2297564e+13 | EZ29: 4.1075571e+10 | FA29: 3.8085001e+09 | FB29: 1.2035828e+11 | FF29: 2.5531687e+12 | FG29: 2.8131809e+12 | FH29: 2.6478178e+11 | FI29: 9.6843173e+10 | FJ29: 7.9954073e+10 | FK29: 1.6897724e+11 | FM29: 2.4566465e+11 | FO29: 2.8742983e+10 | FP29: 2.0909456e+11 | FQ29: 4.7127694e+10 | FR29: 4.0221924e+09 | FS29: 2.9702244e+10 | FT29: 6.3827399e+11 | FU29: 2.7545662e+09 | FV29: 6401380000 | FW29: 2.0750342e+12 | FY29: 7.2391267e+09 | GB29: 32085561 | GC29: 1.2527226e+08 | GD29: 1.1553713e+11 | GE29: 1.7903682e+10 | GF29: 7.0748808e+11 | GG29: 1.776842e+09 | GI29: 840964400 | GK29: 2.896897e+08 | GL29: 7.6688412e+11 | GM29: 1.3193824e+11 | GN29: 8.1243884e+10 | GO29: 7.7936517e+08 | GP29: 6.4052106e+09 | GQ29: 7.349222e+11 | GR29: 2.7521463e+12 | GS29: 3.1886287e+08 | GT29: 1.4493059e+12 | GV29: 6.9212641e+09 | GX29: 1.5174961e+09 | GZ29: 1.9462175e+10 | HA29: 1.5152096e+09 | HC29: 3.2582889e+09 | HD29: 1.419021e+08 | HE29: 4.3837493e+11 | HF29: 1.2944019e+11 | HG29: 55989000 | HH29: 2.6882145e+12 | HJ29: 1.8521635e+09 | HK29: 1.4350792e+09 | HO29: 2.8961789e+09 | HQ29: 5.2471931e+09 | HR29: 8.0289075e+08 | HS29: 1.4690461e+09 | HT29: 1.1836718e+09 | HU29: 2.7734563e+10 | HV29: 4.9687664e+12 | HW29: 1.816754e+09 | HX29: 1.2012625e+09 | HY29: 1.904097e+09 | HZ29: 2.0721499e+10 | IA29: 2.8857106e+09 | IB29: 1.982985e+11 | IC29: 7.8693253e+10 | ID29: 2.8507845e+09 | IF29: 3.0605196e+10 | IG29: 1.2140889e+13 | IH29: 7.3238223e+09 | II29: 3.2342045e+10 | IJ29: 3.1899071e+10 | IK29: 6797834200 | IL29: 1.5244233e+10 | IM29: 2.9868339e+10 | IO29: 2.6480338e+09 | IQ29: 8.6854873e+10 | IR29: 21969400000 | IT29: 3.8749716e+10 | IU29: 3.4397166e+09 | IW29: 2.0700806e+09 | IX29: 1.1992583e+13 | IY29: 2.3015147e+09 | IZ29: 5.053022e+09 | JC29: 1.9447111e+09 | JD29: 3.1014731e+11 | JE29: 8.6961923e+10 | JF29: 1.5769062e+10 | JG29: 4.1898604e+09 | JH29: 1.8569292e+10 | JI29: 2.1073787e+08 | JJ29: 4.9018146e+08 | JK29: 3771663200 | JO29: 2.3892058e+11 | JQ29: 2.3912768e+11 | JR29: 4.9068592e+10 | JT29: 891000000 | JW29: 1.483761e+11 | JX29: 4.4914661e+08 | JZ29: 2.0785062e+08 | KA29: 1.3293209e+10 | KC29: 1.0678282e+09 | KD29: 5.2141375e+11 | KF29: 1.0609117e+09 | KG29: 4.3096746e+10 | KJ29: 7.1321631e+11 | KM29: 68195856 | KN29: 3.1014731e+11 | KO29: 2.3912768e+11 | KP29: 4.7944444e+09 | KQ29: 9.018136e+09 | KR29: 7.572801e+10 | KU29: 3.9232321e+09 | KW29: 1.9497316e+12 | KX29: 5.8801128e+09 | KY29: 4590155000000 | LA29: 1.6084667e+08 | LB29: 5.8793864e+10 | LD29: 1035600000 | LE29: 2.6336617e+10 | LF29: 1.186914e+08 | LG29: 1.5014218e+13 | LH29: 1.0094785e+08 | LK29: 8.2107924e+10 | LL29: 1.6619487e+09 | LM29: 6217523700
A30: Barbados | B30: GDP (current US$) | W30: 1.012264e+09 | X30: 1.1141046e+09 | Y30: 1.1640598e+09 | Z30: 1.2357752e+09 | AA30: 1.3470336e+09 | AB30: 1.4097407e+09 | AC30: 1.54779e+09 | AD30: 1.7044409e+09 | AE30: 1.8128914e+09 | AF30: 2.0063945e+09 | AG30: 2.0123025e+09 | AH30: 2.0207447e+09 | AI30: 1.9571683e+09 | AJ30: 2.063268e+09 | AK30: 2.1512851e+09 | AL30: 2.261997e+09 | AM30: 2.4118465e+09 | AN30: 2.5492606e+09 | AO30: 2.8744133e+09 | AP30: 3.0120219e+09 | AQ30: 3.1216198e+09 | AR30: 3.1166324e+09 | AS30: 3.1696126e+09 | AT30: 3.2748566e+09 | AU30: 3.5143707e+09 | AV30: 3.8974672e+09 | AW30: 4.3032756e+09 | AX30: 4.5461154e+09 | AY30: 4595264650 | AZ30: 4601250000 | BA30: 4446800000 | BB30: 4358900000 | BC30: 4.33215e+09 | BD30: 4371200000 | BE30: 4352700000 | BF30: 4421800000 | BG30: 4587550000 | BI30: 1987 | BL30: 6.684492e+09 | BM30: 2156624900 | BN30: 6.113164e+08 | BO30: 3.1268168e+11 | BP30: 3.6384909e+10 | BQ30: 1.1110619e+11 | BT30: 3.3717485e+08 | BU30: 1.8937599e+11 | BV30: 1.2386932e+11 | BX30: 1.1314665e+09 | BY30: 1.5019422e+11 | BZ30: 1.562412e+09 | CA30: 2.3698354e+09 | CB30: 2.4298032e+10 | CC30: 28101000000 | CD30: 3.392021e+09 | CE30: 2713999900 | CH30: 276550000 | CI30: 1296499968 | CJ30: 4.3479563e+09 | CK30: 2.9408411e+11 | CL30: 1.7044409e+09 | CM30: 2.7544634e+09 | CN30: 2.5318245e+08 | CO30: 1.9652749e+09 | CP30: 1.2009918e+09 | CQ30: 4.3131674e+11 | CS30: 1.9298162e+11 | CU30: 2.2255408e+10 | CV30: 2.7297309e+11 | CW30: 1.0087653e+10 | CX30: 1.2302471e+10 | CY30: 7.6616255e+09 | CZ30: 2.2977536e+09 | DA30: 3.6373307e+10 | DB30: 1.9643368e+08 | DC30: 2.3525317e+08 | DD30: 5.841133e+09 | DE30: 1.5429016e+10 | DF30: 2.5213935e+10 | DI30: 3.7048139e+09 | DK30: 1.2932644e+12 | DL30: 3.7337174e+08 | DM30: 1.2634815e+08 | DN30: 1.0941435e+11 | DO30: 5.8269872e+09 | DP30: 6.6742268e+10 | DQ30: 5.1602689e+11 | DR30: 1.429316e+12 | DS30: 3.5983659e+12 | DU30: 6.3488595e+12 | DV30: 1.3945432e+10 | DW30: 4.0507934e+10 | DX30: 4.1527432e+12 | DZ30: 3.1788219e+11 | EB30: 1.0527339e+10 | EC30: 5.365915e+12 | EE30: 9.1642094e+10 | EF30: 1.1779082e+09 | EG30: 9.3836844e+11 | EI30: 116700000 | EJ30: 3.281797e+09 | EK30: 7.4516261e+11 | EM30: 5.0748299e+09 | EO30: 2.0415381e+09 | EP30: 2.2062648e+08 | EQ30: 1.7383636e+08 | ER30: 93345848 | ES30: 6.5652751e+10 | ET30: 2.1500957e+08 | EU30: 7.8739237e+08 | EV30: 7084399840 | EX30: 3.5459185e+08 | EY30: 1.4242431e+13 | EZ30: 5.0622572e+10 | FA30: 4152499950 | FB30: 1.3255082e+11 | FF30: 2.6160944e+12 | FG30: 2.8978411e+12 | FH30: 2.8623471e+11 | FI30: 1.0704872e+11 | FJ30: 7.5929618e+10 | FK30: 1.8006316e+11 | FM30: 2.7531143e+11 | FO30: 3.3954081e+10 | FP30: 1.3401e+11 | FQ30: 5.6609842e+10 | FR30: 5.565384e+09 | FS30: 3.5477235e+10 | FT30: 8.0305542e+11 | FU30: 3.2869876e+09 | FV30: 6.7555991e+09 | FW30: 2.5142839e+12 | FY30: 7.9708205e+09 | GB30: 33608738 | GC30: 1.4070563e+08 | GD30: 1.4613334e+11 | GE30: 2.2365734e+10 | GF30: 7.4035275e+11 | GG30: 1.0872731e+09 | GI30: 972800000 | GK30: 319999000 | GL30: 8.0722193e+11 | GM30: 1.4357865e+11 | GN30: 8.4768074e+10 | GO30: 1.0528433e+09 | GP30: 6.6821671e+09 | GQ30: 8.0784954e+11 | GR30: 2.8303613e+12 | GS30: 4.0277485e+08 | GT30: 1.5277847e+12 | GV30: 8.6142156e+09 | GX30: 1.941247e+09 | GZ30: 2.1765261e+10 | HA30: 1.8390956e+09 | HC30: 2.5656344e+09 | HD30: 1.4126898e+08 | HE30: 4.0595778e+11 | HF30: 1.4026368e+11 | HG30: 62983000 | HH30: 2.7634793e+12 | HJ30: 2.0906297e+09 | HK30: 1.7512478e+09 | HO30: 3020611600 | HQ30: 2.3541173e+09 | HR30: 9.0982055e+08 | HS30: 1.8887547e+09 | HT30: 1.1830714e+09 | HU30: 3.2181696e+10 | HV30: 5.3028302e+12 | HW30: 2.310455e+09 | HX30: 1.4881135e+09 | HY30: 2.2330061e+09 | HZ30: 2.4093203e+10 | IA30: 3.8512137e+09 | IB30: 2.4191879e+11 | IC30: 9.4230056e+10 | ID30: 2.9572554e+09 | IF30: 4.0377592e+10 | IG30: 1.4052575e+13 | IH30: 7.8111831e+09 | II30: 3.8389403e+10 | IJ30: 3.3351528e+10 | IK30: 6.8276653e+09 | IL30: 2.0702298e+10 | IM30: 3.3195933e+10 | IO30: 3.1438483e+09 | IQ30: 9.908106e+10 | IR30: 23878000000 | IT30: 4.8187668e+10 | IU30: 3.7783164e+09 | IW30: 2.0335881e+09 | IX30: 1.3892518e+13 | IY30: 2.5431991e+09 | IZ30: 5.4464287e+09 | JA30: 3.8413636e+10 | JC30: 2.157434e+09 | JD30: 3.4433856e+11 | JE30: 8.5695861e+10 | JF30: 2.0155556e+10 | JG30: 5.0407081e+09 | JH30: 2.089763e+10 | JI30: 2.386063e+08 | JJ30: 7.013076e+08 | JK30: 3958045800 | JO30: 2.8153907e+11 | JQ30: 2.8178761e+11 | JR30: 5.6063767e+10 | JT30: 979850000 | JW30: 1.8042929e+11 | JX30: 5.8413556e+08 | JZ30: 2.4926704e+08 | KA30: 1.1356216e+10 | KC30: 1.1634269e+09 | KD30: 5.1497977e+11 | KF30: 1.2490991e+09 | KG30: 5.0535439e+10 | KI30: 2.3313588e+09 | KJ30: 7.5001893e+11 | KM30: 81667133 | KN30: 3.4433856e+11 | KO30: 2.8178761e+11 | KP30: 4.7977778e+09 | KQ30: 9.6962713e+09 | KR30: 8.717279e+10 | KU30: 6.2695116e+09 | KV30: 6.4087694e+10 | KW30: 1.9478281e+12 | KX30: 7.3674941e+09 | KY30: 4870217000000 | LA30: 1.7558063e+08 | LB30: 4.5343793e+10 | LD30: 1147800064 | LE30: 3.6658108e+10 | LF30: 1.3083415e+08 | LG30: 1.7083142e+13 | LH30: 1.1171392e+08 | LK30: 1.0741497e+11 | LL30: 2.2698947e+09 | LM30: 6741215100
A31: Brunei Darussalam | B31: GDP (current US$) | H31: 1.1404025e+08 | I31: 1.327584e+08 | J31: 1.3903045e+08 | K31: 1.6081929e+08 | L31: 1.6121129e+08 | M31: 1.790801e+08 | N31: 1.9752318e+08 | O31: 2.7081856e+08 | P31: 4.33092e+08 | Q31: 1.0735771e+09 | R31: 1.1683043e+09 | S31: 1.4230614e+09 | T31: 1.7327212e+09 | U31: 1.9416007e+09 | V31: 2.80378e+09 | W31: 4.928825e+09 | X31: 4.3662138e+09 | Y31: 4.2642523e+09 | Z31: 3.8447231e+09 | AA31: 3.7825231e+09 | AB31: 3.5236126e+09 | AC31: 2.3585928e+09 | AD31: 2.7544634e+09 | AE31: 2.6907176e+09 | AF31: 2.985468e+09 | AG31: 3.5205517e+09 | AH31: 3.7016671e+09 | AI31: 4.1835482e+09 | AJ31: 4.1057062e+09 | AK31: 4.087338e+09 | AL31: 4.73402e+09 | AM31: 5.1156028e+09 | AN31: 5.197333e+09 | AO31: 4.0511472e+09 | AP31: 4.6e+09 | AQ31: 6.0011533e+09 | AR31: 5.6010906e+09 | AS31: 5.8433291e+09 | AT31: 6.5573331e+09 | AU31: 7.8723332e+09 | AV31: 9.5314028e+09 | AW31: 1.1470703e+10 | AX31: 1.2247694e+10 | AY31: 1.4393099e+10 | AZ31: 1.0732366e+10 | BA31: 1.3707371e+10 | BB31: 1.852532e+10 | BC31: 1.9048496e+10 | BD31: 1.809383e+10 | BE31: 1.7123125e+10 | BF31: 1.2930395e+10 | BG31: 1.1400267e+10 | BI31: 1988 | BL31: 6.684492e+09 | BM31: 2126000000 | BN31: 7.2142594e+08 | BO31: 3.0750304e+11 | BP31: 3.6275674e+10 | BQ31: 1.2620682e+11 | BT31: 3.9863774e+08 | BU31: 2.3613577e+11 | BV31: 1.3301818e+11 | BX31: 1.0824032e+09 | BY31: 1.6316801e+11 | BZ31: 1.6202462e+09 | CA31: 2.6160406e+09 | CB31: 2.6579006e+10 | CC31: 2.2555941e+10 | CD31: 3.7023936e+09 | CE31: 2817900000 | CH31: 3.149e+08 | CI31: 1415100032 | CJ31: 4.5976156e+09 | CK31: 3.3039738e+11 | CL31: 1.8128914e+09 | CM31: 2.6907176e+09 | CN31: 2.8385583e+08 | CO31: 2.6445368e+09 | CP31: 1.2648994e+09 | CQ31: 5.0735435e+11 | CS31: 2.0877402e+11 | CU31: 2.604023e+10 | CV31: 3.1235391e+11 | CW31: 1.025517e+10 | CX31: 1.2493287e+10 | CY31: 8.8613e+09 | CZ31: 2.2125363e+09 | DA31: 3.921255e+10 | DB31: 2.0747655e+08 | DC31: 2.6430814e+08 | DD31: 6.0637594e+09 | DE31: 1.635733e+10 | DF31: 2.7458999e+10 | DI31: 4.2787926e+09 | DK31: 1.3959315e+12 | DL31: 3.9579454e+08 | DM31: 1.4376667e+08 | DN31: 1.1555285e+11 | DO31: 5.3743152e+09 | DP31: 5.9089067e+10 | DQ31: 5.7233984e+11 | DR31: 1.5358715e+12 | DS31: 4.3308486e+12 | DU31: 7.0674979e+12 | DV31: 1.3051887e+10 | DW31: 3.5044634e+10 | DX31: 4.5673188e+12 | DZ31: 3.7513872e+11 | EB31: 1.0908936e+10 | EC31: 5.9854494e+12 | EE31: 1.0910306e+11 | EF31: 1.1099769e+09 | EG31: 1.023504e+12 | EI31: 124700000 | EJ31: 3.8345034e+09 | EK31: 9.1012273e+11 | EM31: 5.197841e+09 | EO31: 2.3842958e+09 | EP31: 2.6667313e+08 | EQ31: 1.6445812e+08 | ER31: 1.0053466e+08 | ES31: 7.6261278e+10 | ET31: 2.3635752e+08 | EU31: 8.9861101e+08 | EV31: 7.8416028e+09 | EX31: 4.1379999e+08 | EY31: 1.604259e+13 | EZ31: 5.9707405e+10 | FA31: 3.9703863e+09 | FB31: 1.3206517e+11 | FF31: 2.8447378e+12 | FG31: 3.1356839e+12 | FH31: 2.9557704e+11 | FI31: 1.1467861e+11 | FJ31: 8.4300174e+10 | FK31: 1.813855e+11 | FM31: 2.9263266e+11 | FO31: 3.7810271e+10 | FP31: 1.2305786e+11 | FQ31: 6.2503056e+10 | FR31: 6.1564879e+09 | FS31: 4.3893304e+10 | FT31: 8.8866792e+11 | FU31: 3.8283107e+09 | FV31: 6.2771974e+09 | FW31: 3.0506378e+12 | FY31: 8.3553809e+09 | GB31: 42972107 | GC31: 1.6574574e+08 | GD31: 1.969642e+11 | GE31: 2.0692473e+10 | GF31: 8.468515e+11 | GG31: 5.9896127e+08 | GH31: 3.3135401e+09 | GI31: 1038300000 | GK31: 3.6654107e+08 | GL31: 9.210575e+11 | GM31: 1.4707475e+11 | GN31: 9.1473323e+10 | GO31: 1.1617577e+09 | GP31: 6.9783716e+09 | GQ31: 8.4186006e+11 | GR31: 3.0610487e+12 | GS31: 4.7038919e+08 | GT31: 1.6828243e+12 | GV31: 9.7501611e+09 | GX31: 2.2692336e+09 | GZ31: 2.5705296e+10 | HA31: 2.0006747e+09 | HC31: 2.4425076e+09 | HD31: 1.6861048e+08 | HE31: 4.0288687e+11 | HF31: 1.8314427e+11 | HG31: 70688000 | HH31: 2.988897e+12 | HJ31: 2.1690407e+09 | HK31: 2.0194742e+09 | HO31: 3.2044616e+09 | HQ31: 2.0935717e+09 | HR31: 9.5737751e+08 | HS31: 2.1434845e+09 | HT31: 1.3799238e+09 | HU31: 3.527188e+10 | HV31: 5.7613985e+12 | HW31: 2.5065546e+09 | HX31: 2.0727358e+09 | HY31: 2.2803562e+09 | HZ31: 2.3272161e+10 | IA31: 2.6309043e+09 | IB31: 2.5856775e+11 | IC31: 1.0190026e+11 | ID31: 3.4870097e+09 | IF31: 4.5176167e+10 | IG31: 1.5854831e+13 | IH31: 8.3862159e+09 | II31: 4.3139713e+10 | IJ31: 3.8472742e+10 | IK31: 5.9027834e+09 | IL31: 1.5439408e+10 | IM31: 3.788544e+10 | IO31: 3.6559797e+09 | IQ31: 1.0194487e+11 | IR31: 26178400000 | IT31: 5.6352797e+10 | IU31: 4.082626e+09 | IW31: 2.1306025e+09 | IX31: 1.5649139e+13 | IY31: 2.6874728e+09 | IZ31: 6.038187e+09 | JA31: 4.0809524e+10 | JC31: 2.3954939e+09 | JD31: 3.7004627e+11 | JE31: 8.8256075e+10 | JF31: 1.5399167e+10 | JG31: 4.9851532e+09 | JH31: 2.5337227e+10 | JI31: 3.1068427e+08 | JJ31: 1.0550839e+09 | JK31: 4189880000 | JO31: 2.9614143e+11 | JQ31: 2.9642527e+11 | JR31: 6.1791931e+10 | JT31: 1160900000 | JW31: 2.0406826e+11 | JX31: 6.9201671e+08 | JZ31: 2.8382877e+08 | KA31: 1.0577042e+10 | KC31: 1.4825973e+09 | KD31: 5.7117845e+11 | KF31: 1.3788475e+09 | KG31: 6.16672e+10 | KI31: 3.0109824e+09 | KJ31: 8.5868836e+11 | KM31: 1.0665727e+08 | KN31: 3.7004627e+11 | KO31: 2.9642527e+11 | KP31: 4.4968521e+09 | KQ31: 1.0096293e+10 | KR31: 9.0852814e+10 | KT31: 5.1004058e+09 | KU31: 6.5089317e+09 | KV31: 7.4703518e+10 | KW31: 2.1433358e+12 | KX31: 8.2135155e+09 | KY31: 5252629000000 | LA31: 2.007267e+08 | LB31: 5.8428407e+10 | LD31: 1204600064 | LE31: 2.5423813e+10 | LF31: 1.4854538e+08 | LG31: 1.9129418e+13 | LH31: 1.3301607e+08 | LK31: 1.1833151e+11 | LL31: 3.7136145e+09 | LM31: 7814784100
A32: Bhutan | B32: GDP (current US$) | W32: 1.356533e+08 | X32: 1.4639164e+08 | Y32: 1.4893433e+08 | Z32: 1.6558594e+08 | AA32: 1.6926499e+08 | AB32: 1.722175e+08 | AC32: 2.0137573e+08 | AD32: 2.5318245e+08 | AE32: 2.8385583e+08 | AF32: 2.7594989e+08 | AG32: 2.9978728e+08 | AH32: 2.5004584e+08 | AI32: 2.5079436e+08 | AJ32: 2.3523957e+08 | AK32: 2.7080157e+08 | AL32: 3.0305346e+08 | AM32: 3.1642086e+08 | AN32: 3.659645e+08 | AO32: 3.7695509e+08 | AP32: 4.1903581e+08 | AQ32: 4.3915823e+08 | AR32: 4.763607e+08 | AS32: 5.3705013e+08 | AT32: 6.2202611e+08 | AU32: 7.0268202e+08 | AV32: 8.1886915e+08 | AW32: 8.9773152e+08 | AX32: 1.1960918e+09 | AY32: 1.2583323e+09 | AZ32: 1.2647582e+09 | BA32: 1.5854725e+09 | BB32: 1.8202076e+09 | BC32: 1.8236921e+09 | BD32: 1.7983337e+09 | BE32: 1.9588199e+09 | BF32: 2.0579476e+09 | BG32: 2.2369332e+09 | BI32: 1989 | BL32: 1.0026738e+10 | BM32: 2.335125e+09 | BN32: 7.9544933e+08 | BO32: 3.2232514e+11 | BP32: 4.1464996e+10 | BQ32: 7.6636898e+10 | BT32: 4.3879478e+08 | BU32: 2.9994137e+11 | BV32: 1.3278515e+11 | BX32: 1.1139241e+09 | BY32: 1.6510025e+11 | BZ32: 1.5022944e+09 | CA32: 2.6155885e+09 | CB32: 2.8781715e+10 | CC32: 2.1988444e+10 | CD32: 3.8635638e+09 | CE32: 3.062e+09 | CH32: 363150000 | CI32: 1501500032 | CJ32: 4.7159789e+09 | CK32: 425595310000 | CL32: 2.0063945e+09 | CM32: 2.985468e+09 | CN32: 2.7594989e+08 | CO32: 3.0838007e+09 | CP32: 1.2339303e+09 | CQ32: 5.6505574e+11 | CS32: 2.0157265e+11 | CU32: 2.9885685e+10 | CV32: 3.4776721e+11 | CW32: 9.7574106e+09 | CX32: 1.1140055e+10 | CY32: 9.0218628e+09 | CZ32: 2.389593e+09 | DA32: 3.954008e+10 | DB32: 1.9873319e+08 | DC32: 2.6744851e+08 | DD32: 6.866402e+09 | DE32: 1.6756727e+10 | DF32: 2.7023469e+10 | DI32: 4.5634826e+09 | DK32: 1.3936743e+12 | DL32: 4.0922009e+08 | DM32: 1.5337407e+08 | DN32: 1.1240924e+11 | DO32: 6.6865927e+09 | DP32: 5.563149e+10 | DQ32: 6.185717e+11 | DR32: 1.5685627e+12 | DS32: 4.5292516e+12 | DT32: 9.0370247e+11 | DU32: 7.2244518e+12 | DV32: 1.3890829e+10 | DW32: 3.9648443e+10 | DX32: 4.6656079e+12 | DZ32: 4.1363054e+11 | EB32: 1.1476585e+10 | EC32: 6.1115099e+12 | EE32: 1.1906471e+11 | EF32: 1.1826866e+09 | EG32: 1.0301224e+12 | EI32: 135200000 | EJ32: 4.1864115e+09 | EK32: 9.2688482e+11 | EM32: 5.2517643e+09 | EO32: 2.4320294e+09 | EP32: 2.8411969e+08 | EQ32: 2.1314302e+08 | ER32: 88265975 | ES32: 7.9169044e+10 | ET32: 2.6732764e+08 | EU32: 9.2979672e+08 | EV32: 8.4107244e+09 | EX32: 3.7977939e+08 | EY32: 1.6805389e+13 | EZ32: 6.8790369e+10 | FA32: 3.5634483e+09 | FB32: 1.2715296e+11 | FF32: 3.0453261e+12 | FG32: 3.3363197e+12 | FH32: 2.9597894e+11 | FI32: 1.1724121e+11 | FJ32: 9.4451428e+10 | FK32: 1.7907208e+11 | FM32: 2.9209331e+11 | FO32: 3.9277216e+10 | FP32: 1.2049636e+11 | FQ32: 6.5641364e+10 | FR32: 5.718878e+09 | FS32: 4.4599772e+10 | FT32: 9.2559807e+11 | FU32: 4.4049701e+09 | FV32: 4.220945e+09 | FW32: 3.0523157e+12 | FY32: 8.2831146e+09 | GB32: 41119722 | GC32: 1.8509478e+08 | GD32: 2.4352605e+11 | GE32: 2.4312118e+10 | GF32: 9.255678e+11 | GG32: 7.1404682e+08 | GH32: 2.7179987e+09 | GI32: 786300000 | GK32: 4.1551811e+08 | GL32: 1.0066631e+12 | GM32: 1.5262872e+11 | GN32: 9.0496828e+10 | GO32: 1.1200009e+09 | GP32: 6.9872677e+09 | GQ32: 8.5414363e+11 | GR32: 3.2526939e+12 | GS32: 4.9540489e+08 | GT32: 1.9073617e+12 | GV32: 1.0391505e+10 | GX32: 2.6832547e+09 | GZ32: 2.631422e+10 | HA32: 2.0101169e+09 | HC32: 2.498059e+09 | HD32: 1.895354e+08 | HE32: 4.1565007e+11 | HF32: 2.2297704e+11 | HG32: 72798000 | HH32: 3.1824264e+12 | HJ32: 2.1818219e+09 | HK32: 2.1185748e+09 | HO32: 3576966800 | HQ32: 2.3141599e+09 | HR32: 9.815294e+08 | HS32: 2.1910969e+09 | HT32: 1.5902017e+09 | HU32: 3.8848568e+10 | HV32: 6.2242502e+12 | HW32: 2.547341e+09 | HX32: 2.1850728e+09 | HY32: 2.1795671e+09 | HZ32: 2.4231169e+10 | IA32: 1.0131847e+09 | IB32: 2.5503956e+11 | IC32: 1.0263379e+11 | ID32: 3.5252282e+09 | IF32: 4.3920223e+10 | IG32: 1.6610825e+13 | IH32: 9.3721717e+09 | II32: 4.517749e+10 | IJ32: 4.017102e+10 | IK32: 5918469800 | IL32: 2.2499559e+10 | IM32: 4.2575184e+10 | IO32: 3.5464602e+09 | IQ32: 1.0401937e+11 | IR32: 28266800000 | IT32: 6.0600057e+10 | IU32: 4.5999706e+09 | IW32: 2.224857e+09 | IX32: 1.636349e+13 | IY32: 2.6364615e+09 | IZ32: 6.4879121e+09 | JA32: 4.2105263e+10 | JB32: 5.0650015e+11 | JC32: 2.4050219e+09 | JD32: 3.7348145e+11 | JE32: 9.5344459e+10 | JF32: 1.5291508e+10 | JG32: 4.9130651e+09 | JH32: 3.0423574e+10 | JI32: 3.3228676e+08 | JJ32: 9.3297441e+08 | JK32: 4372215300 | JO32: 3.0982079e+11 | JQ32: 3.1012577e+11 | JR32: 6.4304588e+10 | JT32: 542520000 | JW32: 2.1487534e+11 | JX32: 6.9691543e+08 | JZ32: 3.0483287e+08 | KA32: 9.8533962e+09 | KC32: 1.4336863e+09 | KD32: 6.173165e+11 | KE32: 9.6032817e+11 | KF32: 1.3529497e+09 | KG32: 7.2250877e+10 | KI32: 3.0069882e+09 | KJ32: 9.4180336e+11 | KM32: 1.0634485e+08 | KN32: 3.7348145e+11 | KO32: 3.1012577e+11 | KP32: 4.3230588e+09 | KQ32: 1.0102075e+10 | KR32: 1.0714335e+11 | KT32: 4.4201681e+09 | KU32: 5.276481e+09 | KV32: 8.2709161e+10 | KW32: 2.3305241e+12 | KX32: 8.4389515e+09 | KY32: 5657693000000 | LA32: 214745000 | LB32: 4.2119836e+10 | LD32: 1343900032 | LE32: 6.2933048e+09 | LF32: 1.4448217e+08 | LG32: 2.0080077e+13 | LH32: 1.2288861e+08 | LK32: 1.2890268e+11 | LL32: 3.9986377e+09 | LM32: 8.2863227e+09
A33: Botswana | B33: GDP (current US$) | C33: 30412309 | D33: 32902337 | E33: 35643208 | F33: 38091151 | G33: 41613969 | H33: 45790870 | I33: 51464435 | J33: 58646444 | K33: 66248257 | L33: 77356914 | M33: 96245114 | N33: 1.2695749e+08 | O33: 1.6525809e+08 | P33: 2.4412909e+08 | Q33: 3.0603385e+08 | R33: 3.5517241e+08 | S33: 3.7201012e+08 | T33: 4.5160333e+08 | U33: 5.9037672e+08 | V33: 8.198773e+08 | W33: 1.0609238e+09 | X33: 1.0738616e+09 | Y33: 1.0149073e+09 | Z33: 1.1722582e+09 | AA33: 1.2407964e+09 | AB33: 1.114764e+09 | AC33: 1.3926348e+09 | AD33: 1.9652749e+09 | AE33: 2.6445368e+09 | AF33: 3.0838007e+09 | AG33: 3.7905671e+09 | AH33: 3.9427928e+09 | AI33: 4.1465137e+09 | AJ33: 4.1600863e+09 | AK33: 4.259331e+09 | AL33: 4.7306111e+09 | AM33: 4.8477528e+09 | AN33: 5.0202147e+09 | AO33: 4.7904588e+09 | AP33: 5.4842574e+09 | AQ33: 5.7883296e+09 | AR33: 5.4896083e+09 | AS33: 5.4388571e+09 | AT33: 7.5115822e+09 | AU33: 8.9574677e+09 | AV33: 9.9311349e+09 | AW33: 1.0126941e+10 | AX33: 1.0939053e+10 | AY33: 1.094507e+10 | AZ33: 1.0267133e+10 | BA33: 1.2786654e+10 | BB33: 1.5682927e+10 | BC33: 1.4686279e+10 | BD33: 1.4915781e+10 | BE33: 1.6259445e+10 | BF33: 1.4430608e+10 | BG33: 1.5274861e+10 | BI33: 1990 | BL33: 1.0026738e+10 | BM33: 2.101625e+09 | BN33: 1.0290485e+09 | BO33: 4.4687716e+11 | BP33: 5.0701444e+10 | BQ33: 1.4135237e+11 | BR33: 2.2568389e+09 | BT33: 4.5946907e+08 | BU33: 3.1142593e+11 | BV33: 1.6606238e+11 | BW33: 8.858006e+09 | BX33: 1.1321013e+09 | BY33: 2.0643104e+11 | BZ33: 1.9599652e+09 | CA33: 3.1013018e+09 | CB33: 3.1598341e+10 | CC33: 2.0632091e+10 | CD33: 4.2297872e+09 | CE33: 3166000000 | CG33: 21650000000 | CH33: 413050000 | CI33: 1592400000 | CJ33: 4.8675826e+09 | CK33: 4.6195178e+11 | CL33: 2.0123025e+09 | CM33: 3.5205517e+09 | CN33: 2.9978728e+08 | CO33: 3.7905671e+09 | CP33: 1.4407114e+09 | CQ33: 5.9392955e+11 | CR33: 2.5611371e+11 | CS33: 2.5742029e+11 | CU33: 3.3113888e+10 | CV33: 3.6085851e+11 | CW33: 1.079585e+10 | CX33: 1.1151578e+10 | CY33: 9.3497646e+09 | CZ33: 2.7987461e+09 | DA33: 4.0274205e+10 | DB33: 2.5003076e+08 | DC33: 3.0689111e+08 | DD33: 7.4034573e+09 | DE33: 1.7873417e+10 | DF33: 2.8645437e+10 | DI33: 5.5911302e+09 | DJ33: 4.0315847e+10 | DK33: 1.7649679e+12 | DL33: 4.5232809e+08 | DM33: 1.6632222e+08 | DN33: 1.3824726e+11 | DO33: 7.0736747e+09 | DP33: 6.20451e+10 | DQ33: 6.6296855e+11 | DR33: 1.8065052e+12 | DS33: 4.7401256e+12 | DT33: 9.6043867e+11 | DU33: 8.837799e+12 | DV33: 1.5239278e+10 | DW33: 4.3130417e+10 | DX33: 5.871694e+12 | DZ33: 5.3510125e+11 | EB33: 1.2175167e+10 | EC33: 7.5785336e+12 | EE33: 1.4151765e+11 | EF33: 1.3370248e+09 | EG33: 1.2753006e+12 | EI33: 147200000 | EJ33: 5.9522938e+09 | EK33: 1.0931694e+12 | EL33: 7.7535019e+09 | EM33: 5.8891748e+09 | EO33: 2.6666162e+09 | EP33: 3.1708337e+08 | EQ33: 2.43962e+08 | ER33: 1.1211941e+08 | ES33: 9.7891091e+10 | ET33: 2.7809876e+08 | EU33: 1.0189704e+09 | EV33: 7.6501252e+09 | EX33: 3.9658226e+08 | EY33: 1.8896462e+13 | EZ33: 7.6928291e+10 | FA33: 3.0488813e+09 | FB33: 1.2959002e+11 | FF33: 3.4437766e+12 | FG33: 3.7538553e+12 | FH33: 3.1233971e+11 | FI33: 1.2451537e+11 | FJ33: 1.0614073e+11 | FK33: 1.8812661e+11 | FM33: 3.1669734e+11 | FO33: 4.9354417e+10 | FP33: 1.2481326e+11 | FQ33: 1.7988582e+11 | FR33: 6.5215445e+09 | FS33: 5.2490327e+10 | FT33: 1.1773263e+12 | FU33: 4.5922241e+09 | FV33: 4.1600039e+09 | FW33: 3.1399744e+12 | FX33: 2.6932729e+10 | FY33: 8.5723592e+09 | FZ33: 2674000000 | GB33: 39809539 | GC33: 2.0874044e+08 | GD33: 2.7934936e+11 | GE33: 1.8427778e+10 | GF33: 1.0813532e+12 | GG33: 8.6555986e+08 | GH33: 2.8384854e+09 | GI33: 384400000 | GJ33: 2.8901836e+10 | GK33: 4.8396244e+08 | GL33: 1.1704921e+12 | GM33: 1.5717072e+11 | GN33: 9.6263982e+10 | GO33: 1.4214662e+09 | GP33: 8.0325512e+09 | GQ33: 9.1403185e+11 | GR33: 3.6585389e+12 | GS33: 5.9641511e+08 | GT33: 2.0272285e+12 | GV33: 1.3229248e+10 | GX33: 3.2209201e+09 | GZ33: 3.0180109e+10 | HA33: 2.4813161e+09 | HC33: 3.0814798e+09 | HD33: 2.1508901e+08 | HE33: 5.4462879e+11 | HF33: 2.6270978e+11 | HG33: 78476000 | HH33: 3.5839544e+12 | HI33: 4.4718286e+09 | HJ33: 2.681912e+09 | HK33: 2.5471636e+09 | HO33: 2560785660 | HQ33: 2.5120793e+09 | HR33: 1.0196008e+09 | HS33: 2.65348e+09 | HT33: 1.8807842e+09 | HU33: 4.4024178e+10 | HV33: 6.575111e+12 | HW33: 2.8043797e+09 | HX33: 2.5293101e+09 | HY33: 2.4806733e+09 | HZ33: 3.0757076e+10 | IA33: 1.0094555e+09 | IB33: 3.1426767e+11 | IC33: 1.1979168e+11 | ID33: 3.6275624e+09 | IF33: 4.5495727e+10 | IG33: 1.8717132e+13 | IH33: 1.1685046e+10 | II33: 5.4042038e+10 | IJ33: 4.0010425e+10 | IK33: 6.433967e+09 | IL33: 2.6410387e+10 | IM33: 4.4311594e+10 | IN33: 76888000 | IO33: 3.2197304e+09 | IP33: 6.5977749e+10 | IQ33: 1.6750791e+11 | IR33: 30603919000 | IT33: 7.8721608e+10 | IU33: 5.6952016e+09 | IW33: 2.3965196e+09 | IX33: 1.8373377e+13 | IY33: 3.1812063e+09 | IZ33: 7.3604394e+09 | JA33: 3.8995455e+10 | JB33: 5.1681426e+11 | JC33: 2.5501856e+09 | JD33: 4.0205e+11 | JE33: 1.1763027e+11 | JF33: 1.2408648e+10 | JG33: 5.7166443e+09 | JH33: 3.6152028e+10 | JI33: 3.0251503e+08 | JJ33: 6.4964483e+08 | JK33: 4800900000 | JO33: 3.1023163e+11 | JQ33: 3.1060147e+11 | JR33: 7.4325169e+10 | JT33: 388300000 | JU33: 1.2694545e+10 | JW33: 2.5815428e+11 | JX33: 1.1147031e+09 | JZ33: 3.6858476e+08 | KA33: 1.2308624e+10 | KC33: 1.7386056e+09 | KD33: 6.6162326e+11 | KE33: 1.0206194e+12 | KF33: 1.6284275e+09 | KG33: 8.5343064e+10 | KH33: 2.6293951e+09 | KI33: 3.1895396e+09 | KJ33: 1.1008433e+12 | KM33: 1.1356382e+08 | KN33: 4.0205e+11 | KO33: 3.1060147e+11 | KP33: 5068000000 | KQ33: 1.2290568e+10 | KR33: 1.5067629e+11 | KS33: 8824447.7 | KT33: 4.2587433e+09 | KU33: 4.3043989e+09 | KV33: 8.1456919e+10 | KW33: 2.6680166e+12 | KX33: 9.2988397e+09 | KY33: 5979589000000 | KZ33: 1.3360608e+10 | LA33: 2.4036526e+08 | LB33: 4.7028011e+10 | LD33: 1564700032 | LE33: 6.4717405e+09 | LF33: 1.583974e+08 | LG33: 2.257976e+13 | LH33: 1.2576627e+08 | LJ33: 5.6472519e+09 | LK33: 1.1555328e+11 | LL33: 3.2852174e+09 | LM33: 8783816700
A34: Central African Republic | B34: GDP (current US$) | C34: 1.121556e+08 | D34: 1.2313458e+08 | E34: 1.2448275e+08 | F34: 1.293791e+08 | G34: 1.4202507e+08 | H34: 1.5057482e+08 | I34: 1.5793004e+08 | J34: 1.6382054e+08 | K34: 1.9176744e+08 | L34: 1.8803919e+08 | M34: 1.8910655e+08 | N34: 2.0145077e+08 | O34: 2.3031791e+08 | P34: 2.7118306e+08 | Q34: 2.8139867e+08 | R34: 3.7866002e+08 | S34: 4.5115245e+08 | T34: 5.0729812e+08 | U34: 6.1057852e+08 | V34: 7.0076489e+08 | W34: 7.9704803e+08 | X34: 6.948035e+08 | Y34: 7.4831228e+08 | Z34: 6.5867939e+08 | AA34: 6.3782062e+08 | AB34: 8.6484977e+08 | AC34: 1.122265e+09 | AD34: 1.2009918e+09 | AE34: 1.2648994e+09 | AF34: 1.2339303e+09 | AG34: 1.4407114e+09 | AH34: 1.377375e+09 | AI34: 1.4119176e+09 | AJ34: 1.2787812e+09 | AK34: 8.5117435e+08 | AL34: 1.1153897e+09 | AM34: 1.0077912e+09 | AN34: 9.3774147e+08 | AO34: 9.6733835e+08 | AP34: 9.9947751e+08 | AQ34: 9.145003e+08 | AR34: 9.318333e+08 | AS34: 9.9138787e+08 | AT34: 1.1397548e+09 | AU34: 1.2700803e+09 | AV34: 1.3503011e+09 | AW34: 1.460562e+09 | AX34: 1.6981256e+09 | AY34: 1.9852393e+09 | AZ34: 1.9817281e+09 | BA34: 1.9860148e+09 | BB34: 2.2126997e+09 | BC34: 2.1841838e+09 | BD34: 1.5185652e+09 | BE34: 1.7028989e+09 | BF34: 1.5837768e+09 | BG34: 1.7561247e+09 | BI34: 1991 | BL34: 1.2118611e+10 | BM34: 1.1391666e+09 | BN34: 1.1069286e+09 | BO34: 4.3977918e+11 | BP34: 5.1552166e+10 | BQ34: 1.8971998e+11 | BR34: 2.0685265e+09 | BT34: 4.8170633e+08 | BU34: 3.260686e+11 | BV34: 1.7337551e+11 | BW34: 8.7923658e+09 | BX34: 1.1673985e+09 | BY34: 2.1163802e+11 | BZ34: 1.9864379e+09 | CA34: 3.1350457e+09 | CB34: 3.0957483e+10 | CC34: 1.0943548e+10 | CD34: 4.6162234e+09 | CE34: 3111160000 | CG34: 17420000000 | CH34: 444720750 | CI34: 1634899968 | CJ34: 5.3432743e+09 | CK34: 602860000000 | CL34: 2.0207447e+09 | CM34: 3.7016671e+09 | CN34: 2.5004584e+08 | CO34: 3.9427928e+09 | CP34: 1.377375e+09 | CQ34: 6.1032818e+11 | CR34: 2.4263177e+11 | CS34: 2.604599e+11 | CU34: 3.7834794e+10 | CV34: 3.8337282e+11 | CW34: 1.0492629e+10 | CX34: 1.243437e+10 | CY34: 9.0879653e+09 | CZ34: 2.7248535e+09 | DA34: 4.1239551e+10 | DB34: 2.4682343e+08 | DC34: 3.1982706e+08 | DD34: 7.1689994e+09 | DE34: 1.7682125e+10 | DF34: 2.4316556e+10 | DI34: 5.7701973e+09 | DJ34: 2.9557058e+10 | DK34: 1.8618739e+12 | DL34: 4.62422e+08 | DM34: 1.8043704e+08 | DN34: 1.3922473e+11 | DO34: 9.724402e+09 | DP34: 4.5715367e+10 | DQ34: 7.1950028e+11 | DR34: 1.9129215e+12 | DS34: 5.337495e+12 | DT34: 9.2676512e+11 | DU34: 9.1182545e+12 | DV34: 1.6988535e+10 | DW34: 3.6970556e+10 | DX34: 6.1045301e+12 | DZ34: 5.7559854e+11 | EB34: 1.3463868e+10 | EC34: 7.865148e+12 | EE34: 1.2786649e+11 | EF34: 1.3838439e+09 | EG34: 1.2755633e+12 | EI34: 166200000 | EJ34: 5.40292e+09 | EK34: 1.1427972e+12 | EL34: 6.3576159e+09 | EM34: 6.5965462e+09 | EO34: 3.0148906e+09 | EP34: 6.9031432e+08 | EQ34: 2.5715057e+08 | ER34: 1.1090603e+08 | ES34: 1.0514323e+11 | ET34: 300757900 | EU34: 1.0164934e+09 | EV34: 9.4060977e+09 | EX34: 3.3670842e+08 | EY34: 1.9983112e+13 | EZ34: 8.895962e+10 | FA34: 3.0684447e+09 | FB34: 1.3329944e+11 | FD34: 3.4735629e+09 | FE34: 3.4650782e+10 | FF34: 3.7114511e+12 | FG34: 4.0287577e+12 | FH34: 3.1896714e+11 | FI34: 1.2808758e+11 | FJ34: 1.16622e+11 | FK34: 1.9108125e+11 | FM34: 2.6650228e+11 | FO34: 4.9836763e+10 | FR34: 6.9661385e+09 | FS34: 5.9170287e+10 | FT34: 1.2421094e+12 | FU34: 4.0712192e+09 | FV34: 4.3442503e+09 | FW34: 3.5781394e+12 | FX34: 2.4881136e+10 | FY34: 8.151479e+09 | FZ34: 2.5708333e+09 | GB34: 47515189 | GC34: 2.0988096e+08 | GD34: 3.2573423e+11 | GE34: 1.1008793e+10 | GF34: 1.341594e+12 | GG34: 1.028088e+09 | GH34: 4.4514973e+09 | GI34: 348000000 | GJ34: 3.1995012e+10 | GK34: 5.1375381e+08 | GL34: 1.4401783e+12 | GM34: 1.609764e+11 | GN34: 9.8290479e+10 | GO34: 1.484152e+09 | GP34: 9.0003626e+09 | GQ34: 8.7958505e+11 | GR34: 3.9012239e+12 | GS34: 7.0432919e+08 | GT34: 2.2302778e+12 | GV34: 1.4321879e+10 | GX34: 3.7351174e+09 | GZ34: 3.2285388e+10 | HA34: 2.4804975e+09 | HC34: 2.653142e+09 | HD34: 2.4446829e+08 | HE34: 5.4548041e+11 | HF34: 3.1445389e+11 | HG34: 82507000 | HH34: 3.8253855e+12 | HI34: 4.6947449e+09 | HJ34: 2.7241315e+09 | HK34: 2.7500414e+09 | HO34: 2.3790183e+09 | HQ34: 3.2637619e+09 | HR34: 1.4436889e+09 | HS34: 2.8568907e+09 | HT34: 2.203536e+09 | HU34: 4.9142784e+10 | HV34: 6.7860061e+12 | HW34: 3.0127421e+09 | HX34: 2.6537816e+09 | HY34: 2.3279862e+09 | HZ34: 2.7392887e+10 | IA34: 1.4888041e+09 | IB34: 3.2332045e+11 | IC34: 1.2187246e+11 | ID34: 3.9214761e+09 | IF34: 4.274533e+10 | IG34: 1.9798534e+13 | IH34: 1.1341482e+10 | II34: 5.5656865e+10 | IJ34: 4.5451961e+10 | IK34: 7074675500 | IL34: 3.4672122e+10 | IM34: 4.5417561e+10 | IN34: 83855000 | IO34: 3.7873523e+09 | IP34: 8.5500936e+10 | IQ34: 1.669905e+11 | IR34: 32287031000 | IT34: 8.9242383e+10 | IU34: 6.9843678e+09 | IW34: 2.548876e+09 | IX34: 1.9370853e+13 | IY34: 3.2673676e+09 | IZ34: 6.8835165e+09 | JA34: 2.8998684e+10 | JB34: 5.1796296e+11 | JC34: 1.911601e+09 | JD34: 3.5772402e+11 | JE34: 1.3222327e+11 | JF34: 1.1379222e+10 | JG34: 5.617236e+09 | JH34: 4.5474443e+10 | JI34: 3.2035509e+08 | JJ34: 7.7998146e+08 | JK34: 5311000000 | JO34: 3.1973709e+11 | JQ34: 3.2011265e+11 | JR34: 7.5856512e+10 | JT34: 448300000 | JU34: 1.4213045e+10 | JW34: 2.7036253e+11 | JX34: 1.156142e+09 | JZ34: 3.7435956e+08 | KA34: 1.2981833e+10 | KC34: 1.877138e+09 | KD34: 7.1804068e+11 | KE34: 1.0078017e+12 | KF34: 1.6022999e+09 | KG34: 9.8234696e+10 | KH34: 2.5347205e+09 | KI34: 3.2080989e+09 | KJ34: 1.3723179e+12 | KM34: 1.3220114e+08 | KN34: 3.5772402e+11 | KO34: 3.2011265e+11 | KP34: 5.3079059e+09 | KQ34: 1.3074783e+10 | KR34: 1.5002783e+11 | KS34: 9365165.9 | KT34: 4.9565883e+09 | KU34: 3.3217291e+09 | KV34: 7.7464561e+10 | KW34: 2.9458834e+12 | KX34: 1.1206193e+10 | KY34: 6174043000000 | KZ34: 1.3677622e+10 | LA34: 2.5482963e+08 | LB34: 5.1749026e+10 | LD34: 1671200000 | LE34: 9.6133695e+09 | LF34: 1.8886999e+08 | LG34: 2.3909829e+13 | LH34: 1.2559721e+08 | LJ34: 5.9303704e+09 | LK34: 1.2394343e+11 | LL34: 3.3788824e+09 | LM34: 8641481700
A35: Canada | B35: GDP (current US$) | C35: 4.1093454e+10 | D35: 4.0767969e+10 | E35: 4.1978852e+10 | F35: 4.4657169e+10 | G35: 4.8882939e+10 | H35: 5.390957e+10 | I35: 6.0358632e+10 | J35: 6.4768831e+10 | K35: 7.0759032e+10 | L35: 7.788751e+10 | M35: 8.7896095e+10 | N35: 9.9271961e+10 | O35: 1.1308282e+11 | P35: 1.3132186e+11 | Q35: 1.604087e+11 | R35: 1.7383403e+11 | S35: 2.0657556e+11 | T35: 2.1161216e+11 | U35: 2.1863287e+11 | V35: 2.430721e+11 | W35: 2.7385383e+11 | X35: 3.0621486e+11 | Y35: 3.1350653e+11 | Z35: 3.4054771e+11 | AA35: 3.5537256e+11 | AB35: 3.647565e+11 | AC35: 3.7743793e+11 | AD35: 4.3131674e+11 | AE35: 5.0735435e+11 | AF35: 5.6505574e+11 | AG35: 5.9392955e+11 | AH35: 6.1032818e+11 | AI35: 5.9238769e+11 | AJ35: 5.7717076e+11 | AK35: 5.7813928e+11 | AL35: 6.0403162e+11 | AM35: 6.2854639e+11 | AN35: 6.5282536e+11 | AO35: 6.3181328e+11 | AP35: 6.7608265e+11 | AQ35: 7.4229345e+11 | AR35: 7.3637978e+11 | AS35: 7.5795068e+11 | AT35: 8.9238099e+11 | AU35: 1.023196e+12 | AV35: 1.169358e+12 | AW35: 1.3154152e+12 | AX35: 1.4649772e+12 | AY35: 1.5491312e+12 | AZ35: 1.371153e+12 | BA35: 1.6134644e+12 | BB35: 1.7886479e+12 | BC35: 1.8242888e+12 | BD35: 1.842628e+12 | BE35: 1.7928832e+12 | BF35: 1.5528077e+12 | BG35: 1.5297605e+12 | BI35: 1992 | BL35: 5.6842917e+09 | BM35: 7.0945258e+08 | BN35: 1.2100137e+09 | BO35: 4.7116352e+11 | BP35: 5.4239172e+10 | BQ35: 2.2878862e+11 | BR35: 1.2725775e+09 | BT35: 4.9928115e+08 | BU35: 3.2569253e+11 | BV35: 1.9460818e+11 | BW35: 4.9913505e+09 | BX35: 1.0830377e+09 | BY35: 2.3603861e+11 | BZ35: 1.6953153e+09 | CA35: 2.2402647e+09 | CB35: 3.1708874e+10 | CC35: 1.0350515e+10 | CD35: 4.7510638e+09 | CE35: 3109000000 | CG35: 1.712037e+10 | CH35: 518239100 | CI35: 1679900032 | CJ35: 5.6438933e+09 | CK35: 400599250000 | CL35: 1.9571683e+09 | CM35: 4.1835482e+09 | CN35: 2.5079436e+08 | CO35: 4.1465137e+09 | CP35: 1.4119176e+09 | CQ35: 5.9238769e+11 | CR35: 2.5982309e+11 | CS35: 2.7113368e+11 | CU35: 4.5964328e+10 | CV35: 4.2691523e+11 | CW35: 1.1152971e+10 | CX35: 1.1396311e+10 | CY35: 8.2062271e+09 | CZ35: 2.9332227e+09 | DA35: 4.9279585e+10 | DB35: 2.6619104e+08 | DC35: 3.5716099e+08 | DD35: 8.5285931e+09 | DE35: 1.7403219e+10 | DF35: 2.2085858e+10 | DI35: 6.9121505e+09 | DJ35: 3.4451993e+10 | DK35: 2.1231309e+12 | DL35: 4.780583e+08 | DM35: 1.9175926e+08 | DN35: 1.5291562e+11 | DO35: 1.1277677e+10 | DP35: 4.8003298e+10 | DQ35: 8.0627587e+11 | DR35: 2.0981497e+12 | DS35: 5.8274669e+12 | DT35: 8.5327842e+11 | DU35: 9.7800689e+12 | DV35: 1.8094238e+10 | DW35: 4.1855987e+10 | DX35: 6.7349019e+12 | DY35: 4.7710165e+08 | DZ35: 6.2920239e+11 | EB35: 1.0492993e+10 | EC35: 8.570482e+12 | EE35: 1.1262543e+11 | EF35: 1.5318031e+09 | EG35: 1.4087249e+12 | EI35: 178100000 | EJ35: 5.5923908e+09 | EK35: 1.1796595e+12 | EL35: 3.690329e+09 | EM35: 6.4139016e+09 | EO35: 3.2846253e+09 | EP35: 7.1425546e+08 | EQ35: 2.2631349e+08 | ER35: 1.3470718e+08 | ES35: 1.1622467e+11 | ET35: 3.1016046e+08 | EU35: 1.0379218e+09 | EV35: 1.0440842e+10 | EX35: 3.6828138e+08 | EY35: 2.1499618e+13 | EZ35: 1.0427228e+11 | FA35: 3.4194874e+09 | FB35: 1.2179605e+11 | FD35: 2.2571299e+09 | FE35: 3.8616036e+10 | FF35: 3.6962858e+12 | FG35: 4.0044584e+12 | FH35: 3.0955396e+11 | FI35: 1.2946416e+11 | FJ35: 1.2802697e+11 | FK35: 1.7980828e+11 | FM35: 2.8436388e+11 | FO35: 5.5973865e+10 | FR35: 7.138788e+09 | FS35: 6.5771216e+10 | FT35: 1.315807e+12 | FU35: 3.5308927e+09 | FV35: 5.3113291e+09 | FW35: 3.8978262e+12 | FX35: 2.490694e+10 | FY35: 8.2091292e+09 | FZ35: 2316562500 | GB35: 47737955 | GC35: 2.2943452e+08 | GD35: 3.5005111e+11 | GE35: 1.9858555e+10 | GF35: 1.2477298e+12 | GG35: 1.1278069e+09 | GH35: 5.5459219e+09 | GI35: 223500000 | GJ35: 3.3881392e+10 | GK35: 5.6689474e+08 | GL35: 1.3584089e+12 | GM35: 1.4166551e+11 | GN35: 8.6879256e+10 | GO35: 1.6311979e+09 | GP35: 9.7030116e+09 | GQ35: 9.1712011e+11 | GR35: 3.8552266e+12 | GS35: 8.3103395e+08 | GT35: 2.0799057e+12 | GV35: 1.6065741e+10 | GX35: 4.8790186e+09 | GZ35: 3.3711069e+10 | HA35: 2.737067e+09 | HC35: 3.0244596e+09 | HD35: 2.8485336e+08 | HE35: 5.933776e+11 | HF35: 3.6360926e+11 | HG35: 91063000 | HH35: 3.7893438e+12 | HI35: 2.3166185e+09 | HJ35: 2.8306734e+09 | HK35: 3.0219102e+09 | HO35: 1.3176119e+09 | HQ35: 2.2911758e+09 | HR35: 1.4643924e+09 | HS35: 3.2242675e+09 | HT35: 1.7995294e+09 | HU35: 5.9167157e+10 | HV35: 7.1333666e+12 | HW35: 3.4483269e+09 | HX35: 2.9237649e+09 | HY35: 2.3449876e+09 | HZ35: 2.9300904e+10 | IA35: 1792800000 | IB35: 3.5833039e+11 | IC35: 1.3083804e+11 | ID35: 3.4012116e+09 | IF35: 4.1649298e+10 | IG35: 2.1286213e+13 | IH35: 1.2452276e+10 | II35: 6.0712296e+10 | IJ35: 4.8635177e+10 | IK35: 8042337700 | IL35: 3.6139225e+10 | IM35: 5.2976345e+10 | IN35: 82451000 | IO35: 4.3779841e+09 | IP35: 9.4337051e+10 | IQ35: 1.5241987e+11 | IR35: 34630430000 | IT35: 1.0760269e+11 | IU35: 7.157424e+09 | IW35: 2.7945801e+09 | IX35: 2.0787747e+13 | IY35: 3.5582151e+09 | IZ35: 7.646154e+09 | JA35: 2.5121667e+10 | JB35: 4.6029056e+11 | JC35: 2.0290267e+09 | JD35: 3.7983001e+11 | JE35: 1.3708788e+11 | JF35: 7.0342197e+09 | JG35: 6.0048853e+09 | JH35: 5.2156415e+10 | JI35: 3.7877805e+08 | JJ35: 6.79998e+08 | JK35: 5954700000 | JO35: 3.1439607e+11 | JQ35: 3.1483207e+11 | JR35: 8.074625e+10 | JT35: 404600000 | JU35: 1.5431288e+10 | JW35: 2.8031232e+11 | JX35: 1.2847662e+09 | JZ35: 4.3366719e+08 | KA35: 1.3253566e+10 | KC35: 1.8818477e+09 | KD35: 8.0462863e+11 | KE35: 9.443127e+11 | KF35: 1.6929591e+09 | KG35: 1.1145287e+11 | KH35: 1.9092466e+09 | KI35: 3.2005398e+09 | KJ35: 1.2906547e+12 | KM35: 1.3706629e+08 | KN35: 3.7983001e+11 | KO35: 3.1483207e+11 | KP35: 5.4395529e+09 | KQ35: 1.5497286e+10 | KR35: 1.5845913e+11 | KS35: 9742949.5 | KT35: 4.6014133e+09 | KU35: 2.8574579e+09 | KV35: 7.3942235e+10 | KW35: 2.8712955e+12 | KX35: 1.2878157e+10 | KY35: 6539299000000 | KZ35: 1.2941297e+10 | LA35: 2.7795411e+08 | LB35: 5.8450099e+10 | LD35: 1770899968 | LE35: 9.8669901e+09 | LF35: 1.9614259e+08 | LG35: 2.5389801e+13 | LH35: 1.3230304e+08 | LJ35: 6.46365e+09 | LK35: 1.3454523e+11 | LL35: 3.1819218e+09 | LM35: 6751472200
A36: Central Europe and the Baltics | B36: GDP (current US$) | AG36: 2.5611371e+11 | AH36: 2.4263177e+11 | AI36: 2.5982309e+11 | AJ36: 2.7391511e+11 | AK36: 3.1070256e+11 | AL36: 3.8611478e+11 | AM36: 4.1262965e+11 | AN36: 4.0889519e+11 | AO36: 4.4744844e+11 | AP36: 4.3391493e+11 | AQ36: 4.2755006e+11 | AR36: 4.6816175e+11 | AS36: 5.2714603e+11 | AT36: 6.3428404e+11 | AU36: 7.6245156e+11 | AV36: 8.8574788e+11 | AW36: 1.0019429e+12 | AX36: 1.2609571e+12 | AY36: 1.5231964e+12 | AZ36: 1.2798543e+12 | BA36: 1.3127501e+12 | BB36: 1.4462206e+12 | BC36: 1.3507788e+12 | BD36: 1.4213517e+12 | BE36: 1.4619727e+12 | BF36: 1.2815393e+12 | BG36: 1.3033828e+12 | BI36: 1993 | BL36: 5.278183e+09 | BM36: 1.228071e+09 | BN36: 1.0070258e+09 | BO36: 4.7651363e+11 | BP36: 5.562517e+10 | BQ36: 2.3674172e+11 | BR36: 1.2013132e+09 | BT36: 5.3517278e+08 | BU36: 3.1237282e+11 | BV36: 1.899211e+11 | BW36: 3.9730274e+09 | BX36: 9.3863261e+08 | BY36: 2.2592489e+11 | BZ36: 2.2745579e+09 | CA36: 2.332018e+09 | CB36: 3.316652e+10 | CC36: 1.082971e+10 | CD36: 5.200266e+09 | CE36: 3092000000 | CG36: 1.6286281e+10 | CH36: 559858250 | CI36: 1820359936 | CJ36: 5.7346766e+09 | CK36: 4.3779858e+11 | CL36: 2.063268e+09 | CM36: 4.1057062e+09 | CN36: 2.3523957e+08 | CO36: 4.1600863e+09 | CP36: 1.2787812e+09 | CQ36: 5.7717076e+11 | CR36: 2.7391511e+11 | CS36: 2.6369101e+11 | CU36: 4.9297773e+10 | CV36: 4.447309e+11 | CW36: 1.1045759e+10 | CX36: 1.3532137e+10 | CY36: 1.0707792e+10 | CZ36: 1.9189702e+09 | DA36: 5.5802538e+10 | DB36: 2.6356811e+08 | DC36: 4.9041739e+08 | DD36: 9.5372975e+09 | DE36: 1.8271706e+10 | DF36: 2.2367255e+10 | DI36: 6.590291e+09 | DJ36: 4.0452246e+10 | DK36: 2.0685555e+12 | DL36: 4.6604847e+08 | DM36: 2.0041852e+08 | DN36: 1.4319561e+11 | DO36: 12976408000 | DP36: 4.9946455e+10 | DQ36: 8.8516277e+11 | DR36: 2.302453e+12 | DS36: 6.5422419e+12 | DT36: 8.3826056e+11 | DU36: 8.987911e+12 | DV36: 1.8938717e+10 | DW36: 4.6578631e+10 | DX36: 6.168663e+12 | DY36: 4.6787271e+08 | DZ36: 5.2364948e+11 | EB36: 8.8307127e+09 | EC36: 7.814819e+12 | EE36: 8.9255751e+10 | EF36: 1.6354261e+09 | EG36: 1.330095e+12 | EI36: 198400000 | EJ36: 4.3786451e+09 | EK36: 1.0613887e+12 | EL36: 2.7011813e+09 | EM36: 5.9662558e+09 | EO36: 3.2790633e+09 | EP36: 7.5504255e+08 | EQ36: 2.3688081e+08 | ER36: 1.360479e+08 | ES36: 1.0880906e+11 | ET36: 3.0981219e+08 | EU36: 9.2721973e+08 | EV36: 1.1399942e+10 | EX36: 4.4227343e+08 | EY36: 2.1696144e+13 | EZ36: 1.2035395e+11 | FA36: 3.4819908e+09 | FB36: 1.2396193e+11 | FD36: 1.8782538e+09 | FE36: 4.0006243e+10 | FF36: 3.9658457e+12 | FG36: 4.2641775e+12 | FH36: 2.9874157e+11 | FI36: 1.1745913e+11 | FJ36: 1.580067e+11 | FK36: 1.8167933e+11 | FM36: 2.7557036e+11 | FO36: 5.2469341e+10 | FP36: 6.3743623e+10 | FR36: 6.2693475e+09 | FS36: 6.5925584e+10 | FT36: 1.0614452e+12 | FU36: 4.8597662e+09 | FV36: 5.6058415e+09 | FW36: 4.4665653e+12 | FX36: 2.3409027e+10 | FY36: 5.7517899e+09 | FZ36: 2.0282955e+09 | GA36: 2.5337276e+09 | GB36: 46919625 | GC36: 2.49676e+08 | GD36: 3.8630284e+11 | GE36: 2.3941391e+10 | GF36: 1.4462912e+12 | GG36: 1.3277487e+09 | GH36: 7.5352599e+09 | GI36: 160400000 | GJ36: 3.065703e+10 | GK36: 5.7487041e+08 | GL36: 1.5649587e+12 | GM36: 1.4365415e+11 | GN36: 8.6545418e+10 | GO36: 1.6731045e+09 | GP36: 1.033868e+10 | GQ36: 9.2825023e+11 | GR36: 4.1080818e+12 | GS36: 8.3559282e+08 | GT36: 2.1559215e+12 | GV36: 1.64869e+10 | GX36: 5.6255334e+09 | GZ36: 3.1655474e+10 | HA36: 2.57444e+09 | HC36: 3.3708422e+09 | HD36: 3.2232664e+08 | HE36: 5.9723448e+11 | HF36: 5.0396283e+11 | HG36: 99461000 | HH36: 4.0432435e+12 | HI36: 2.550195e+09 | HJ36: 2.8182809e+09 | HK36: 2.7091783e+09 | HM36: 2.9159616e+11 | HO36: 7.6840163e+08 | HQ36: 2.3948231e+09 | HR36: 1.249945e+09 | HS36: 3.2633684e+09 | HT36: 2.0706471e+09 | HU36: 6.6894449e+10 | HV36: 7.4577091e+12 | HW36: 3.2184759e+09 | HX36: 3.0701615e+09 | HY36: 1.6065817e+09 | HZ36: 1.5789004e+10 | IA36: 1.7564542e+09 | IB36: 3.4903782e+11 | IC36: 1.2057907e+11 | ID36: 3.6600417e+09 | IF36: 4.6775068e+10 | IG36: 2.1602686e+13 | IH36: 1.2493108e+10 | II36: 5.7746556e+10 | IJ36: 5.1478305e+10 | IK36: 8782585400 | IL36: 3.515811e+10 | IM36: 5.4368084e+10 | IN36: 75907000 | IO36: 4.9746629e+09 | IP36: 9.6045645e+10 | IQ36: 1.3850875e+11 | IR36: 36922456000 | IT36: 9.5019104e+10 | IU36: 7.2495336e+09 | IW36: 2.9462629e+09 | IX36: 2.095706e+13 | IY36: 3.6946004e+09 | IZ36: 7.1565937e+09 | JA36: 2.6362895e+10 | JB36: 4.3508371e+11 | JC36: 1.971526e+09 | JD36: 3.7623967e+11 | JE36: 1.329679e+11 | JF36: 8.8817859e+09 | JG36: 5.678828e+09 | JH36: 6.0644572e+10 | JI36: 4.1092324e+08 | JJ36: 7.6881233e+08 | JK36: 6938000000 | JO36: 2.9847927e+11 | JQ36: 2.9895639e+11 | JR36: 7.894666e+10 | JT36: 4.2879412e+08 | JU36: 1.6452201e+10 | JW36: 2.0995079e+11 | JX36: 1.357207e+09 | JZ36: 4.7391682e+08 | KA36: 1.3695962e+10 | KC36: 1.4632511e+09 | KD36: 8.8333963e+11 | KE36: 9.3123579e+11 | KF36: 1.2334968e+09 | KG36: 1.2888983e+11 | KH36: 1.6466936e+09 | KI36: 3.1792259e+09 | KJ36: 1.4936782e+12 | KL36: 2.8879398e+11 | KM36: 1.3848988e+08 | KN36: 3.7623967e+11 | KO36: 2.9895639e+11 | KP36: 4.6694885e+09 | KQ36: 1.4608947e+10 | KR36: 1.8016974e+11 | KS36: 9630763 | KT36: 4.2577022e+09 | KU36: 3.220439e+09 | KV36: 6.564856e+10 | KW36: 3.1151125e+12 | KX36: 1.5002145e+10 | KY36: 6878718000000 | KZ36: 1.3099014e+10 | LA36: 2.8630781e+08 | LB36: 5.8124194e+10 | LD36: 1996000000 | LE36: 1.3180954e+10 | LF36: 1.8808037e+08 | LG36: 2.5834735e+13 | LH36: 1.331229e+08 | LJ36: 5.3682706e+09 | LK36: 1.3430976e+11 | LL36: 3.2732379e+09 | LM36: 6563813300
A37: Switzerland | B37: GDP (current US$) | C37: 9.5227467e+09 | D37: 1.0712712e+10 | E37: 1.1879983e+10 | F37: 1.3063644e+10 | G37: 1.4480557e+10 | H37: 1.5346742e+10 | I37: 1.6480059e+10 | J37: 1.7740013e+10 | K37: 1.894273e+10 | L37: 2.0524887e+10 | W37: 1.1871031e+11 | X37: 1.0872103e+11 | Y37: 1.1143174e+11 | Z37: 1.1103557e+11 | AA37: 1.0601911e+11 | AB37: 1.0749624e+11 | AC37: 1.5409551e+11 | AD37: 1.9298162e+11 | AE37: 2.0877402e+11 | AF37: 2.0157265e+11 | AG37: 2.5742029e+11 | AH37: 2.604599e+11 | AI37: 2.7113368e+11 | AJ37: 2.6369101e+11 | AK37: 2.919138e+11 | AL37: 3.4175901e+11 | AM37: 3.2961935e+11 | AN37: 2.8660402e+11 | AO37: 2.9497752e+11 | AP37: 2.8988413e+11 | AQ37: 2.7165973e+11 | AR37: 2.7862877e+11 | AS37: 3.0112781e+11 | AT37: 3.5198263e+11 | AU37: 3.9354169e+11 | AV37: 4.0753566e+11 | AW37: 4.2919559e+11 | AX37: 4.774078e+11 | AY37: 5.5154696e+11 | AZ37: 5.3952823e+11 | BA37: 5.8120856e+11 | BB37: 6.9627872e+11 | BC37: 6.6505405e+11 | BD37: 6.8483503e+11 | BE37: 7.0270554e+11 | BF37: 6.7078993e+11 | BG37: 6.5982724e+11 | BI37: 1994 | BJ37: 1.3301676e+09 | BL37: 4.0593522e+09 | BM37: 1.9856738e+09 | BN37: 1.0175491e+09 | BO37: 4.8752691e+11 | BP37: 5.9305094e+10 | BQ37: 257440000000 | BR37: 1.3151587e+09 | BT37: 5.8942959e+08 | BU37: 3.2321688e+11 | BV37: 2.0304493e+11 | BW37: 3.3137397e+09 | BX37: 9.2503059e+08 | BY37: 2.4619517e+11 | BZ37: 1.5980759e+09 | CA37: 1.895291e+09 | CB37: 3.3768662e+10 | CC37: 9.697417e+09 | CD37: 5.5675535e+09 | CE37: 3259000000 | CF37: 1.2558025e+09 | CG37: 1.4932192e+10 | CH37: 580863700 | CI37: 1867160064 | CJ37: 5.9812449e+09 | CK37: 5.58112e+11 | CL37: 2.1512851e+09 | CM37: 4.087338e+09 | CN37: 2.7080157e+08 | CO37: 4.259331e+09 | CP37: 8.5117435e+08 | CQ37: 5.7813928e+11 | CR37: 3.1070256e+11 | CS37: 2.919138e+11 | CU37: 5.7008425e+10 | CV37: 5.6432525e+11 | CW37: 8.3135575e+09 | CX37: 9.2204709e+09 | CY37: 5.8203833e+09 | CZ37: 1.7693654e+09 | DA37: 8.1703501e+10 | DB37: 1.8576182e+08 | DC37: 4.0658065e+08 | DD37: 1.0432619e+10 | DE37: 1.9289595e+10 | DF37: 2.8448327e+10 | DI37: 7.4257039e+09 | DJ37: 4.7364869e+10 | DK37: 2.205966e+12 | DL37: 4.9168922e+08 | DM37: 2.1545926e+08 | DN37: 1.5616231e+11 | DO37: 1.4511135e+10 | DP37: 4.2542571e+10 | DQ37: 1.0647853e+12 | DR37: 2.408912e+12 | DS37: 7.302166e+12 | DT37: 7.2768709e+11 | DU37: 9.4004179e+12 | DV37: 2.2708673e+10 | DW37: 5.1897983e+10 | DX37: 6.5155068e+12 | DY37: 5.3168831e+08 | DZ37: 5.2912158e+11 | EB37: 6.9279506e+09 | EC37: 8.2984336e+12 | EE37: 1.0332157e+11 | EF37: 1.8252852e+09 | EG37: 1.4016363e+12 | EI37: 202500000 | EJ37: 4.1908193e+09 | EK37: 1.1404897e+12 | EL37: 2.5138706e+09 | EM37: 5.4445607e+09 | EO37: 3.3832189e+09 | EP37: 7.4649169e+08 | EQ37: 2.3561999e+08 | ER37: 1.00807e+08 | ES37: 1.166018e+11 | ET37: 3.2511181e+08 | EU37: 1.0058799e+09 | EV37: 1.2983236e+10 | EX37: 5.4087493e+08 | EY37: 2.3254026e+13 | EZ37: 1.3581207e+11 | FA37: 3.4323566e+09 | FB37: 1.10358e+11 | FD37: 2.1675691e+09 | FE37: 4.3039009e+10 | FF37: 4.3439492e+12 | FG37: 4.6309091e+12 | FH37: 2.8580239e+11 | FI37: 1.1790175e+11 | FJ37: 1.7689214e+11 | FK37: 1.6787772e+11 | FM37: 3.229099e+11 | FO37: 5.715415e+10 | FP37: 7.1841461e+10 | FR37: 6.4416213e+09 | FS37: 7.466972e+10 | FT37: 1.0955908e+12 | FU37: 4.9078614e+09 | FV37: 6.2377395e+09 | FW37: 4.9070394e+12 | FX37: 2.1250839e+10 | FY37: 7.1481454e+09 | FZ37: 1.681007e+09 | GA37: 2.7914353e+09 | GB37: 54832578 | GC37: 2.7756726e+08 | GD37: 4.5560296e+11 | GE37: 2.4848484e+10 | GF37: 1.6639027e+12 | GG37: 1.5436063e+09 | GH37: 9.599127e+09 | GI37: 1.322e+08 | GJ37: 2.8607922e+10 | GK37: 6.0000556e+08 | GL37: 1.7971506e+12 | GM37: 1.3405672e+11 | GN37: 7.3004356e+10 | GO37: 1.9481182e+09 | GP37: 1.1717604e+10 | GQ37: 1.0083939e+12 | GR37: 4.4544381e+12 | GS37: 8.7825045e+08 | GT37: 2.4688394e+12 | GV37: 1.8325791e+10 | GX37: 6.2658443e+09 | GZ37: 3.5604137e+10 | HA37: 2.7202977e+09 | HC37: 2.9770407e+09 | HD37: 3.5588438e+08 | HE37: 6.2183542e+11 | HF37: 5.2731875e+11 | HG37: 108071000 | HH37: 4.4023601e+12 | HI37: 3.3812702e+09 | HJ37: 2.0818465e+09 | HK37: 2.9985701e+09 | HM37: 2.9903343e+11 | HO37: 9.2581709e+08 | HQ37: 2.4606703e+09 | HR37: 1.3159326e+09 | HS37: 3.558137e+09 | HT37: 1.1818019e+09 | HU37: 7.4477976e+10 | HV37: 7.8887614e+12 | HW37: 3.636646e+09 | HX37: 3.0387276e+09 | HY37: 1.5632072e+09 | HZ37: 1.8086401e+10 | IA37: 3.8631851e+09 | IB37: 3.7429143e+11 | IC37: 1.2713146e+11 | ID37: 4.0667755e+09 | IF37: 5.5315343e+10 | IG37: 2.3066746e+13 | IH37: 1.2918856e+10 | II37: 6.0482828e+10 | IJ37: 5.1894781e+10 | IK37: 9365289800 | IL37: 4.488208e+10 | IM37: 6.408446e+10 | IN37: 83527000 | IO37: 5.5026485e+09 | IP37: 1.1080339e+11 | IQ37: 1.2687472e+11 | IR37: 39690630000 | IT37: 9.9698453e+10 | IU37: 7.8709822e+09 | IV37: 2843300000 | IW37: 3.3954051e+09 | IX37: 2.2429029e+13 | IY37: 3.5222723e+09 | IZ37: 7.3744508e+09 | JA37: 3.007444e+10 | JB37: 3.950773e+11 | JC37: 7.5363637e+08 | JD37: 4.2664932e+11 | JE37: 1.3517489e+11 | JF37: 1.2794192e+10 | JG37: 3.8771969e+09 | JH37: 7.3777792e+10 | JI37: 4.6475664e+08 | JJ37: 9.1191597e+08 | JK37: 8085600000 | JO37: 2.9118905e+11 | JQ37: 2.9167901e+11 | JR37: 8.3179982e+10 | JT37: 6.0549254e+08 | JU37: 2.0079364e+10 | JW37: 2.2607996e+11 | JX37: 1.4192935e+09 | JZ37: 4.864512e+08 | KA37: 10122020000 | KC37: 1.179838e+09 | KD37: 1.0625844e+12 | KE37: 8.3724355e+11 | KF37: 9.8262432e+08 | KG37: 1.466835e+11 | KH37: 1.3460746e+09 | KI37: 2.5611186e+09 | KJ37: 1.7157516e+12 | KL37: 2.9615979e+11 | KM37: 1.9377594e+08 | KN37: 4.2664932e+11 | KO37: 2.9167901e+11 | KP37: 4.9472059e+09 | KQ37: 1.5632463e+10 | KR37: 1.3069017e+11 | KS37: 10886826 | KT37: 4.510847e+09 | KU37: 3.9904304e+09 | KV37: 5.2549555e+10 | KW37: 3.3941042e+12 | KX37: 1.7474579e+10 | KY37: 7308755000000 | KZ37: 1.2899157e+10 | LA37: 2.8943848e+08 | LB37: 5.6531046e+10 | LE37: 1.6286434e+10 | LF37: 2.1926034e+08 | LG37: 2.7740747e+13 | LH37: 2.2109811e+08 | LJ37: 4.167356e+09 | LK37: 1.3975245e+11 | LL37: 3.6566477e+09 | LM37: 6890675000
A38: Channel Islands | B38: GDP (current US$) | AO38: 5.9456774e+09 | AP38: 6.2627407e+09 | AQ38: 6.4397034e+09 | AR38: 6.2329063e+09 | AS38: 6.6636691e+09 | AT38: 7.3322449e+09 | AU38: 8.5536434e+09 | AV38: 8.8272727e+09 | AW38: 9.676173e+09 | AX38: 1.1514606e+10 | BI38: 1995 | BJ38: 1.3206704e+09 | BL38: 5.0395525e+09 | BM38: 2.424499e+09 | BN38: 1.178739e+09 | BO38: 5.237599e+11 | BP38: 6.5743667e+10 | BQ38: 258031750000 | BR38: 1.4683174e+09 | BT38: 5.7728074e+08 | BU38: 3.6839174e+11 | BV38: 2.4045762e+11 | BW38: 3.0524675e+09 | BX38: 1.0004284e+09 | BY38: 2.895676e+11 | BZ38: 2.1696273e+09 | CA38: 2.3795181e+09 | CB38: 3.7939748e+10 | CC38: 1.3063423e+10 | CD38: 5.8494678e+09 | CE38: 3429000000 | CF38: 1.866573e+09 | CG38: 1.3972631e+10 | CH38: 620140400 | CI38: 2030749952 | CJ38: 6.7152205e+09 | CK38: 7.8564346e+11 | CL38: 2.261997e+09 | CM38: 4.73402e+09 | CN38: 3.0305346e+08 | CO38: 4.7306111e+09 | CP38: 1.1153897e+09 | CQ38: 6.0403162e+11 | CR38: 3.8611478e+11 | CS38: 3.4175901e+11 | CU38: 7.3447063e+10 | CV38: 7.34548e+11 | CW38: 1.1000147e+10 | CX38: 8.7332312e+09 | CY38: 5.6434393e+09 | CZ38: 2.1160039e+09 | DA38: 9.2507279e+10 | DB38: 2.3189623e+08 | DC38: 4.8714899e+08 | DD38: 1.1513473e+10 | DE38: 2.1134882e+10 | DF38: 3.0429804e+10 | DI38: 9.8267788e+09 | DJ38: 5.9537114e+10 | DK38: 2.59162e+12 | DL38: 4.9772396e+08 | DM38: 2.2403704e+08 | DN38: 1.8500696e+11 | DO38: 1.6358496e+10 | DP38: 4.1764052e+10 | DQ38: 1.3142124e+12 | DR38: 2.4689617e+12 | DS38: 8.2972176e+12 | DT38: 7.7693137e+11 | DU38: 1.0827904e+13 | DV38: 2.4432884e+10 | DW38: 6.0159245e+10 | DX38: 7.5201069e+12 | DY38: 578015625 | DZ38: 6.1293969e+11 | EA38: 4.3736651e+09 | EB38: 7.6639846e+09 | EC38: 9.6104973e+12 | EE38: 1.3419935e+11 | EF38: 1.9703477e+09 | EG38: 1.6098922e+12 | EI38: 222103600 | EJ38: 4.9588459e+09 | EK38: 1.3202556e+12 | EL38: 2.6937319e+09 | EM38: 6.4651376e+09 | EO38: 3.6937534e+09 | EP38: 7.8599698e+08 | EQ38: 2.5396692e+08 | ER38: 1.4185337e+08 | ES38: 1.3687837e+11 | ET38: 3.4217252e+08 | EU38: 1.2089462e+09 | EV38: 1.4655487e+10 | EX38: 6.2162679e+08 | EY38: 2.5821732e+13 | EZ38: 1.4465291e+11 | FA38: 3.9110532e+09 | FB38: 1.2615729e+11 | FC38: 2.2387562e+10 | FD38: 2.8133133e+09 | FE38: 4.6288369e+10 | FF38: 4.8772677e+12 | FG38: 5.2097135e+12 | FH38: 3.3156274e+11 | FI38: 1.3968527e+11 | FJ38: 2.0213203e+11 | FK38: 1.916393e+11 | FL38: 9.1472708e+08 | FM38: 3.5547598e+11 | FO38: 6.9208232e+10 | FP38: 9.6419226e+10 | FR38: 7.1817879e+09 | FS38: 9.9968784e+10 | FT38: 1.1707874e+12 | FU38: 5.7792852e+09 | FV38: 6.7274466e+09 | FW38: 5.4491163e+12 | FX38: 2.0374307e+10 | FY38: 9.0463261e+09 | FZ38: 1.6610185e+09 | GA38: 3.4412057e+09 | GB38: 56338028 | GC38: 2.9969967e+08 | GD38: 5.5613093e+11 | GE38: 2.7191689e+10 | GF38: 1.7605389e+12 | GG38: 1.7635363e+09 | GH38: 1.1718796e+10 | GI38: 134800000 | GJ38: 2.5544128e+10 | GK38: 6.4044952e+08 | GL38: 1.9161e+12 | GM38: 1.5270809e+11 | GN38: 8.4186096e+10 | GO38: 2.4284614e+09 | GP38: 1.3029698e+10 | GQ38: 1.1328358e+12 | GR38: 4.9832801e+12 | GS38: 1.0018898e+09 | GT38: 3.0328076e+12 | GU38: 7.8707823e+09 | GV38: 2.158817e+10 | GW38: 5.7883685e+09 | GX38: 6.996034e+09 | GZ38: 3.9030285e+10 | HA38: 3.1302709e+09 | HB38: 1.7529758e+09 | HC38: 3.1599012e+09 | HD38: 3.9898895e+08 | HE38: 7.0839634e+11 | HF38: 3.4379279e+11 | HG38: 120230000 | HH38: 4.9228218e+12 | HI38: 4.4493753e+09 | HJ38: 2.7064253e+09 | HK38: 3.4399319e+09 | HM38: 3.4100509e+11 | HO38: 1.452165e+09 | HQ38: 2.5217388e+09 | HR38: 1.4152967e+09 | HS38: 4.0403459e+09 | HT38: 1.3974541e+09 | HU38: 8.8704944e+10 | HV38: 8.2701224e+12 | HW38: 3.9424782e+09 | HX38: 3.6284403e+09 | HY38: 1.8808034e+09 | HZ38: 2.8546959e+10 | IA38: 4140470000 | IB38: 4.4652896e+11 | IC38: 1.520274e+11 | ID38: 4.4011044e+09 | IF38: 6.3918704e+10 | IG38: 2.5409559e+13 | IH38: 1.3802601e+10 | II38: 6.9298947e+10 | IJ38: 6.0636022e+10 | IK38: 9573813700 | IL38: 5.3312794e+10 | IM38: 7.4119987e+10 | IN38: 95237000 | IO38: 4.6361135e+09 | IP38: 1.4213732e+11 | IQ38: 1.5536108e+11 | IR38: 42647331000 | IT38: 1.1813363e+11 | IU38: 9.0621313e+09 | IV38: 3282800000 | IW38: 3.6682597e+09 | IX38: 2.4852065e+13 | IY38: 3.9823748e+09 | IZ38: 8.137912e+09 | JA38: 3.7662076e+10 | JB38: 3.9553107e+11 | JC38: 1.293535e+09 | JD38: 4.7403441e+11 | JE38: 1.4334304e+11 | JF38: 1.3829745e+10 | JG38: 4.8787191e+09 | JH38: 8.789001e+10 | JI38: 5.193341e+08 | JJ38: 8.7075874e+08 | JK38: 9500500000 | JN38: 16750000000 | JO38: 3.3700432e+11 | JQ38: 3.3751573e+11 | JR38: 9.4034486e+10 | JT38: 6.9397059e+08 | JU38: 2.5733043e+10 | JV38: 2.1273055e+10 | JW38: 2.6405198e+11 | JX38: 1.6989824e+09 | JZ38: 5.0822151e+08 | KA38: 1.1396707e+10 | KC38: 1.44592e+09 | KD38: 1.311488e+12 | KE38: 9.1893061e+11 | KF38: 1.3093829e+09 | KG38: 1.6927855e+11 | KH38: 1.231523e+09 | KI38: 2.4822284e+09 | KJ38: 1.8290601e+12 | KL38: 3.3768485e+11 | KM38: 2.0254701e+08 | KN38: 4.7403441e+11 | KO38: 3.3751573e+11 | KP38: 5.3292142e+09 | KQ38: 1.8030877e+10 | KR38: 1.6948594e+11 | KS38: 11025945 | KT38: 5.2552214e+09 | KU38: 5.7558189e+09 | KV38: 4.8213868e+10 | KW38: 3.7901088e+12 | KX38: 1.9297663e+10 | KY38: 7664060000000 | KZ38: 1.3350469e+10 | LA38: 3.1600848e+08 | LB38: 7.4906532e+10 | LE38: 2.0736164e+10 | LF38: 2.3390211e+08 | LG38: 3.0840585e+13 | LH38: 2.2486573e+08 | LJ38: 4.2587887e+09 | LK38: 1.5546029e+11 | LL38: 3.8070671e+09 | LM38: 7111270700
A39: Chile | B39: GDP (current US$) | C39: 4.11e+09 | D39: 4.6097273e+09 | E39: 5.4162727e+09 | F39: 5668187500 | G39: 5.9823478e+09 | H39: 6026593750 | I39: 7.072641e+09 | J39: 7.0131961e+09 | K39: 7.167087e+09 | L39: 8.377093e+09 | M39: 9.1263097e+09 | N39: 1.0884115e+10 | O39: 1.1853817e+10 | P39: 1.6836261e+10 | Q39: 1.6210404e+10 | R39: 7.6222174e+09 | S39: 1.0341925e+10 | T39: 1.3962893e+10 | U39: 1.5989934e+10 | V39: 2.1803697e+10 | W39: 2.903671e+10 | X39: 3.4509878e+10 | Y39: 2.5325893e+10 | Z39: 2.0355959e+10 | AA39: 1.9622527e+10 | AB39: 1.7702885e+10 | AC39: 1.8891049e+10 | AD39: 2.2255408e+10 | AE39: 2.604023e+10 | AF39: 2.9885685e+10 | AG39: 3.3113888e+10 | AH39: 3.7834794e+10 | AI39: 4.5964328e+10 | AJ39: 4.9297773e+10 | AK39: 5.7008425e+10 | AL39: 7.3447063e+10 | AM39: 7.8039572e+10 | AN39: 8.4952361e+10 | AO39: 8.157743e+10 | AP39: 7.5173794e+10 | AQ39: 7.7860932e+10 | AR39: 7.0979924e+10 | AS39: 6.9736811e+10 | AT39: 7.564346e+10 | AU39: 9.9210393e+10 | AV39: 1.2296481e+11 | AW39: 1.5478802e+11 | AX39: 1.7360597e+11 | AY39: 1.796385e+11 | AZ39: 1.723895e+11 | BA39: 2.1853755e+11 | BB39: 2.5225199e+11 | BC39: 2.6712232e+11 | BD39: 2.7838433e+11 | BE39: 2.609903e+11 | BF39: 2.4251791e+11 | BG39: 2.4702791e+11 | BI39: 1996 | BJ39: 1.3798883e+09 | BL39: 7.5264466e+09 | BM39: 3.3148983e+09 | BN39: 1.2239454e+09 | BO39: 5.782313e+11 | BP39: 7.3571234e+10 | BQ39: 272149750000 | BR39: 1.5969689e+09 | BT39: 6.3373063e+08 | BU39: 4.0181942e+11 | BV39: 2.367205e+11 | BW39: 3.1767496e+09 | BX39: 8.6903386e+08 | BY39: 2.8135765e+11 | BZ39: 2.3611166e+09 | CA39: 2.5865507e+09 | CB39: 4.6438482e+10 | CC39: 1.0109404e+10 | CD39: 6.1018614e+09 | CE39: 3609000000 | CF39: 2.7860453e+09 | CG39: 1.4756862e+10 | CH39: 6.413838e+08 | CI39: 2695390000 | CJ39: 7.3969667e+09 | CK39: 8.5042583e+11 | CL39: 2.4118465e+09 | CM39: 5.1156028e+09 | CN39: 3.1642086e+08 | CO39: 4.8477528e+09 | CP39: 1.0077912e+09 | CQ39: 6.2854639e+11 | CR39: 4.1262965e+11 | CS39: 3.2961935e+11 | CU39: 7.8039572e+10 | CV39: 8.6374636e+11 | CW39: 1.2139235e+10 | CX39: 9.7323281e+09 | CY39: 5.7714549e+09 | CZ39: 2.5406975e+09 | DA39: 9.7160109e+10 | DB39: 2.3049575e+08 | DC39: 5.0197907e+08 | DD39: 1.1618287e+10 | DE39: 2.3041766e+10 | DF39: 25017300000 | DH39: 1.0124441e+09 | DI39: 9.8996236e+09 | DJ39: 6.6775047e+10 | DK39: 2.5036652e+12 | DL39: 4.9400465e+08 | DM39: 2.3644444e+08 | DN39: 1.876324e+11 | DO39: 1.8131813e+10 | DP39: 4.6941497e+10 | DQ39: 1.5095121e+12 | DR39: 2.6944533e+12 | DS39: 7.9938547e+12 | DT39: 7.8785167e+11 | DU39: 1.1055077e+13 | DV39: 2.5226393e+10 | DW39: 6.7629717e+10 | DX39: 7.6117265e+12 | DY39: 6.9353595e+08 | DZ39: 6.4099829e+11 | EA39: 4.7461098e+09 | EB39: 8.5479397e+09 | EC39: 9.824669e+12 | EE39: 1.320994e+11 | EF39: 2.1292667e+09 | EG39: 1.6142454e+12 | EI39: 218845700 | EJ39: 5.6940403e+09 | EK39: 1.3929797e+12 | EL39: 3.0949155e+09 | EM39: 6.9349847e+09 | EO39: 3.8690323e+09 | EP39: 8.4823711e+08 | EQ39: 2.7041978e+08 | ER39: 2.3246304e+08 | ES39: 1.4586161e+11 | ET39: 3.6691144e+08 | EU39: 1.1975098e+09 | EV39: 1.5674853e+10 | EX39: 7.05406e+08 | EY39: 2.6052438e+13 | EZ39: 1.5971723e+11 | FA39: 4.0340372e+09 | FB39: 1.3212311e+11 | FC39: 2.3678013e+10 | FD39: 2.9075175e+09 | FE39: 4.653817e+10 | FF39: 5.322355e+12 | FG39: 5.6889588e+12 | FH39: 3.6580485e+11 | FI39: 1.5575208e+11 | FJ39: 2.2736968e+11 | FK39: 2.0964812e+11 | FL39: 1.0230869e+09 | FM39: 3.8765602e+11 | FO39: 7.5864982e+10 | FP39: 1.2040393e+11 | FR39: 7.5019501e+09 | FS39: 1.097741e+11 | FT39: 1.3089293e+12 | FU39: 6.5044458e+09 | FV39: 6.9283592e+09 | FW39: 4.8337125e+12 | FX39: 2.1035358e+10 | FY39: 1.2045858e+10 | FZ39: 1.8275706e+09 | GA39: 3.5066957e+09 | GB39: 66515377 | GC39: 3.1874296e+08 | GD39: 5.9809907e+11 | GE39: 3.1493988e+10 | GF39: 1.8952549e+12 | GG39: 1.8736716e+09 | GH39: 1.3690217e+10 | GI39: 159400000 | GJ39: 2.7884615e+10 | GK39: 6.6219619e+08 | GL39: 2.0607393e+12 | GM39: 1.6868566e+11 | GN39: 9.3849664e+10 | GO39: 2.5040333e+09 | GP39: 1.3897738e+10 | GQ39: 1.2440596e+12 | GR39: 5.4320965e+12 | GS39: 9.4612328e+08 | GT39: 3.3256725e+12 | GU39: 8.385109e+09 | GV39: 2.177661e+10 | GW39: 5.9700447e+09 | GX39: 7.1225397e+09 | GZ39: 4.3161453e+10 | HA39: 3.1378488e+09 | HB39: 1.6951305e+09 | HC39: 3.9950286e+09 | HD39: 4.5038233e+08 | HE39: 8.0223208e+11 | HF39: 3.9740414e+11 | HG39: 110858000 | HH39: 5.3636585e+12 | HI39: 4.42216e+09 | HJ39: 2.7804222e+09 | HK39: 3.5702716e+09 | HM39: 3.9541946e+11 | HO39: 1.3457195e+09 | HQ39: 3.5238423e+09 | HR39: 1.4425984e+09 | HS39: 4.4219439e+09 | HT39: 2.2810391e+09 | HU39: 1.00855e+11 | HV39: 8.7314428e+12 | HW39: 3.9453408e+09 | HX39: 3.6069684e+09 | HY39: 1.9877709e+09 | HZ39: 34987951375 | IA39: 4.3083519e+09 | IB39: 4.4570458e+11 | IC39: 1.6351778e+11 | ID39: 4.5215804e+09 | IF39: 7.0140835e+10 | IG39: 2.5631695e+13 | IH39: 1.5277763e+10 | II39: 7.3172702e+10 | IJ39: 6.3320123e+10 | IK39: 9870494000 | IL39: 5.5252414e+10 | IM39: 8.2848141e+10 | IN39: 108203000 | IO39: 5.1554854e+09 | IP39: 1.5994288e+11 | IQ39: 1.7322411e+11 | IR39: 45340835000 | IT39: 1.2262981e+11 | IU39: 9.7883917e+09 | IV39: 3409600000 | IW39: 3.9390963e+09 | IX39: 2.4982304e+13 | IY39: 3.9546969e+09 | IZ39: 9.0593404e+09 | JA39: 3.7182939e+10 | JB39: 3.9171999e+11 | JC39: 1.3823349e+09 | JD39: 5.1862456e+11 | JE39: 1.586624e+11 | JF39: 9.018243e+09 | JG39: 5.0658304e+09 | JH39: 9.6403759e+10 | JI39: 5.6516375e+08 | JJ39: 9.4174215e+08 | JK39: 10315500000 | JN39: 2.0948678e+10 | JO39: 3.4859275e+11 | JQ39: 3.4909875e+11 | JR39: 1.0009668e+11 | JT39: 8.6063092e+08 | JU39: 2.7821914e+10 | JV39: 2.1480023e+10 | JW39: 2.8810394e+11 | JX39: 1.6027601e+09 | JZ39: 5.0306847e+08 | KA39: 1.3789561e+10 | KC39: 1.6073455e+09 | KD39: 1.5063817e+12 | KE39: 9.4770491e+11 | KF39: 1.4654483e+09 | KG39: 1.8303515e+11 | KH39: 1.0438931e+09 | KI39: 2.3792818e+09 | KJ39: 1.9755046e+12 | KL39: 3.9199429e+11 | KM39: 2.1958357e+08 | KN39: 5.1862456e+11 | KO39: 3.4909875e+11 | KP39: 5.7595377e+09 | KQ39: 1.9587323e+10 | KR39: 1.8147556e+11 | KS39: 12334846 | KT39: 6.4961955e+09 | KU39: 6.0445853e+09 | KV39: 4.4558078e+10 | KW39: 4.1197606e+12 | KX39: 2.0515466e+10 | KY39: 8100201000000 | KZ39: 1.3948892e+10 | LA39: 3.314897e+08 | LB39: 6.8263823e+10 | LE39: 2.465747e+10 | LF39: 2.4517763e+08 | LG39: 3.1518975e+13 | LH39: 2.4990897e+08 | LJ39: 5.7856853e+09 | LK39: 1.4760798e+11 | LL39: 3.597221e+09 | LM39: 8553146600
A40: China | B40: GDP (current US$) | C40: 5.9716468e+10 | D40: 5.0056869e+10 | E40: 4.7209359e+10 | F40: 5.07068e+10 | G40: 5.9708343e+10 | H40: 7.0436266e+10 | I40: 7.6720286e+10 | J40: 7.2881631e+10 | K40: 7.0846535e+10 | L40: 7.9705906e+10 | M40: 9.2602973e+10 | N40: 9.9800959e+10 | O40: 1.1368759e+11 | P40: 1.3854428e+11 | Q40: 1.4418213e+11 | R40: 1.6343155e+11 | S40: 1.5394046e+11 | T40: 1.749381e+11 | U40: 1.4954065e+11 | V40: 1.7828261e+11 | W40: 191150000000 | X40: 1.9586508e+11 | Y40: 2.050916e+11 | Z40: 2.3068582e+11 | AA40: 2.5994643e+11 | AB40: 3.0948639e+11 | AC40: 3.0075942e+11 | AD40: 2.7297309e+11 | AE40: 3.1235391e+11 | AF40: 3.4776721e+11 | AG40: 3.6085851e+11 | AH40: 3.8337282e+11 | AI40: 4.2691523e+11 | AJ40: 4.447309e+11 | AK40: 5.6432525e+11 | AL40: 7.34548e+11 | AM40: 8.6374636e+11 | AN40: 9.6160342e+11 | AO40: 1.029043e+12 | AP40: 1.0939976e+12 | AQ40: 1.2113464e+12 | AR40: 1.3393954e+12 | AS40: 1.4705497e+12 | AT40: 1.6602875e+12 | AU40: 1.9553475e+12 | AV40: 2.2859659e+12 | AW40: 2.7521321e+12 | AX40: 3.5521827e+12 | AY40: 4.5982054e+12 | AZ40: 5.109954e+12 | BA40: 6.1006204e+12 | BB40: 7.5725544e+12 | BC40: 8.5605469e+12 | BD40: 9.6072242e+12 | BE40: 1.0482371e+13 | BF40: 1.1064665e+13 | BG40: 1.1199145e+13 | BI40: 1997 | BJ40: 1.5318436e+09 | BL40: 7.6483774e+09 | BM40: 2.3599031e+09 | BN40: 1.1805973e+09 | BO40: 6.1327945e+11 | BP40: 7.8839008e+10 | BQ40: 292859000000 | BR40: 1.6394924e+09 | BT40: 6.8061711e+08 | BU40: 4.3609798e+11 | BV40: 2.1232346e+11 | BW40: 3.9627102e+09 | BX40: 9.7289627e+08 | BY40: 2.5481394e+11 | BZ40: 2.2683015e+09 | CA40: 2.4476694e+09 | CB40: 4.8244308e+10 | CC40: 1.1195631e+10 | CD40: 6.3492024e+09 | CE40: 4961119000 | CF40: 3.6718165e+09 | CG40: 1.4128412e+10 | CH40: 654314350 | CI40: 2932827000 | CJ40: 7.9256734e+09 | CK40: 8.8319944e+11 | CL40: 2.5492606e+09 | CM40: 5.197333e+09 | CN40: 3.659645e+08 | CO40: 5.0202147e+09 | CP40: 9.3774147e+08 | CQ40: 6.5282536e+11 | CR40: 4.0889519e+11 | CS40: 2.8660402e+11 | CU40: 8.4952361e+10 | CV40: 9.6160342e+11 | CW40: 1.1722143e+10 | CX40: 9.8405532e+09 | CY40: 6.0908405e+09 | CZ40: 2.3227191e+09 | DA40: 1.0665951e+11 | DB40: 2.1209963e+08 | DC40: 4.9060866e+08 | DD40: 1.2552071e+10 | DE40: 2.5732062e+10 | DF40: 25366200000 | DI40: 9.5942987e+09 | DJ40: 6.1621365e+10 | DK40: 2.2186894e+12 | DL40: 5.0267554e+08 | DM40: 2.4578148e+08 | DN40: 1.7353759e+11 | DO40: 1.959387e+10 | DP40: 4.8177863e+10 | DQ40: 1.5635484e+12 | DR40: 2.878904e+12 | DS40: 7.6490084e+12 | DT40: 8.2013178e+11 | DU40: 1.048977e+13 | DV40: 2.8162053e+10 | DW40: 7.8436578e+10 | DX40: 6.9594847e+12 | DY40: 6.8649009e+08 | DZ40: 5.8869205e+11 | EA40: 5.0662404e+09 | EB40: 8.5892114e+09 | EC40: 9.2733644e+12 | EE40: 1.2683312e+11 | EF40: 2.0939946e+09 | EG40: 1.4607091e+12 | EI40: 206900300 | EJ40: 5.3268169e+09 | EK40: 1.5370907e+12 | EL40: 3.5105408e+09 | EM40: 6.8913086e+09 | EO40: 3.7837886e+09 | EP40: 8.0363074e+08 | EQ40: 2.6855101e+08 | ER40: 4.4233785e+08 | ES40: 1.431576e+11 | ET40: 3.9219059e+08 | EU40: 1.0721478e+09 | EV40: 1.7790096e+10 | EX40: 7.4913801e+08 | EY40: 2.5624852e+13 | EZ40: 1.7735279e+11 | FA40: 4.6631939e+09 | FB40: 1.386438e+11 | FC40: 2.3822087e+10 | FD40: 3.3389492e+09 | FE40: 4.7178242e+10 | FF40: 5.6333088e+12 | FG40: 6.0122853e+12 | FH40: 3.7774099e+11 | FI40: 1.5734085e+11 | FJ40: 2.15749e+11 | FK40: 2.2028437e+11 | FL40: 1.1809197e+09 | FM40: 4.103203e+11 | FO40: 8.2816774e+10 | FP40: 1.1391916e+11 | FR40: 7.596126e+09 | FS40: 1.1454398e+11 | FT40: 1.2390509e+12 | FU40: 7.4503248e+09 | FV40: 7.2461886e+09 | FW40: 4.4147328e+12 | FX40: 2.2165932e+10 | FY40: 1.3115774e+10 | FZ40: 1.767864e+09 | GA40: 3.4434134e+09 | GB40: 67537480 | GC40: 3.5723768e+08 | GD40: 5.5750307e+11 | GE40: 3.0354435e+10 | GF40: 2.074269e+12 | GG40: 1.7470119e+09 | GH40: 1.5751867e+10 | GI40: 295900000 | GJ40: 3.0698633e+10 | GK40: 6.7694959e+08 | GL40: 2.2553779e+12 | GM40: 1.7853405e+11 | GN40: 9.7016682e+10 | GO40: 2.2984104e+09 | GP40: 1.5091914e+10 | GQ40: 1.28516e+12 | GR40: 5.746598e+12 | GS40: 9.9799603e+08 | GT40: 3.4802715e+12 | GU40: 1.0120274e+10 | GV40: 1.9731912e+10 | GW40: 6.5256763e+09 | GX40: 7.2112648e+09 | GZ40: 3.9147845e+10 | HA40: 2.8401822e+09 | HB40: 1.9300714e+09 | HC40: 3.5457767e+09 | HD40: 5.082236e+08 | HE40: 8.3258363e+11 | HF40: 4.8055464e+11 | HG40: 106289100 | HH40: 5.6749265e+12 | HI40: 3.7353121e+09 | HJ40: 2.6971057e+09 | HK40: 3.705372e+09 | HM40: 4.0614201e+11 | HO40: 1.1809342e+09 | HQ40: 4.2272731e+09 | HR40: 1.4019469e+09 | HS40: 4.1873676e+09 | HT40: 2.663239e+09 | HU40: 1.0000532e+11 | HV40: 9.2642732e+12 | HW40: 4.1026487e+09 | HX40: 3.2914898e+09 | HY40: 1.8455996e+09 | HZ40: 3.5822343e+10 | IA40: 4.3899656e+09 | IB40: 4.1219901e+11 | IC40: 1.6135437e+11 | ID40: 4.9186919e+09 | IF40: 6.6074513e+10 | IG40: 2.5240277e+13 | IH40: 1.5837451e+10 | II40: 7.6266859e+10 | IJ40: 6.24333e+10 | IK40: 10677286100 | IL40: 5.8147523e+10 | IM40: 8.2344261e+10 | IN40: 113213000 | IO40: 4.9366051e+09 | IP40: 1.591178e+11 | IQ40: 1.8076505e+11 | IR40: 48187039000 | IT40: 1.170462e+11 | IU40: 9.9652255e+09 | IV40: 3.7598e+09 | IW40: 3.9353018e+09 | IX40: 2.4511727e+13 | IY40: 3.5670625e+09 | IZ40: 1.1297802e+10 | JA40: 3.5838588e+10 | JB40: 4.0492653e+11 | JC40: 1.8515583e+09 | JD40: 5.4400556e+11 | JE40: 1.6596356e+11 | JF40: 1.1681495e+10 | JG40: 4.6725039e+09 | JH40: 1.00164e+11 | JI40: 5.679195e+08 | JJ40: 8.5021803e+08 | JK40: 11134700000 | JN40: 2.4147997e+10 | JO40: 3.6053257e+11 | JQ40: 3.6109925e+11 | JR40: 1.0590429e+11 | JT40: 9.296075e+08 | JU40: 2.766015e+10 | JV40: 2.0749141e+10 | JW40: 2.6447773e+11 | JX40: 1.7166999e+09 | JZ40: 5.6295884e+08 | KA40: 1.4505234e+10 | KC40: 1.5446895e+09 | KD40: 1.5603071e+12 | KE40: 9.7913276e+11 | KF40: 1.4989509e+09 | KG40: 1.5018027e+11 | KH40: 9.2184314e+08 | KI40: 2.450085e+09 | KJ40: 2.1646005e+12 | KL40: 4.0234814e+11 | KM40: 2.1215512e+08 | KN40: 5.4400556e+11 | KO40: 3.6109925e+11 | KP40: 5.7377513e+09 | KQ40: 2.074636e+10 | KR40: 1.8983465e+11 | KS40: 12700905 | KT40: 7.6838525e+09 | KU40: 6.2693333e+09 | KV40: 5.01504e+10 | KW40: 4.3898488e+12 | KX40: 2.3969747e+10 | KY40: 8608515000000 | KZ40: 1.4744604e+10 | LA40: 347770000 | LB40: 8.5843535e+10 | LE40: 2.6843701e+10 | LF40: 2.5589022e+08 | LG40: 3.1403319e+13 | LH40: 2.8547559e+08 | LJ40: 6.839039e+09 | LK40: 1.5258615e+11 | LL40: 4.3032819e+09 | LM40: 8529571600
